Workbook
Name Bars: OFFSET([1]Pareto!$F$7,0,0,COUNT([1]Pareto!$F:$F))
Name Bars: OFFSET(Entwicklungsmassnahmen!#REF!,0,0,COUNT(Entwicklungsmassnahmen!$G:$G))
Name Bars: OFFSET([2]Pareto!$F$7,0,0,COUNT([2]Pareto!$F:$F))
Name Bars: OFFSET([1]Pareto!$F$7,0,0,COUNT([1]Pareto!$F:$F))
Name Bars: OFFSET([3]Pareto!$F$7,0,0,COUNT([3]Pareto!$F:$F))
Name Bars: OFFSET(Reklamationen!$C$29,0,0,COUNT(Reklamationen!$F:$F))
Name Bars: OFFSET([3]Pareto!$F$7,0,0,COUNT([3]Pareto!$F:$F))
Name Bars: OFFSET(Pareto!$F$7,0,0,COUNT(Pareto!$F:$F))
Name Datum: '[4] '!$Z$4
Name Datum: ' '!$Z$4
Name graph_forces: Selbst!$A$114
Name Graph_Kompetenzen: Kernkompetenzen!$A$52
Name Graph_Kunden: Markt!$A$50
Name Graph_Kunden: KostenNutzen!$A$64
Name graph_pestel: Trends!$A$124
Name Graph_Risk: Risikomgmt!$A$55
Name graph_stakeholder: Eisenhower!$A$50
Name graph_stakeholder: Erneuerung!$A$50
Name Note_Arbeit: BGespräch!$O$5
Name Note_Arbeit: Vorselektion!$N$5
Name paretoXaxis: OFFSET([1]Pareto!$E$7,0,0,COUNT([1]Pareto!$F:$F))
Name paretoXaxis: OFFSET(Entwicklungsmassnahmen!#REF!,0,0,COUNT(Entwicklungsmassnahmen!$G:$G))
Name paretoXaxis: OFFSET([2]Pareto!$E$7,0,0,COUNT([2]Pareto!$F:$F))
Name paretoXaxis: OFFSET([1]Pareto!$E$7,0,0,COUNT([1]Pareto!$F:$F))
Name paretoXaxis: OFFSET([3]Pareto!$E$7,0,0,COUNT([3]Pareto!$F:$F))
Name paretoXaxis: OFFSET(Reklamationen!$B$29,0,0,COUNT(Reklamationen!$F:$F))
Name paretoXaxis: OFFSET([3]Pareto!$E$7,0,0,COUNT([3]Pareto!$F:$F))
Name paretoXaxis: OFFSET(Pareto!$E$7,0,0,COUNT(Pareto!$F:$F))
Name Percentage: OFFSET([1]Pareto!$H$7,0,0,COUNT([1]Pareto!$F:$F))
Name Percentage: OFFSET(Entwicklungsmassnahmen!#REF!,0,0,COUNT(Entwicklungsmassnahmen!$G:$G))
Name Percentage: OFFSET([2]Pareto!$H$7,0,0,COUNT([2]Pareto!$F:$F))
Name Percentage: OFFSET([1]Pareto!$H$7,0,0,COUNT([1]Pareto!$F:$F))
Name Percentage: OFFSET([3]Pareto!$H$7,0,0,COUNT([3]Pareto!$F:$F))
Name Percentage: OFFSET(Reklamationen!$E$29,0,0,COUNT(Reklamationen!$F:$F))
Name Percentage: OFFSET([3]Pareto!$H$7,0,0,COUNT([3]Pareto!$F:$F))
Name Percentage: OFFSET(Pareto!$H$7,0,0,COUNT(Pareto!$F:$F))
Name rechts_massnahmen: Cockpit!$N$2
Name Sprachen: ' '!$C$3:$G$3
Name Strategie_1: Cockpit!$C$7
Name Strategie_1: Massnahmen!$C$7
Name Strategie_10: Cockpit!$C$79
Name Strategie_10: Massnahmen!$C$79
Name Strategie_2: Cockpit!$C$15
Name Strategie_2: Massnahmen!$C$15
Name Strategie_3: Cockpit!$C$23
Name Strategie_3: Massnahmen!$C$23
Name Strategie_4: Cockpit!$C$31
Name Strategie_4: Massnahmen!$C$31
Name Strategie_5: Cockpit!$C$39
Name Strategie_5: Massnahmen!$C$39
Name Strategie_6: Cockpit!$C$47
Name Strategie_6: Massnahmen!$C$47
Name Strategie_7: Cockpit!$C$55
Name Strategie_7: Massnahmen!$C$55
Name Strategie_8: Cockpit!$C$63
Name Strategie_8: Massnahmen!$C$63
Name Strategie_9: Cockpit!$C$71
Name Strategie_9: Massnahmen!$C$71
Name top: Trends!$A$2
Name top_forces: FragenFeedback!$A$8

Sheet  
A1: =OFFSET($C1,0,$Z$5-1) -> Français | C1: Deutsch | D1: Français | E1: English | F1: Italiano
A2: Aktuelle Sprache | C2: Sprache 1 | D2: Sprache 2 | E2: Sprache 3 | F2: Sprache 4 | G2: Sprache 5
A3: Aktuell angezeigte Sprache | C3: Deutsch | D3: Français | E3: English | F3: Italiano | G3: 5_???
B4: 2 | Z4: 55153
A5: =OFFSET($C5,0,$Z$5-1) -> G E S T I O N D E S R E S S O U R C E S H U M A I N E S | B5: =' '!A957 -> Supérieur(e) hiérarchique | C5: H U M A N R E S O U R C E S M A N A G E M E N T | D5: G E S T I O N D E S R E S S O U R C E S H U M A I N E S | E5: H U M A N R E S O U R C E S M A N A G E M E N T | G5: contact info@2imanagement.ch | Z5: =IF(AND(MenuHRM!C28="© iManagement • s.imboden • www.2iManagement.ch", TODAY()<=$Z$4), $B$4,5) -> 2
A6: =OFFSET($C6,0,$Z$5-1) -> Marketing | C6: Marketing | D6: Marketing | E6: Marketing | G6: contact info@2imanagement.ch
A7: =OFFSET($C7,0,$Z$5-1) -> recruter | C7: rekrutieren | D7: recruter | E7: Recruitment | G7: contact info@2imanagement.ch | Z7: Deutsch
A8: =OFFSET($C8,0,$Z$5-1) -> mobiliser | C8: mobilisieren | D8: mobiliser | G8: contact info@2imanagement.ch | Z8: Français
A9: =OFFSET($C9,0,$Z$5-1) -> développer | C9: entwickeln | D9: développer | G9: contact info@2imanagement.ch | Z9: English
A10: =OFFSET($C10,0,$Z$5-1) -> évaluer | C10: beurteilen | D10: évaluer | G10: contact info@2imanagement.ch | Z10: Italiano
A11: =OFFSET($C11,0,$Z$5-1) -> prendre congé | C11: verabschieden | D11: prendre congé | G11: contact info@2imanagement.ch
A12: =OFFSET($C12,0,$Z$5-1) -> Admin | C12: Admin | D12: Admin | E12: Admin | F12: Admin | G12: contact info@2imanagement.ch
A13: =OFFSET($C13,0,$Z$5-1) -> Conduite du personnel | C13: Personalführung | D13: Conduite du personnel | G13: contact info@2imanagement.ch
A14: =OFFSET($C14,0,$Z$5-1) -> Leadership | C14: Leadership | D14: Leadership | G14: contact info@2imanagement.ch
A15: =OFFSET($C15,0,$Z$5-1) -> Structure | C15: Struktur | D15: Structure | G15: contact info@2imanagement.ch
A16: =OFFSET($C16,0,$Z$5-1) -> Systèmes | C16: Systeme | D16: Systèmes | G16: contact info@2imanagement.ch
A17: =OFFSET($C17,0,$Z$5-1) -> Processus | C17: Prozesse | D17: Processus | G17: contact info@2imanagement.ch
A18: =OFFSET($C18,0,$Z$5-1) -> Personnel | C18: Personal | D18: Personnel | G18: contact info@2imanagement.ch
A19: =OFFSET($C19,0,$Z$5-1) -> Compé-tences | C19: Kompe-tenzen | D19: Compé-tences | G19: contact info@2imanagement.ch
A20: =OFFSET($C20,0,$Z$5-1) -> Communi-cation | C20: Kommuni-kation | D20: Communi-cation | G20: contact info@2imanagement.ch
A21: =OFFSET($C21,0,$Z$5-1) -> Déblocage (Unfreezing) | C21: Auftauen (Unfreezing) | D21: Déblocage (Unfreezing) | G21: contact info@2imanagement.ch
A22: =OFFSET($C22,0,$Z$5-1) -> Changer (Moving) | C22: Verändern (Moving) | D22: Changer (Moving) | G22: contact info@2imanagement.ch
A23: =OFFSET($C23,0,$Z$5-1) -> Stabiliser (Refreezing) | C23: Stabilisieren (Refreezing) | D23: Stabiliser (Refreezing) | G23: contact info@2imanagement.ch
A24: =OFFSET($C24,0,$Z$5-1) -> Votre logo: | C24: Ihr Logo: | D24: Votre logo: | E24: Your logo: | F24: Vostro logo:
A25: =OFFSET($C25,0,$Z$5-1) -> R E C R U T E M E N T D U P E R S O N N E L | C25: P E R S O N A L B E S C H A F F U N G | D25: R E C R U T E M E N T D U P E R S O N N E L | E25: R E C R U I T M E N T | G25: contact info@2imanagement.ch
A26: =OFFSET($C26,0,$Z$5-1) -> La bonne personne au bon moment au bon endroit | C26: Die richtige Person zur richtigen Zeit an der richtigen Stelle | D26: La bonne personne au bon moment au bon endroit | G26: contact info@2imanagement.ch
A27: =OFFSET($C27,0,$Z$5-1) -> Planification des besoins | C27: Bedarfsplanung | D27: Planification des besoins | G27: contact info@2imanagement.ch
A28: =OFFSET($C28,0,$Z$5-1) -> Profil requis | C28: Anforderungsprofil | D28: Profil requis | G28: contact info@2imanagement.ch
A29: =OFFSET($C29,0,$Z$5-1) -> Description de poste | C29: Stellenbeschreibung | D29: Description de poste | G29: contact info@2imanagement.ch
A30: =OFFSET($C30,0,$Z$5-1) -> Avis de recrutement | C30: Stellenausschreibung | D30: Avis de recrutement | G30: contact info@2imanagement.ch
A31: =OFFSET($C31,0,$Z$5-1) -> Présélection | C31: Vorselektion | D31: Présélection | G31: contact info@2imanagement.ch
A32: =OFFSET($C32,0,$Z$5-1) -> Sélection | C32: Selektion | D32: Sélection | G32: contact info@2imanagement.ch
A33: =OFFSET($C33,0,$Z$5-1) -> Période d'essai | C33: Einarbeitung/Probezeit | D33: Période d'essai | G33: contact info@2imanagement.ch
A34: =OFFSET($C34,0,$Z$5-1) -> M O B I L I S E R L E P E R S O N N E L | C34: P E R S O N A L E I N S A T Z | D34: M O B I L I S E R L E P E R S O N N E L | G34: contact info@2imanagement.ch
A35: =OFFSET($C35,0,$Z$5-1) -> Bilan personnel | C35: Standortbestimmung | D35: Bilan personnel | G35: contact info@2imanagement.ch
A36: =OFFSET($C36,0,$Z$5-1) -> Règles relatives au retour d'information (feed-back) | C36: Feedbackregeln | D36: Règles relatives au retour d'information (feed-back) | G36: contact info@2imanagement.ch
A37: =OFFSET($C37,0,$Z$5-1) -> Mener des entretiens | C37: Gespräche führen | D37: Mener des entretiens | G37: contact info@2imanagement.ch
... A43: =OFFSET($C43,0,$Z$5-1) -> D É V E L O P P E M E N T D U P E R S O N N E L | C43: P E R S O N A L E N T W I C K L U N G | D43: D É V E L O P P E M E N T D U P E R S O N N E L | G43: contact info@2imanagement.ch
A44: =OFFSET($C44,0,$Z$5-1) -> Able to go, but happy to stay | C44: Able to go, but happy to stay | D44: Able to go, but happy to stay | E44: Able to go, but happy to stay | G44: contact info@2imanagement.ch
A45: =OFFSET($C45,0,$Z$5-1) -> Aperçu | C45: Uebersicht | D45: Aperçu | G45: contact info@2imanagement.ch
A46: =OFFSET($C46,0,$Z$5-1) -> Forces-faiblesses | C46: Stärken-Schwächen | D46: Forces-faiblesses | G46: contact info@2imanagement.ch
A47: =OFFSET($C47,0,$Z$5-1) -> Mesures | C47: Massnahmen | D47: Mesures | G47: contact info@2imanagement.ch
A48: =OFFSET($C48,0,$Z$5-1) -> Dévelop. de l'équipe | C48: Teamentwicklung | D48: Dévelop. de l'équipe | G48: contact info@2imanagement.ch
A49: =OFFSET($C49,0,$Z$5-1) -> Communication | C49: Kommunikation | D49: Communication | G49: contact info@2imanagement.ch
A50: =OFFSET($C50,0,$Z$5-1) -> Conflits | C50: Konflikte | D50: Conflits | G50: contact info@2imanagement.ch
A51: =OFFSET($C51,0,$Z$5-1) -> Gestion du changement | C51: Change Management | D51: Gestion du changement | G51: contact info@2imanagement.ch
A52: =OFFSET($C52,0,$Z$5-1) -> Compétences de base | C52: Kernkompetenzen | D52: Compétences de base | G52: contact info@2imanagement.ch
A53: =OFFSET($C53,0,$Z$5-1) -> É V A L U A T I O N D U P E R S O N N E L | C53: P E R S O N A L B E U R T E I L U N G | D53: É V A L U A T I O N D U P E R S O N N E L | G53: contact info@2imanagement.ch
A54: =OFFSET($C54,0,$Z$5-1) -> Compétences-clés | C54: Schlüsselkompetenzen | D54: Compétences-clés | G54: contact info@2imanagement.ch
A55: =OFFSET($C55,0,$Z$5-1) -> Entretien d'évaluation | C55: Mitarbeitergespräche | D55: Entretien d'évaluation | G55: contact info@2imanagement.ch
A56: =OFFSET($C56,0,$Z$5-1) -> Checkliste entretien | C56: Checkliste MAG | D56: Checkliste entretien | G56: contact info@2imanagement.ch
A57: =OFFSET($C57,0,$Z$5-1) -> Satisfaction des coll. | C57: Mitarbeiterzufriedenheit | D57: Satisfaction des coll.
A58: =OFFSET($C58,0,$Z$5-1) -> P R E N D R E C O N G É D U P E R S O N N E L | C58: P E R S O N A L F R E I S T E L L U N G | D58: P R E N D R E C O N G É D U P E R S O N N E L | G58: contact info@2imanagement.ch
A59: =OFFSET($C59,0,$Z$5-1) -> La dernière impression compte | C59: Der letzte Eindruck zählt | D59: La dernière impression compte | G59: contact info@2imanagement.ch
A60: =OFFSET($C60,0,$Z$5-1) -> Entretiens difficiles | C60: Schwierige Gespräche | D60: Entretiens difficiles | G60: contact info@2imanagement.ch
A61: =OFFSET($C61,0,$Z$5-1) -> Planifier un débriefing | C61: Debriefing planen | D61: Planifier un débriefing | G61: contact info@2imanagement.ch
A62: =OFFSET($C62,0,$Z$5-1) -> Débriefing | C62: Debriefing | D62: Débriefing | G62: contact info@2imanagement.ch
A63: =OFFSET($C63,0,$Z$5-1) -> M A R K E T I N G R H | C63: P E R S O N A L M A R K E T I N G | D63: M A R K E T I N G R H | G63: contact info@2imanagement.ch
A64: =OFFSET($C64,0,$Z$5-1) -> Marchés des RH | C64: Personalmärkte | D64: Marchés des RH | G64: contact info@2imanagement.ch
A65: =OFFSET($C65,0,$Z$5-1) -> Marketing interne | C65: Internes Marketing | D65: Marketing interne | G65: contact info@2imanagement.ch
A66: =OFFSET($C66,0,$Z$5-1) -> Marketing externe | C66: Externes Marketing | D66: Marketing externe | G66: contact info@2imanagement.ch
A67: =OFFSET($C67,0,$Z$5-1) -> Communication | C67: Kommunikation | D67: Communication | G67: contact info@2imanagement.ch
A68: =OFFSET($C68,0,$Z$5-1) -> Marketing Management | C68: Marketing Management | D68: Marketing Management | G68: contact info@2imanagement.ch
A69: =OFFSET($C69,0,$Z$5-1) -> Benchmarking | C69: Benchmarking | D69: Benchmarking | G69: contact info@2imanagement.ch
... A75: =OFFSET($C75,0,$Z$5-1) -> Réclamations | C75: Reklamationen | D75: Réclamations | G75: contact info@2imanagement.ch
A76: =OFFSET($C76,0,$Z$5-1) -> Conduite intégrale | C76: Ganzheitliche Führung | D76: Conduite intégrale | E76: Effective Leadership | G76: contact info@2imanagement.ch
A77: =OFFSET($C77,0,$Z$5-1) -> Perception des collaborateurs | C77: Was die Mitarbeitenden direkt wahrnehmen | D77: Perception des collaborateurs | G77: contact info@2imanagement.ch
A78: =OFFSET($C78,0,$Z$5-1) -> Gestion des salaires, contrats etc. | C78: Lohnverwaltung, Verträge etc. | D78: Gestion des salaires, contrats etc. | G78: contact info@2imanagement.ch
A79: =OFFSET($C79,0,$Z$5-1) -> V O L O N T É D E R E N O U V E L E R | C79: B E R E I T S C H A F T Z U R E R N E U E R U N G | D79: V O L O N T É D E R E N O U V E L E R | G79: contact info@2imanagement.ch
A80: =OFFSET($C80,0,$Z$5-1) -> Personne ou groupe | C80: Person oder Gruppe | D80: Personne ou groupe | G80: contact info@2imanagement.ch
A81: =OFFSET($C81,0,$Z$5-1) -> Volonté de renouveler | C81: Bereitschaft zur Erneuerung | D81: Volonté de renouveler | G81: contact info@2imanagement.ch
A82: =OFFSET($C82,0,$Z$5-1) -> Satisfaction | C82: Zufriedenheit | D82: Satisfaction | G82: contact info@2imanagement.ch
A83: =OFFSET($C83,0,$Z$5-1) -> Motivation | C83: Motivation | D83: Motivation | G83: contact info@2imanagement.ch
A84: =OFFSET($C84,0,$Z$5-1) -> Nombre | C84: Anzahl | D84: Nombre | G84: contact info@2imanagement.ch
A85: =OFFSET($C85,0,$Z$5-1) -> Remarques | C85: Bemerkungen | D85: Remarques | E85: Comments | F85: Osservazioni | G85: contact info@2imanagement.ch
A86: =OFFSET($C86,0,$Z$5-1) -> Statut | C86: Status | D86: Statut | E86: Status | F86: Statuto | G86: contact info@2imanagement.ch
A87: =OFFSET($C87,0,$Z$5-1) -> élevée | C87: hoch | D87: élevée | E87: High | F87: elevata | G87: contact info@2imanagement.ch
A88: =OFFSET($C88,0,$Z$5-1) -> faible | C88: gering | D88: faible | E88: Low | F88: bassa | G88: contact info@2imanagement.ch
A89: =OFFSET($C89,0,$Z$5-1) -> Renouvellement | C89: Erneuerung | D89: Renouvellement | G89: contact info@2imanagement.ch
A90: =OFFSET($C90,0,$Z$5-1) -> Confusion | C90: Verwirrung | D90: Confusion | G90: contact info@2imanagement.ch
A91: =OFFSET($C91,0,$Z$5-1) -> Dénégation | C91: Verleugnung | D91: Dénégation | G91: contact info@2imanagement.ch
A92: =OFFSET($C92,0,$Z$5-1) -> Satisfaction | C92: Zufriedenheit | D92: Satisfaction | G92: contact info@2imanagement.ch
A93: =OFFSET($C93,0,$Z$5-1) -> T E N D A N C E S D E D É V E L O P P E M E N T | C93: E N T W I C K L U N G S T R E N D S | D93: T E N D A N C E S D E D É V E L O P P E M E N T | G93: contact info@2imanagement.ch
A94: =OFFSET($C94,0,$Z$5-1) -> Tendances politiques | C94: Politische Trends | D94: Tendances politiques | G94: contact info@2imanagement.ch
A95: =OFFSET($C95,0,$Z$5-1) -> No. | C95: Nr. | D95: No. | G95: contact info@2imanagement.ch
A96: =OFFSET($C96,0,$Z$5-1) -> Facteurs d'influence | C96: Einflussfaktoren | D96: Facteurs d'influence | G96: contact info@2imanagement.ch
A97: =OFFSET($C97,0,$Z$5-1) -> Impact | C97: Auswirkungen | D97: Impact | G97: contact info@2imanagement.ch
A98: =OFFSET($C98,0,$Z$5-1) -> Intensité de l'impact | C98: Stärke der Auswirkungen | D98: Intensité de l'impact | G98: contact info@2imanagement.ch
A99: =OFFSET($C99,0,$Z$5-1) -> Ten- dance | C99: Trend | D99: Ten- dance | G99: contact info@2imanagement.ch
A100: =OFFSET($C100,0,$Z$5-1) -> Remarques | C100: Bemerkungen | D100: Remarques | G100: contact info@2imanagement.ch
... A106: =OFFSET($C106,0,$Z$5-1) -> Tendances légales | C106: Rechtliche Trends | D106: Tendances légales | G106: contact info@2imanagement.ch
A107: =OFFSET($C107,0,$Z$5-1) -> Client | C107: Kunde | D107: Client | E107: Customer | G107: contact info@2imanagement.ch
A108: =OFFSET($C108,0,$Z$5-1) -> Nbr. >= 3 | C108: Anz. >= 3 | D108: Nbr. >= 3 | E108: Nbr. >= 3 | F108: Num. >= 3 | G108: contact info@2imanagement.ch
A109: =OFFSET($C109,0,$Z$5-1) -> G E S T I O N D U R I S Q U E | C109: R I S I K O M A N A G E M E N T | D109: G E S T I O N D U R I S Q U E | E109: R I S K M A N A G E M E N T | F109: G E S T I O N E D E L R I S C H I O | G109: contact info@2imanagement.ch
A110: =OFFSET($C110,0,$Z$5-1) -> Probabilité d'occurrence | C110: Eintretenswahrscheinlichkeit | D110: Probabilité d'occurrence | E110: Probability of occurrence | F110: Probabilità di accadimento | G110: contact info@2imanagement.ch
A111: =OFFSET($C111,0,$Z$5-1) -> élevée | C111: hoch | D111: élevée | E111: High | F111: elevata | G111: contact info@2imanagement.ch
A112: =OFFSET($C112,0,$Z$5-1) -> moyenne | C112: mittel | D112: moyenne | E112: Medium | F112: media | G112: contact info@2imanagement.ch
A113: =OFFSET($C113,0,$Z$5-1) -> faible | C113: gering | D113: faible | E113: Low | F113: bassa | G113: contact info@2imanagement.ch
A114: =OFFSET($C114,0,$Z$5-1) -> Étendue des dégâts | C114: Schadensausmass | D114: Étendue des dégâts | E114: Extent of damage | F114: Entità dei danni | G114: contact info@2imanagement.ch
A115: =OFFSET($C115,0,$Z$5-1) -> Aucune action nécessaire | C115: Kein Handlungsbedarf | D115: Aucune action nécessaire | E115: No need for action | F115: Nessun intervento necessario | G115: contact info@2imanagement.ch
...

Sheet MenuHRM
C1: =' '!A5 -> G E S T I O N D E S R E S S O U R C E S H U M A I N E S
C28: © iManagement • s.imboden • www.2iManagement.ch | N28: V1.1.0

Sheet Zielvereinbarung
B1: =' '!A946 -> E N T R E T I E N D ' É V A L U A T I O N
B3: =' '!A956 -> Collaborateur(trice)
B4: =' '!A957 -> Supérieur(e) hiérarchique
B5: =' '!A962 -> Département / Section
B6: =' '!A958 -> Période d'évaluation
B7: =' '!A959 -> Date de vérification de conformité aux objectifs
B8: =' '!A960 -> Date de l'entretien final
B10: =' '!A963 -> Objectifs stratégique de la direction :
B11: 1
B12: 2
B13: 3
B15: =' '!A971 -> N° | C15: =' '!A972 -> Objectifs de performance (SMART) | D15: =' '!A974 -> Indicateurs | E15: =' '!A966 -> non atteint | F15: =' '!A967 -> partiellement atteint | G15: =' '!A968 -> entièrement atteint | H15: =' '!A969 -> nettement dépassé
B17: 1
C18: =' '!A947 -> Remarques:
B20: 2
C21: =$C$18 -> Remarques:
B23: 3
C24: =$C$18 -> Remarques:
B27: =' '!A978 -> Mesures de développement (compétences d'action, compétences professionnelles)
B35: =B15 -> N° | C35: =' '!A973 -> Objectifs de développement personnel | D35: =D15 -> Indicateurs | E35: =E15 -> non atteint | F35: =F15 -> partiellement atteint | G35: =G15 -> entièrement atteint | H35: =H15 -> nettement dépassé
B37: 4
C38: =$C$18 -> Remarques:
B40: 5
C41: =$C$18 -> Remarques:
B43: 6
C44: =$C$18 -> Remarques:
B47: =' '!A979 -> Mesures de développement (compétences personnelles, compétences sociales)
C56: =' '!A983 -> Je suis d'accord avec cette évaluation | D56: =' '!A984 -> Je ne suis pas d'accord avec cette évaluation
B59: =' '!A982 -> Remarques et suggestions
B67: =' '!A998 -> Date
B68: =' '!A999 -> Signature du collaborateur / de la collaboratrice
B69: =' '!A1000 -> Signature du / de la supérieur(e) hiérarchique
B71: © iManagement • s.imboden • www.2iManagement.ch

Sheet Marketing
B1: =' '!A63 -> M A R K E T I N G R H
B24: © iManagement • s.imboden • www.2iManagement.ch

Sheet Markt
B1: =' '!A1538 -> M A R C H É D U P E R S O N N E L
B5: =' '!A1545 -> No. | C5: =' '!A1539 -> Marché | D5: =' '!A1543 -> Caractéristiques | E5: =' '!A1540 -> Potentiel | F5: =' '!A1541 -> Croissance attendue | G5: Markt-volumen
B6: M1 | C6: Markt 1 | E6: 10 | F6: 6 | G6: 2 | H6: =IF(G6=3,3, IF(G6=2,2,1)) -> 2
B7: M2 | C7: Markt 2 | E7: 9 | F7: 10 | G7: 3 | H7: =IF(G7=3,3, IF(G7=2,2,1)) -> 3
B8: M3 | C8: Markt 3 | E8: 8 | F8: 1 | G8: 2 | H8: =IF(G8=3,3, IF(G8=2,2,1)) -> 2
B9: M4 | C9: Markt 4 | E9: 7 | F9: 3 | G9: 1 | H9: =IF(G9=3,3, IF(G9=2,2,1)) -> 1
B10: M5 | C10: Markt 5 | E10: 6 | F10: 2 | G10: 1 | H10: =IF(G10=3,3, IF(G10=2,2,1)) -> 1
B11: M6 | C11: Markt 6 | E11: 5 | F11: 4 | H11: =IF(G11=3,3, IF(G11=2,2,1)) -> 1
B12: © iManagement • s.imboden • www.2iManagement.ch
B49: © iManagement • s.imboden • www.2iManagement.ch

Sheet MarketingIntern
B1: =' '!A1506 -> Check-list Marketing RH interne
B3: =' '!A1507 -> Objectif : accroître l'attractivité en interne | D3: =IF(E3=8,1,3) -> 1 | E3: =SUM(D4:D11) -> 8
A4: 1 | B4: =' '!A1508 -> Charte de l'entreprise (vision, identité) | D4: 1
A5: 2 | B5: =' '!A1509 -> Possibilités de perfectionnements et de formations continues (pools de développement) → Développement du personnel | D5: 1
A6: 3 | B6: =' '!A1510 -> Développement de carrière et gestion des compétences | D6: 1
A7: 4 | B7: =' '!A1511 -> Systèmes et modèles de rémunération | D7: 1
A8: 5 | B8: =' '!A1512 -> Incitations à la performance (bonus, intéressement) | D8: 1
A9: 6 | B9: =' '!A1513 -> Prestations sociales de l'entreprise (prévoyance vieillesse) | D9: 1
A10: 7 | B10: =' '!A1514 -> Facteurs d'attractivité (marque employeur) | D10: 1
A11: 8 | B11: =' '!A1515 -> Rotation / Jobenrichment (enrichissement des tâches) / Jobenlargement (élargissement des tâches) | D11: 1
B12: © iManagement • s.imboden • www.2iManagement.ch

Sheet MarketingExtern
B1: =' '!A1516 -> Check-list Marketing du personnel externe
B3: =' '!A1517 -> Objectif : accroître l'attractivité à l'extérieur | D3: =IF(E3=12,1,3) -> 1 | E3: =SUM(D4:D15) -> 12
A4: 1 | B4: =' '!A1518 -> Attribution de stages, mémoires de fin d'études, et travaux de bachelor | D4: 1
A5: 2 | B5: =' '!A1519 -> Notoriété / image / facteurs d'attractivité en tant qu'employeur (marque employeur) | D5: 1
A6: 3 | B6: =' '!A1520 -> Proposer une formation intéressante / des études / un programme de stages | D6: 1
A7: 4 | B7: =' '!A1521 -> Présence dans les salons professionnels | D7: 1
A8: 5 | B8: =' '!A1522 -> Recrutement Hautes Écoles/Universités | D8: 1
A9: 6 | B9: =' '!A1523 -> Articles / annonces dans les magazines spécialisés et les quotidiens, ou en ligne | D9: 1
A10: 7 | B10: =' '!A1524 -> Offres d'emploi | D10: 1
A11: 8 | B11: =' '!A1525 -> Rémunération conforme aux usages du marché + X (incitations, bonus, prestations supplémentaires) | D11: 1
A12: 9 | B12: =' '!A1526 -> Gestion des candidatures | D12: 1
A13: 10 | B13: =' '!A1527 -> Jeux de simulation en ligne | D13: 1
A14: 11 | B14: =' '!A1528 -> Journées d'information et candidatures (en interne) | D14: 1
A15: 12 | B15: =' '!A1529 -> Labels de qualité tels que Investors in People | D15: 1
B16: © iManagement • s.imboden • www.2iManagement.ch

Sheet Kommunikation
B1: =' '!A1711 -> C O M M U N I C A T I O N
A4: x!A192
B7: =' '!A1712 -> Interne
B8: =' '!A1719 -> No. | C8: =' '!A1720 -> Désignation | D8: =' '!A1722 -> Qui ? | E8: =' '!A1723 -> Quand ? | F8: =' '!A1724 -> Priorité | G8: =' '!A1725 -> Remarques | H8: =' '!A1726 -> Statut
B9: 1 | F9: 4 | H9: 2 | I9: =IF(F9=0,0.1,F9) -> 4
B10: 2 | F10: 2 | I10: =IF(F10=0,0.1,F10) -> 2
B11: 3 | F11: 2 | I11: =IF(F11=0,0.1,F11) -> 2
B12: 4 | I12: =IF(F12=0,0.1,F12) -> 0.1
B13: 5 | I13: =IF(F13=0,0.1,F13) -> 0.1
B14: 6 | I14: =IF(F14=0,0.1,F14) -> 0.1
B15: 7 | I15: =IF(F15=0,0.1,F15) -> 0.1
B16: 8 | I16: =IF(F16=0,0.1,F16) -> 0.1
B17: 9 | I17: =IF(F17=0,0.1,F17) -> 0.1
B18: 10 | I18: =IF(F18=0,0.1,F18) -> 0.1
B20: =' '!A1713 -> Externe
B21: =$B$8 -> No. | C21: =$C$8 -> Désignation | D21: =$D$8 -> Qui ? | E21: =$E$8 -> Quand ? | F21: =$F$8 -> Priorité | G21: =G8 -> Remarques | H21: =$H$8 -> Statut
B22: 1 | F22: 3 | H22: 2 | I22: =IF(F22=0,0.1,F22) -> 3
B23: 2 | F23: 2 | I23: =IF(F23=0,0.1,F23) -> 2
B24: 3 | F24: 4 | I24: =IF(F24=0,0.1,F24) -> 4
B25: 4 | F25: 3 | I25: =IF(F25=0,0.1,F25) -> 3
B26: 5 | F26: 2 | I26: =IF(F26=0,0.1,F26) -> 2
B27: 6 | F27: 3 | I27: =IF(F27=0,0.1,F27) -> 3
B28: 7 | F28: 3 | I28: =IF(F28=0,0.1,F28) -> 3
B29: 8 | F29: 3 | I29: =IF(F29=0,0.1,F29) -> 3
B30: 9 | F30: 2 | I30: =IF(F30=0,0.1,F30) -> 2
B31: 10 | F31: 2 | I31: =IF(F31=0,0.1,F31) -> 2
B33: =' '!A1714 -> Internet
B34: =$B$8 -> No. | C34: =$C$8 -> Désignation | D34: =$D$8 -> Qui ? | E34: =$E$8 -> Quand ? | F34: =$F$8 -> Priorité | G34: =G21 -> Remarques | H34: =$H$8 -> Statut
B35: 1 | F35: 3 | H35: 2 | I35: =IF(F35=0,0.1,F35) -> 3
B36: 2 | F36: 1 | I36: =IF(F36=0,0.1,F36) -> 1
B37: 3 | F37: 3 | I37: =IF(F37=0,0.1,F37) -> 3
B38: 4 | I38: =IF(F38=0,0.1,F38) -> 0.1
B39: 5 | I39: =IF(F39=0,0.1,F39) -> 0.1
B40: 6 | I40: =IF(F40=0,0.1,F40) -> 0.1
B41: 7 | I41: =IF(F41=0,0.1,F41) -> 0.1
B42: 8 | I42: =IF(F42=0,0.1,F42) -> 0.1
B43: 9 | I43: =IF(F43=0,0.1,F43) -> 0.1
B44: 10 | I44: =IF(F44=0,0.1,F44) -> 0.1
B46: =' '!A1715 -> Social Medias
B47: =$B$8 -> No. | C47: =$C$8 -> Désignation | D47: =$D$8 -> Qui ? | E47: =$E$8 -> Quand ? | F47: =$F$8 -> Priorité | G47: =G34 -> Remarques | H47: =$H$8 -> Statut
B48: 1 | F48: 3 | H48: 2 | I48: =IF(F48=0,0.1,F48) -> 3
B49: 2 | F49: 1 | I49: =IF(F49=0,0.1,F49) -> 1
B50: 3 | I50: =IF(F50=0,0.1,F50) -> 0.1
B51: 4 | I51: =IF(F51=0,0.1,F51) -> 0.1
B52: 5 | I52: =IF(F52=0,0.1,F52) -> 0.1
B53: 6 | I53: =IF(F53=0,0.1,F53) -> 0.1
B54: 7 | I54: =IF(F54=0,0.1,F54) -> 0.1
B55: 8 | I55: =IF(F55=0,0.1,F55) -> 0.1
B56: 9 | I56: =IF(F56=0,0.1,F56) -> 0.1
B57: 10 | I57: =IF(F57=0,0.1,F57) -> 0.1
B59: =' '!A1716 -> Relations publiques
B60: =$B$8 -> No. | C60: =$C$8 -> Désignation | D60: =$D$8 -> Qui ? | E60: =$E$8 -> Quand ? | F60: =$F$8 -> Priorité | G60: =G47 -> Remarques | H60: =$H$8 -> Statut
B61: 1 | F61: 4 | H61: 2 | I61: =IF(F61=0,0.1,F61) -> 4
B62: 2 | F62: 1 | I62: =IF(F62=0,0.1,F62) -> 1
B63: 3 | I63: =IF(F63=0,0.1,F63) -> 0.1
B64: 4 | I64: =IF(F64=0,0.1,F64) -> 0.1
B65: 5 | I65: =IF(F65=0,0.1,F65) -> 0.1
B66: 6 | I66: =IF(F66=0,0.1,F66) -> 0.1
B67: 7 | I67: =IF(F67=0,0.1,F67) -> 0.1
B68: 8 | I68: =IF(F68=0,0.1,F68) -> 0.1
B69: 9 | I69: =IF(F69=0,0.1,F69) -> 0.1
B70: 10 | I70: =IF(F70=0,0.1,F70) -> 0.1
B72: =' '!A1717 -> Divers
B73: =$B$8 -> No. | C73: =$C$8 -> Désignation | D73: =$D$8 -> Qui ? | E73: =$E$8 -> Quand ? | F73: =$F$8 -> Priorité | G73: =G60 -> Remarques | H73: =$H$8 -> Statut
B74: 1 | F74: 3 | H74: 2 | I74: =IF(F74=0,0.1,F74) -> 3
B75: 2 | F75: 3 | I75: =IF(F75=0,0.1,F75) -> 3
B76: 3 | I76: =IF(F76=0,0.1,F76) -> 0.1
B77: 4 | I77: =IF(F77=0,0.1,F77) -> 0.1
B78: 5 | I78: =IF(F78=0,0.1,F78) -> 0.1
B79: 6 | I79: =IF(F79=0,0.1,F79) -> 0.1
B80: 7 | I80: =IF(F80=0,0.1,F80) -> 0.1
B81: 8 | I81: =IF(F81=0,0.1,F81) -> 0.1
B82: 9 | I82: =IF(F82=0,0.1,F82) -> 0.1
B83: 10 | I83: =IF(F83=0,0.1,F83) -> 0.1
B84: © iManagement • s.imboden • www.2iManagement.ch

Sheet Benchmark
B1: =' '!A127 -> B E N C H M A R K I N G
B3: =' '!A128 -> Statut | C3: =' '!A129 -> No. | D3: =' '!A130 -> Objets de comparaison | E3: =' '!A132 -> Nous | F3: =' '!A133 -> Concurrence | I3: =' '!A131 -> Remarques
E4: l | F4: u
A5: =E5-F5 -> -3 | B5: =IF(A5>=2,1, IF(A5=0,2, IF(OR(A5=1,A5=-1, AND(E5=0,F5=0)),2,3))) -> 3 | C5: 1 | D5: Comparaison 1 | E5: -3 | F5: 0
A6: =E6-F6 -> -2 | B6: =IF(A6>=2,1, IF(A6=0,2, IF(OR(A6=1,A6=-1, AND(E6=0,F6=0)),2,3))) -> 3 | C6: 2 | D6: Comparaison 2 | E6: 1 | F6: 3
A7: =E7-F7 -> -1 | B7: =IF(A7>=2,1, IF(A7=0,2, IF(OR(A7=1,A7=-1, AND(E7=0,F7=0)),2,3))) -> 2 | C7: 3 | E7: 1 | F7: 2
A8: =E8-F8 -> 0 | B8: =IF(A8>=2,1, IF(A8=0,2, IF(OR(A8=1,A8=-1, AND(E8=0,F8=0)),2,3))) -> 2 | C8: 4 | E8: -1 | F8: -1
A9: =E9-F9 -> -4 | B9: =IF(A9>=2,1, IF(A9=0,2, IF(OR(A9=1,A9=-1, AND(E9=0,F9=0)),2,3))) -> 3 | C9: 5 | E9: -3 | F9: 1
A10: =E10-F10 -> 0 | B10: =IF(A10>=2,1, IF(A10=0,2, IF(OR(A10=1,A10=-1, AND(E10=0,F10=0)),2,3))) -> 2 | C10: 6 | E10: 1 | F10: 1
A11: =E11-F11 -> -4 | B11: =IF(A11>=2,1, IF(A11=0,2, IF(OR(A11=1,A11=-1, AND(E11=0,F11=0)),2,3))) -> 3 | C11: 7 | E11: -3 | F11: 1
A12: =E12-F12 -> 2 | B12: =IF(A12>=2,1, IF(A12=0,2, IF(OR(A12=1,A12=-1, AND(E12=0,F12=0)),2,3))) -> 1 | C12: 8 | E12: 3 | F12: 1
A13: =E13-F13 -> 0 | B13: =IF(A13>=2,1, IF(A13=0,2, IF(OR(A13=1,A13=-1, AND(E13=0,F13=0)),2,3))) -> 2 | C13: 9 | E13: 1 | F13: 1
A14: =E14-F14 -> -2 | B14: =IF(A14>=2,1, IF(A14=0,2, IF(OR(A14=1,A14=-1, AND(E14=0,F14=0)),2,3))) -> 3 | C14: 10 | E14: -1 | F14: 1
A15: =E15-F15 -> 1 | B15: =IF(A15>=2,1, IF(A15=0,2, IF(OR(A15=1,A15=-1, AND(E15=0,F15=0)),2,3))) -> 2 | C15: 11 | E15: 2 | F15: 1
A16: =E16-F16 -> -2 | B16: =IF(A16>=2,1, IF(A16=0,2, IF(OR(A16=1,A16=-1, AND(E16=0,F16=0)),2,3))) -> 3 | C16: 12 | E16: -1 | F16: 1
A17: =E17-F17 -> -1 | B17: =IF(A17>=2,1, IF(A17=0,2, IF(OR(A17=1,A17=-1, AND(E17=0,F17=0)),2,3))) -> 2 | C17: 13 | E17: 0 | F17: 1
A18: =E18-F18 -> -3 | B18: =IF(A18>=2,1, IF(A18=0,2, IF(OR(A18=1,A18=-1, AND(E18=0,F18=0)),2,3))) -> 3 | C18: 14 | E18: -2 | F18: 1
... A34: =E34-F34 -> 0 | B34: =IF(A34>=2,1, IF(A34=0,2, IF(OR(A34=1,A34=-1, AND(E34=0,F34=0)),2,3))) -> 2 | C34: 30 | E34: 0 | F34: 0
C35: © iManagement • s.imboden • www.2iManagement.ch

Sheet Trends
B1: =' '!A93 -> T E N D A N C E S D E D É V E L O P P E M E N T
C5: =' '!A94 -> Tendances politiques | D5: =IF(E27<>0,E27,0.1) -> 3
C6: =' '!A102 -> Tendances économiques | D6: =IF(E41<>0,E41,0.1) -> 0.1
C7: =' '!A103 -> Tendances sociologiques | D7: =IF(E55<>0,E55,0.1) -> 1
C8: =' '!A104 -> Tendances technologiques | D8: =IF(E69<>0,E69,0.1) -> 3
C9: =' '!A105 -> Tendances écologiques | D9: =IF(E83<>0,E83,0.1) -> 0.1
C10: =' '!A106 -> Tendances légales | D10: =E97 -> 0
C15: =' '!A94 -> Tendances politiques
B16: =' '!A95 -> No. | C16: =' '!A96 -> Facteurs d'influence | D16: =' '!A97 -> Impact | E16: =' '!A98 -> Intensité de l'impact | F16: =' '!A99 -> Ten- dance | G16: =' '!A100 -> Remarques | H16: =' '!A101 -> Statut | I16: =COUNTIF(H16:H26,1) -> 1
B17: 1 | E17: 4 | F17: 2 | H17: 1 | I17: =COUNTIF(H17:H26,2) -> 0
B18: =$B17+1 -> 2 | E18: 3 | I18: =COUNTIF(H18:H27,3) -> 0
B19: =$B18+1 -> 3 | E19: 3
B20: =$B19+1 -> 4
B21: =$B20+1 -> 5
B22: =$B21+1 -> 6
B23: =$B22+1 -> 7
B24: =$B23+1 -> 8
B25: =$B24+1 -> 9
B26: =$B25+1 -> 10
D27: =' '!A108 -> Nbr. >= 3 | E27: =COUNTIFS(E17:E26,"<=4",E17:E26,">=3") -> 3
C29: =' '!A102 -> Tendances économiques
B30: =B16 -> No. | C30: =C16 -> Facteurs d'influence | D30: =D16 -> Impact | E30: =E16 -> Intensité de l'impact | F30: =F16 -> Ten- dance | G30: =G16 -> Remarques | H30: =H16 -> Statut | I30: =COUNTIF(H30:H40,1) -> 0
B31: 1 | E31: 2 | F31: 1 | H31: 3 | I31: =COUNTIF(H30:H40,2) -> 1
B32: =$B31+1 -> 2 | H32: 2 | I32: =COUNTIF(H30:H41,3) -> 1
B33: =$B32+1 -> 3
B34: =$B33+1 -> 4
B35: =$B34+1 -> 5
B36: =$B35+1 -> 6
B37: =$B36+1 -> 7
B38: =$B37+1 -> 8
B39: =$B38+1 -> 9
B40: =$B39+1 -> 10
D41: =$D$27 -> Nbr. >= 3 | E41: =COUNTIFS(E31:E40,"<=4",E31:E40,">=3") -> 0
C43: =' '!A103 -> Tendances sociologiques
B44: =B16 -> No. | C44: =C16 -> Facteurs d'influence | D44: =D16 -> Impact | E44: =E16 -> Intensité de l'impact | F44: =F16 -> Ten- dance | G44: =G16 -> Remarques | H44: =H16 -> Statut | I44: =COUNTIF(H44:H54,1) -> 1
B45: 1 | E45: 3 | F45: 1 | H45: 1 | I45: =COUNTIF(H44:H54,2) -> 0
B46: =$B45+1 -> 2 | I46: =COUNTIF(H44:H55,3) -> 0
B47: =$B46+1 -> 3
B48: =$B47+1 -> 4
B49: =$B48+1 -> 5
B50: =$B49+1 -> 6
B51: =$B50+1 -> 7
B52: =$B51+1 -> 8
B53: =$B52+1 -> 9
B54: =$B53+1 -> 10
D55: =$D$27 -> Nbr. >= 3 | E55: =COUNTIFS(E45:E54,"<=4",E45:E54,">=3") -> 1
C57: =' '!A104 -> Tendances technologiques
B58: =B16 -> No. | C58: =C16 -> Facteurs d'influence | D58: =D16 -> Impact | E58: =E16 -> Intensité de l'impact | F58: =F16 -> Ten- dance | G58: =G16 -> Remarques | H58: =H16 -> Statut | I58: =COUNTIF(H58:H68,1) -> 1
B59: 1 | E59: 4 | F59: 1 | H59: 1 | I59: =COUNTIF(H58:H68,2) -> 0
B60: =$B59+1 -> 2 | E60: 3 | I60: =COUNTIF(H58:H69,3) -> 0
B61: =$B60+1 -> 3 | E61: 3
B62: =$B61+1 -> 4
B63: =$B62+1 -> 5
B64: =$B63+1 -> 6
B65: =$B64+1 -> 7
B66: =$B65+1 -> 8
B67: =$B66+1 -> 9
B68: =$B67+1 -> 10
D69: =$D$27 -> Nbr. >= 3 | E69: =COUNTIFS(E59:E68,"<=4",E59:E68,">=3") -> 3
C71: =' '!A105 -> Tendances écologiques
B72: =B16 -> No. | C72: =C16 -> Facteurs d'influence | D72: =D16 -> Impact | E72: =E16 -> Intensité de l'impact | F72: =F16 -> Ten- dance | G72: =G16 -> Remarques | H72: =H16 -> Statut | I72: =COUNTIF(H72:H82,1) -> 2
B73: 1 | E73: 1 | F73: 1 | H73: 1 | I73: =COUNTIF(H72:H82,2) -> 0
B74: =$B73+1 -> 2 | H74: 1 | I74: =COUNTIF(H72:H83,3) -> 0
B75: =$B74+1 -> 3
B76: =$B75+1 -> 4
B77: =$B76+1 -> 5
B78: =$B77+1 -> 6
B79: =$B78+1 -> 7
B80: =$B79+1 -> 8
B81: =$B80+1 -> 9
B82: =$B81+1 -> 10
D83: =$D$27 -> Nbr. >= 3 | E83: =COUNTIFS(E73:E82,"<=4",E73:E82,">=3") -> 0
C85: =' '!A106 -> Tendances légales
B86: =B16 -> No. | C86: =C16 -> Facteurs d'influence | D86: =D16 -> Impact | E86: =E16 -> Intensité de l'impact | F86: =F16 -> Ten- dance | G86: =G16 -> Remarques | H86: =H16 -> Statut | I86: =COUNTIF(H86:H96,1) -> 0
B87: 1 | E87: 0 | F87: 1 | H87: 9 | I87: =COUNTIF(H86:H96,2) -> 0
B88: =$B87+1 -> 2 | E88: 1 | I88: =COUNTIF(H86:H98,3) -> 0
B89: =$B88+1 -> 3
B90: =$B89+1 -> 4
B91: =$B90+1 -> 5
B92: =$B91+1 -> 6
B93: =$B92+1 -> 7
B94: =$B93+1 -> 8
B95: =$B94+1 -> 9
B96: =$B95+1 -> 10
B97: © iManagement • www.2iManagement.ch | D97: =$D$27 -> Nbr. >= 3 | E97: =COUNTIFS(E87:E96,"<=4",E87:E96,">=3") -> 0

Sheet Gewinnung
B1: =' '!A25 -> R E C R U T E M E N T D U P E R S O N N E L
B24: © iManagement • s.imboden • www.2iManagement.ch

Sheet UebersichtAnforderung
B1: =' '!A719 -> A P E R Ç U P R O F I L S R E Q U I S
B4: =' '!A676 -> N° | C4: =' '!A720 -> Poste | D4: =' '!A721 -> Descriptif succinct | E4: =' '!A86 -> Statut
B5: 1 | C5: Institutleitung HES-SO | D5: =' '!A722 -> Exemple | E5: 3
B6: 2 | E6: 1
B7: 3
B8: 4
B9: 5
B10: 6
B11: 7
B12: 8
B13: 9
B14: 10
B15: 11
B16: 12
B17: 13
B18: 14
... B34: 30
B35: © iManagement • s.imboden • www.2iManagement.ch

Sheet Anforderungsprofil
B1: =' '!A675 -> P R O F I L R E Q U I S | E1: =' '!A681 -> Poste : | F1: Beispiel Institutsleitung HES-SO
F2: a lkajfad
F3: =MenuHRM!$M$1 -> 0
A4: x!A192
B7: =' '!A682 -> Compétences professionnelles
B8: =' '!A676 -> N° | C8: =' '!A677 -> Secteur | D8: =' '!A678 -> Exigences | E8: =' '!A679 -> Impératif (3) Souhaité (2) Optionnel (1) | F8: =' '!A680 -> Motivations, explications | G8: =' '!A1726 -> Statut
B9: 1 | C9: Formation professionnelle initiale | D9: EFZ mit Berufsmatura | E9: 3 | G9: 1 | H9: =IF(E9=0,0.1,E9) -> 3
B10: 2 | C10: Uni/EPF/HES | D10: Master of science | E10: 3 | F10: Ist nötig zum Unterrichten | G10: 1 | H10: =IF(E10=0,0.1,E10) -> 3
B11: 3 | C11: =' '!A685 -> Perfectionnement | D11: Führung, Projektmanagement, Qualitätsmanagement, Changemanagement | E11: 2 | G11: 1 | H11: =IF(E11=0,0.1,E11) -> 2
B12: 4 | C12: =' '!A686 -> Expérience professionnelle | D12: Mindestens 10 Jahre | E12: 3 | G12: 1 | H12: =IF(E12=0,0.1,E12) -> 3
B13: 5 | C13: =' '!A687 -> Expérience du leadership | D13: Mindestens 5 Jahre | E13: 3 | G13: 1 | H13: =IF(E13=0,0.1,E13) -> 3
B14: 6 | C14: =' '!A688 -> Langues | D14: D / F sehr gute Kenntnisse (Schrift & Sprache) | E14: 3 | F14: Wichtig in einem zweisprachigen Kanton | G14: 1 | H14: =IF(E14=0,0.1,E14) -> 3
B15: 7 | C15: =' '!A689 -> Informatique | D15: MS Office Produkte, SAP | E15: 1 | G15: 1 | H15: =IF(E15=0,0.1,E15) -> 1
B16: 8 | C16: =' '!A690 -> Autres | D16: Kenntnisse der Walliser Politik | E16: 1 | G16: 1 | H16: =IF(E16=0,0.1,E16) -> 1
B17: 9 | C17: Andere | D17: Umgang mit "Social Medias" | E17: 2 | G17: 1 | H17: =IF(E17=0,0.1,E17) -> 2
B18: 10 | C18: Andere | D18: Didaktisch-pädagogogische Kenntnisse | E18: 2 | F18: Ist wichtig beim Umgang mit den Dozenten | G18: 1 | H18: =IF(E18=0,0.1,E18) -> 2
B20: =' '!A691 -> Compétences personnelles
B21: =$B$8 -> N° | C21: =$C$8 -> Secteur | D21: =$D$8 -> Exigences | E21: =$E$8 -> Impératif (3) Souhaité (2) Optionnel (1) | F21: =$F$8 -> Motivations, explications | G21: =$G$8 -> Statut
B22: 1 | C22: =' '!A692 -> Responsabilité personnelle / Autonomie | D22: Arbeitet selbstständig und nimmt seine Eigenverantwortung wahr | E22: 3 | F22: Muss eigenständig Entscheidungen treffen können und die Konsequenzen tragen | G22: 1 | H22: =IF(E22=0,0.1,E22) -> 3
B23: 2 | C23: =' '!A693 -> Capacité de mise en œuvre | D23: Kann sich selbst motivieren und setzt die Aufgaben konsequent um | E23: 2 | G23: 1 | H23: =IF(E23=0,0.1,E23) -> 2
B24: 3 | C24: =' '!A694 -> Créativité / capacité d'innovation | D24: Ist innovativ und kreativ, denkt mit | E24: 2 | G24: 1 | H24: =IF(E24=0,0.1,E24) -> 2
B25: 4 | C25: =' '!A695 -> Endurance | D25: Ist auch in Stresssituationen belastbar und ausdauernd | E25: 3 | G25: 1 | H25: =IF(E25=0,0.1,E25) -> 3
B26: 5 | C26: =' '!A696 -> Aptitude à s'imposer | D26: Setzt sich in schwierigen Situationen durch | E26: 2 | F26: Insbesondere bei "administrativen" Arbeiten | G26: 1 | H26: =IF(E26=0,0.1,E26) -> 2
B27: 6 | C27: =' '!A697 -> Intégrité / loyauté | D27: Ist dem Arbeitgeber gegenüber loyal | E27: 2 | G27: 1 | H27: =IF(E27=0,0.1,E27) -> 2
B28: 7 | C28: =' '!A698 -> Disposition à apprendre et à changer | D28: Ist bereit, sich ständig neu zu orientieren und hat eine hohe Veränderungsbereitschaft | E28: 3 | F28: HES-SO befindet sich im Umbruch | G28: 1 | H28: =IF(E28=0,0.1,E28) -> 3
B29: 8 | C29: =' '!A699 -> Mode de pensée holistique | D29: Kann vernetzt denken und sieht auch die politischen Zusammenhänge | E29: 2 | G29: 1 | H29: =IF(E29=0,0.1,E29) -> 2
B30: 9 | C30: =' '!A700 -> Concentration sur les objectifs et les résultats | D30: Definiert sich Ziele und setzt diese konsequent um | E30: 2 | G30: 1 | H30: =IF(E30=0,0.1,E30) -> 2
B31: 10 | C31: =' '!A701 -> Flexibilité | D31: Ist flexibel bei den Arbeitszeiten und dem Arbeitsort | E31: 1 | F31: Mehrere Schulen im ganzen Kanton verteilt | G31: 1 | H31: =IF(E31=0,0.1,E31) -> 1
B33: =' '!A703 -> Compétences sociales
B34: =$B$8 -> N° | C34: =$C$8 -> Secteur | D34: =$D$8 -> Exigences | E34: =$E$8 -> Impératif (3) Souhaité (2) Optionnel (1) | F34: =$F$8 -> Motivations, explications | G34: =$G$8 -> Statut
B35: 1 | C35: =' '!A704 -> Aptitudes de communication | D35: Hat sehr hohe Kommunikationskompetenzen | E35: 3 | F35: Ist wichtig, da die Dozenten sehr selbstständig arbeiten | G35: 1 | H35: =IF(E35=0,0.1,E35) -> 3
B36: 2 | C36: =' '!A705 -> Empathie / sensibilité | D36: Hat die nötige Sensivität um persönliche Probleme zu erkennen. Hört zu | E36: 2 | G36: 1 | H36: =IF(E36=0,0.1,E36) -> 2
B37: 3 | C37: =' '!A706 -> Aptitude à la critique et au conflit | D37: Hat eine Feedbackkultur und geht den Konflikten nicht aus dem Weg | E37: 2 | G37: 1 | H37: =IF(E37=0,0.1,E37) -> 2
B38: 4 | C38: =' '!A707 -> Orientation client | D38: Ist in hohem Mass kundenorientiert | E38: 3 | F38: Kundenzufriedenheit ist für die Entwicklung der Schule sehr wichtig | G38: 1 | H38: =IF(E38=0,0.1,E38) -> 3
B39: 5 | C39: =' '!A708 -> Aptitude au travail en équipe | D39: Ist ein ausgewiesener Teamplayer | E39: 2 | G39: 1 | H39: =IF(E39=0,0.1,E39) -> 2
B40: 6 | C40: =' '!A709 -> Habileté de négociation | D40: Hat ein gutes Verhandlungsgeschick | E40: 2 | F40: auch auf politischem Niveau | G40: 1 | H40: =IF(E40=0,0.1,E40) -> 2
B41: 7 | C41: =' '!A710 -> Aptitude à établir des réseaux | D41: Hat ein grosses Beziehungsnetzwerk kantonal und national (evt. international) | E41: 3 | F41: Insbesondere Vernetzung innerhalb des Kantons (Ober- und Unterwallis) | G41: 1 | H41: =IF(E41=0,0.1,E41) -> 3
B42: 8 | C42: =' '!A711 -> Compétence de conseil et coaching | D42: Besitzt gute Beratungs- und Coachingkompetenzen | E42: 2 | G42: 1 | H42: =IF(E42=0,0.1,E42) -> 2
B43: 9 | C43: =' '!A712 -> Autres | H43: =IF(E43=0,0.1,E43) -> 0.1
B44: 10 | H44: =IF(E44=0,0.1,E44) -> 0.1
B46: =' '!A713 -> Compétences de direction
B47: =$B$8 -> N° | C47: =$C$8 -> Secteur | D47: =$D$8 -> Exigences | E47: =$E$8 -> Impératif (3) Souhaité (2) Optionnel (1) | F47: =$F$8 -> Motivations, explications | G47: =$G$8 -> Statut
B48: 1 | C48: =' '!A714 -> Compétences de leadership | D48: Ist visionär, kann strategisch denken und ist in der Lage die Mitarbeitenden zu motivieren. | E48: 3 | F48: Strategisches Mitdenken ist unabdingbar Effektivität: "Do the right things" | G48: 1 | H48: =IF(E48=0,0.1,E48) -> 3
B49: 2 | C49: =' '!A715 -> Compétences de management | D49: Ist effizient und managed die anfallenden Arbeiten souverän und mit Geschick | E49: 3 | F49: Effizienz: "Do the things right" | G49: 1 | H49: =IF(E49=0,0.1,E49) -> 3
B50: 3 | C50: =' '!A716 -> Compétences entrepreneuriales | D50: Ist innovativ und risikobereit | E50: 2 | G50: 1 | H50: =IF(E50=0,0.1,E50) -> 2
B51: 4 | C51: =' '!A717 -> Volition (compétences de mise en œuvre) | D51: Hat eine sehr starke Willenskraft und setzt die Massnahmepläne konsequent um | E51: 3 | F51: Sehr wichtig! | G51: 1 | H51: =IF(E51=0,0.1,E51) -> 3
B52: 5 | C52: =' '!A718 -> Autres | D52: Ist stressresistent und kann mit verschiedenen Charaktern (Pädagogen, Techniker, Gesundheit, Politiker etc.) umgehen. | E52: 2 | G52: 1 | H52: =IF(E52=0,0.1,E52) -> 2
B53: 6 | H53: =IF(E53=0,0.1,E53) -> 0.1
B54: 7 | H54: =IF(E54=0,0.1,E54) -> 0.1
B55: 8 | H55: =IF(E55=0,0.1,E55) -> 0.1
B56: 9 | H56: =IF(E56=0,0.1,E56) -> 0.1
B57: 10 | H57: =IF(E57=0,0.1,E57) -> 0.1
B58: © iManagement • s.imboden • www.2iManagement.ch

Sheet UebersichtStellenbeschrieb
B1: =' '!A1049 -> A P E R Ç U D E S C R I P T I O N S D E P O S T E S
B4: =' '!A676 -> N° | C4: =' '!A1050 -> Description de poste | D4: =' '!A721 -> Descriptif succinct | E4: =' '!A86 -> Statut
B5: 1 | C5: Beispiel 1 | D5: =' '!A722 -> Exemple | E5: 3
B6: 2 | E6: 1
B7: 3
B8: 4
B9: 5
B10: 6
B11: 7
B12: 8
B13: 9
B14: 10
B15: 11
B16: 12
B17: 13
B18: 14
... B34: 30
B35: © iManagement • s.imboden • www.2iManagement.ch

Sheet Stellenbeschrieb
B1: =' '!A1048 -> D E S C R I P T I O N D E P O S T E
B3: =' '!A1051 -> Entreprise | D3: HES-SO Valais-Wallis | F3: =' '!A1055 -> Nom prénom
B4: =' '!A1052 -> Intitulé du poste | F4: =' '!A1061 -> N° de salarié
B5: =' '!A1054 -> Rang hiérarchique / Fonction | F5: =' '!A1056 -> % du poste | G5: 1 | H5: =IF((H14+H24+H34+H40)<>0,H14+H24+H34+H40,"")
B6: =' '!A1053 -> Département / Équipe | F6: =' '!A1059 -> Échelon de salaire
B7: =' '!A1060 -> Total Personnel subordonné | F7: =' '!A1057 -> Supérieur(e) hiérarchique
B8: =' '!A1062 -> Modifié le | D8: =TODAY() -> 46049 | F8: =' '!A1058 -> Adjoint(e)
B10: =' '!A1063 -> Finalité & objectif du poste
B11: =' '!A1064 -> Lien avec les objectifs de l’entreprise
B12: =' '!A1065 -> Pouvoirs de décision & procurations
B14: 1 | C14: =' '!A1066 -> Tâches principales | H14: =SUM(H15:H23) -> 0
B15: 1.1
B16: 1.2
B17: 1.3
B18: 1.4
B19: 1.5
B20: 1.6
B21: 1.7
B22: 1.8
B23: 1.9
B24: 2 | C24: =' '!A1069 -> Tâches secondaires | H24: =SUM(H25:H33) -> 0
B25: 2.1
B26: 2.2
B27: 2.3
B28: 2.4
B29: 2.5
B30: 2.6
B31: 2.7
B32: 2.8
B33: 2.9
B34: 3 | C34: =' '!A1070 -> Fonctions de direction | H34: =SUM(H35:H39) -> 0
B35: 3.1
B36: 3.2
B37: 3.3
B38: 3.4
B39: 3.5
B40: 4 | C40: =' '!A1071 -> Autre type de participation | H40: =SUM(H41:H45) -> 0
B41: 4.1
B42: 4.2
B43: 4.3
B44: 4.4
B45: 4.5
B46: 5 | C46: =' '!A1076 -> Liens vers documents supplémentaires | E46: =' '!A1077 -> Description
B47: 5.1 | C47: =' '!A1079 -> Profil requis | E47: =' '!A722 -> Exemple
B48: 5.2
B49: 5.3
B50: 5.4
B51: 5.5
B52: 6 | C52: =' '!A1080 -> Remarques/Annexes
B53: 6.1
B54: 6.2
B55: 6.3
B57: =' '!A1072 -> Date | D57: 42005
B58: =' '!A1073 -> Signature du (de la) collaborateur(trice)
B59: =' '!A1074 -> Signature du (de la) supérieur(e) hiérarchique
B60: =' '!A1075 -> Signature du (de la) DRH
B62: © iManagement • s.imboden • www.2iManagement.ch

Sheet CheckStellenauschreibung
B1: =' '!A642 -> Check-list Avis de recrutement
A3: 1 | B3: =F3 -> 0.99666667 | C3: =IF((SUM(C5:C8))=(COUNT(C5:C8)),1,3) -> 1 | D3: =' '!A574 -> Responsable | E3: =' '!A575 -> Délai | F3: =-((SUM(C5:C8))/(COUNT(C5:C8)*3))+133% -> 0.99666667
A5: 1.1 | B5: =' '!A646 -> Publicité vers l'extérieur (employeur innovant et intéressant) | C5: 1 | D5: ?? | E5: 42005
A6: 1.2 | B6: =' '!A647 -> Avis de recrutement transparent et attractif | C6: 1
A7: 1.3 | B7: =' '!A648 -> Absence de discrimination (sur la base du sexe, de l'âge, de l'origine ethnique, de la religion, du handicap etc.) | C7: 1
A8: 1.4 | B8: =' '!A649 -> Traitement professionnel et rapide (la première impression est décisive ! | C8: 1
A9: 2 | B9: =F9 -> 0.99666667 | C9: =IF((SUM(C10:C20))=(COUNT(C10:C20)),1,3) -> 1 | D9: =$D$3 -> Responsable | E9: =$E$3 -> Délai | F9: =-((SUM(C10:C20))/(COUNT(C10:C20)*3))+133% -> 0.99666667
A10: 2.1 | B10: =' '!A650 -> Désignation du poste et pourcentage d'embauche souhaité | C10: 1
A11: 2.2 | B11: =' '!A651 -> Tâches et, le cas échéant, activités concrètes | C11: 1
A12: 2.3 | B12: =' '!A652 -> Profil requis (cf. Profil requis) | C12: 1
A13: 2.4 | B13: =' '!A653 -> Compétences et responsabilités | C13: 1
A14: 2.5 | B14: =' '!A654 -> Insertion dans la structure globale, supérieurs hiérarchiques | C14: 1
A15: 2.6 | B15: =' '!A655 -> Rémunération, prestations sociales et autres avantages | C15: 1
A16: 2.7 | B16: =' '!A656 -> Perspectives d'avenir et possibilités d'avancement | C16: 1
A17: 2.8 | B17: =' '!A657 -> Date de pourvoi du poste | C17: 1
A18: 2.9 | B18: =' '!A658 -> Profil de l'entreprise | C18: 1
A19: 2.1 | B19: =' '!A659 -> Interlocuteur à contacter pour toutes questions | C19: 1
A20: 2.11 | B20: =' '!A660 -> Forme souhaitée pour le dossier de candidature (écrit, électronique, etc.) | C20: 1
A21: 3 | B21: =F21 -> 0.99666667 | C21: =IF((SUM(C22:C33))=(COUNT(C22:C33)),1,3) -> 1 | D21: =$D$3 -> Responsable | E21: =$E$3 -> Délai | F21: =-((SUM(C22:C33))/(COUNT(C22:C33)*3))+133% -> 0.99666667
A22: 3.1 | B22: =' '!A662 -> Avis de recrutement interne | C22: 1
A23: 3.2 | B23: =' '!A663 -> Contacts et recommandations | C23: 1
A24: 3.3 | B24: =' '!A664 -> Conseiller RH et chasseurs de tête | C24: 1
A25: 3.4 | B25: =' '!A665 -> Prestataires de services, agences de placement, sociétés intérimaires | C25: 1
A26: 3.5 | B26: =' '!A666 -> Agence pour l'emploi | C26: 1
A27: 3.6 | B27: =' '!A667 -> Quotidien régional | C27: 1
A28: 3.7 | B28: =' '!A668 -> Quotidien suprarégional | C28: 1
A29: 3.8 | B29: =' '!A669 -> Revues professionnelles | C29: 1
A30: 3.9 | B30: =' '!A670 -> Internet | C30: 1
A31: 3.1 | B31: =' '!A671 -> Marchés de l'emploi internationaux | C31: 1
A32: 3.11 | B32: =' '!A672 -> Salons professionnels | C32: 1
A33: 3.12 | B33: =' '!A673 -> Médias sociaux | C33: 1
A34: 4 | B34: =F34 -> 0.99666667 | C34: =IF((SUM(C35:C40))=(COUNT(C35:C40)),1,3) -> 1 | D34: =$D$3 -> Responsable | E34: =$E$3 -> Délai | F34: =-((SUM(C35:C43))/(COUNT(C35:C43)*3))+133% -> 0.99666667
A35: 4.1 | C35: 1
A36: 4.2
A37: 4.3
A38: 4.4
A39: 4.5
A40: 4.6
A41: 4.7
A42: 4.8
A43: 4.9
A44: © iManagement • s.imboden • www.2iManagement.ch

Sheet UebersichtVorselektion
B1: =' '!A724 -> A P E R Ç U P R É S É L E C T I O N
B4: =' '!A676 -> N° | C4: =' '!A725 -> Nom candidat-e | D4: =' '!A726 -> Remarques | E4: =' '!A86 -> Statut
B5: 1 | C5: Kandidat xy | D5: =' '!A722 -> Exemple | E5: 3
B6: 2 | E6: 1
B7: 3
B8: 4
B9: 5
B10: 6
B11: 7
B12: 8
B13: 9
B14: 10
B15: 11
B16: 12
B17: 13
B18: 14
... B34: 30
B35: © iManagement • s.imboden • www.2iManagement.ch

Sheet Vorselektion
B1: =' '!A723 -> P R É S É L E C T I O N
B3: =' '!A727 -> Date : | D3: =TODAY() -> 46049 | E3: =' '!A746 -> insuffisant | F3: =' '!A745 -> suffisant | G3: =' '!A744 -> bien | H3: =' '!A743 -> très bien | I3: =' '!A742 -> excellent | J3: =' '!A754 -> Ponderation | K3: =' '!A751 -> Points | L3: =' '!A752 -> Total | M3: =' '!A733 -> Max. points : | N3: =(J9+J12+J18+J23+J28) -> 75
B4: =' '!A728 -> Nom candidat-e : | D4: xy | M4: =' '!A734 -> obtenu : | N4: =L9+L12+L18+L23+L28 -> 50
B5: =' '!A729 -> Poste : | M5: =' '!A732 -> en % | N5: =N4/N3 -> 0.66666667
B6: =' '!A730 -> Responsable : | M6: =' '!A735 -> A suivre ? | N6: 2
B9: 1 | C9: =' '!A755 -> Impression visuelle des dossiers de candidature | J9: =SUM(J10:J11)*5 -> 10 | K9: =SUM(K10:K11) -> 6 | L9: =SUM(L10:L11) -> 6 | M9: =' '!A747 -> Remarques
B10: 1.1 | C10: =' '!A756 -> Ordre, discipline, structuration | J10: 1 | K10: 4 | L10: =IF(J10>0,K10*J10,K10*1) -> 4
B11: 1.2 | C11: =' '!A757 -> Mode de travail | J11: 1 | K11: 2 | L11: =IF(J11>0,K11*J11,K11*1) -> 2
B12: 2 | C12: =' '!A758 -> Lettre de motivation | J12: =SUM(J13:J17)*5 -> 25 | K12: =SUM(K13:K17) -> 17 | L12: =SUM(L13:L17) -> 17
B13: 1.3 | C13: =' '!A759 -> Correction de la langue, respect des contraintes formelles | J13: 1 | K13: 2 | L13: =IF(J13>0,K13*J13,K13*1) -> 2
B14: 1.4 | C14: =' '!A760 -> Le/la candidat(e) a-t-il/elle compris de quoi il s'agit ? | J14: 1 | K14: 3 | L14: =IF(J14>0,K14*J14,K14*1) -> 3
B15: 2.1 | C15: =' '!A761 -> Pensée logique et limpide, qui appréhende rapidement l'essentiel | J15: 1 | K15: 4 | L15: =IF(J15>0,K15*J15,K15*1) -> 4
B16: 2.2 | C16: =' '!A762 -> Arguments et justificatifs à l'appui des compétences | J16: 1 | K16: 4 | L16: =IF(J16>0,K16*J16,K16*1) -> 4
B17: 2.3 | C17: =' '!A763 -> Motivation | J17: 1 | K17: 4 | L17: =IF(J17>0,K17*J17,K17*1) -> 4
B18: 3 | C18: =' '!A764 -> Curriculum vitae | J18: =SUM(J19:J22)*5 -> 20 | K18: =SUM(K19:K22) -> 14 | L18: =SUM(L19:L22) -> 14
B19: 3.1 | C19: =' '!A765 -> Respect des contraintes formelles, synthétique, transparent | J19: 1 | K19: 3 | L19: =IF(J19>0,K19*J19,K19*1) -> 3
B20: 3.2 | C20: =' '!A766 -> Justificatifs des qualifications et expériences | J20: 1 | K20: 4 | L20: =IF(J20>0,K20*J20,K20*1) -> 4
B21: 3.3 | C21: =' '!A767 -> Succession logique de formation et expérience professionnelle, ruptures, failles | J21: 1 | K21: 4 | L21: =IF(J21>0,K21*J21,K21*1) -> 4
B22: 3.4 | C22: =' '!A768 -> Évolution perceptible, qualification continue | J22: 1 | K22: 3 | L22: =IF(J22>0,K22*J22,K22*1) -> 3
B23: 4 | C23: =' '!A769 -> Certificats et autres justificatifs | J23: =SUM(J24:J27)*5 -> 20 | K23: =SUM(K24:K27) -> 13 | L23: =SUM(L24:L27) -> 13
B24: 4.1 | C24: =' '!C770 -> Vollständigkeit, Stimmigkeit, passend zum Lebenslauf | J24: 1 | K24: 3 | L24: =IF(J24>0,K24*J24,K24*1) -> 3
B25: 4.2 | C25: =' '!C771 -> Belege für Kompetenzen und Erfahrungen | J25: 1 | K25: 3 | L25: =IF(J25>0,K25*J25,K25*1) -> 3
B26: 4.3 | C26: =' '!C772 -> Schulzeugnisse und Arbeitgeberzeugnisse – Was sagen die „Codes“? | J26: 1 | K26: 4 | L26: =IF(J26>0,K26*J26,K26*1) -> 4
B27: 4.4 | C27: =' '!C773 -> Arbeitsproben, Referenzen, Webseite | J27: 1 | K27: 3 | L27: =IF(J27>0,K27*J27,K27*1) -> 3
B28: 5 | C28: =' '!A774 -> Critères IMPERATIFS (cf. profil requis) | J28: =SUM(O29:O37)*5 -> 0 | K28: =SUM(K29:K37) -> 0 | L28: =SUM(L29:L37) -> 0
B29: 5.1 | J29: 10 | L29: =IF(C29<>"", IF(J29>0, K29*J29, K29*1),"") | O29: =IF(C29<>"",J29,0) -> 0
B30: 5.2 | J30: 10 | L30: =IF(C30<>"", IF(J30>0, K30*J30, K30*1),"") | O30: =IF(C30<>"",J30,0) -> 0
B31: 5.3 | J31: 10 | L31: =IF(C31<>"", IF(J31>0, K31*J31, K31*1),"") | O31: =IF(C31<>"",J31,0) -> 0
B32: 5.4 | J32: 10 | L32: =IF(C32<>"", IF(J32>0, K32*J32, K32*1),"") | O32: =IF(C32<>"",J32,0) -> 0
B33: 5.5 | J33: 10 | L33: =IF(C33<>"", IF(J33>0, K33*J33, K33*1),"") | O33: =IF(C33<>"",J33,0) -> 0
B34: 5.6 | J34: 10 | L34: =IF(C34<>"", IF(J34>0, K34*J34, K34*1),"") | O34: =IF(C34<>"",J34,0) -> 0
B35: 5.7 | J35: 10 | L35: =IF(C35<>"", IF(J35>0, K35*J35, K35*1),"") | O35: =IF(C35<>"",J35,0) -> 0
B36: 5.8 | J36: 10 | L36: =IF(C36<>"", IF(J36>0, K36*J36, K36*1),"") | O36: =IF(C36<>"",J36,0) -> 0
B37: 5.9 | J37: 10 | L37: =IF(C37<>"", IF(J37>0, K37*J37, K37*1),"") | O37: =IF(C37<>"",J37,0) -> 0
B38: © iManagement • s.imboden • www.2iManagement.ch
B99: =' '!A775 -> Pour effacer le tableau, veuillez effacer les points dans cette colonne.

Sheet UebersichtBGespräch
B1: =' '!A777 -> A P E R Ç U E N T R E T I E N S D ' E M B A U C H E
B4: =' '!A676 -> N° | C4: =' '!A725 -> Nom candidat-e | D4: =' '!A726 -> Remarques | E4: =' '!A86 -> Statut
B5: 1 | C5: Kandidat xy | D5: =' '!A722 -> Exemple | E5: 3
B6: 2 | E6: 1
B7: 3
B8: 4
B9: 5
B10: 6
B11: 7
B12: 8
B13: 9
B14: 10
B15: 11
B16: 12
B17: 13
B18: 14
... B34: 30
B35: © iManagement • s.imboden • www.2iManagement.ch

Sheet BGespräch
B1: =' '!A776 -> E N T R E T I E N D ' E M B A U C H E
A2: =IF(ABS(COUNTBLANK(S11:S39)-29)<>0,' '!A839,"")
B3: =' '!A727 -> Date : | D3: =TODAY() -> 46049 | F3: =' '!A746 -> insuffisant | G3: =' '!A745 -> suffisant | H3: =' '!A744 -> bien | I3: =' '!A743 -> très bien | J3: =' '!A742 -> excellent | K3: =' '!A754 -> Ponderation | L3: =' '!A751 -> Points | M3: =' '!A752 -> Total | N3: =' '!A733 -> Max. points : | O3: =(K10+K13+K40) -> 50
B4: =' '!A728 -> Nom candidat-e : | N4: =' '!A734 -> obtenu : | O4: =M10+M13+M40 -> 25 | P4: Punkte | Q4: Frage selektiert | R4: Gewichtung | S4: Für Fehlermeldung
B5: =' '!A729 -> Poste : | E5: =IF(AND(ISNUMBER($L12),$Q12=0),' '!A839,"") | N5: =' '!A732 -> en % | O5: =IF(O3<>0,O4/O3,0) -> 0.5
B6: =' '!A730 -> Responsable : | N6: =' '!A735 -> A suivre ? | O6: 2
A8: =IF(AND(ISNUMBER($L12),$Q12=0),' '!A839,"")
B10: 1 | C10: =' '!A778 -> Impression générale | E10: =' '!A783 -> Exemples de questions | K10: =SUM(R11:R12)*5 -> 30 | L10: =SUM(L11:L12) -> 5 | M10: =SUM(M11:M12) -> 13 | N10: =' '!A747 -> Remarques
A11: TRUE | B11: 1.1 | C11: =' '!A779 -> Première impression (apparence, expression du visage, présentation, voix, contact visuel) | E11: =' '!A780 -> p. ex. Paraît-il/elle naturel(le) ? Sa tenue vestimentaire est-elle adaptée ? Entretient-il/elle un contact naturel du regard ? S'exprime-t-il/elle clairement ? | K11: 1 | L11: 3 | M11: =IF(K11>0,P11*K11,P11*1) -> 3 | P11: =IF(A11=TRUE,L11,0) -> 3 | Q11: =IF(A11=TRUE,1,0) -> 1 | R11: =IF(A11=TRUE,K11,0) -> 1 | S11: =IF(OR(R11<>0,ISBLANK(L11)),"",1)
A12: TRUE | B12: 1.2 | C12: =' '!A781 -> Motivation pour ce poste | E12: =' '!A784 -> Vous avez postulé pour ce poste vacant. Qu'est-ce qui vous a incité à le faire ? | K12: 5 | L12: 2 | M12: =IF(K12>0,P12*K12,P12*1) -> 10 | P12: =IF(A12=TRUE,L12,0) -> 2 | Q12: =IF(A12=TRUE,1,0) -> 1 | R12: =IF(A12=TRUE,K12,0) -> 5 | S12: =IF(OR(R12<>0,ISBLANK(L12)),"",1)
B13: 2 | C13: =' '!A782 -> Critères de sélection possibles | K13: =SUM(R14:R39)*5 -> 20 | L13: =SUM(P14:P39) -> 12 | M13: =SUM(M14:M39) -> 12
A14: TRUE | B14: 2.1 | C14: =' '!A787 -> Aptitude au travail en équipe | E14: =' '!A788 -> Il faut parfois travailler en équipe avec des personnes difficiles. Décrivez quelques cas dans lesquels cela vous est arrivé. Comment avez-vous géré cette situation ? | K14: 1 | L14: 2 | M14: =IF(K14>0,P14*K14,P14*1) -> 2 | P14: =IF(A14=TRUE,L14,0) -> 2 | Q14: =IF(A14=TRUE,1,0) -> 1 | R14: =IF(A14=TRUE,K14,0) -> 1 | S14: =IF(OR(R14<>0,ISBLANK(L14)),"",1)
A15: TRUE | B15: 2.2 | C15: =' '!A785 -> Expression (orale / écrite) | E15: =' '!A786 -> Quels étaient les textes / présentations les plus exigeants que vous avez élaborés jusqu'à présent ? Quel résultat avez-vous ainsi obtenu ? | K15: 1 | L15: 3 | M15: =IF(K15>0,P15*K15,P15*1) -> 3 | P15: =IF(A15=TRUE,L15,0) -> 3 | Q15: =IF(A15=TRUE,1,0) -> 1 | R15: =IF(A15=TRUE,K15,0) -> 1 | S15: =IF(OR(R15<>0,ISBLANK(L15)),"",1)
A16: TRUE | B16: 2.3 | C16: =' '!A789 -> Volonté de performer | E16: =' '!A790 -> Veuillez nous indiquer des situations dans lesquelles vous avez dû réaliser des performances du plus haut niveau ? A quoi peut-on imputer ces prestations ? | K16: 1 | L16: 4 | M16: =IF(K16>0,P16*K16,P16*1) -> 4 | P16: =IF(A16=TRUE,L16,0) -> 4 | Q16: =IF(A16=TRUE,1,0) -> 1 | R16: =IF(A16=TRUE,K16,0) -> 1 | S16: =IF(OR(R16<>0,ISBLANK(L16)),"",1)
A17: TRUE | B17: 2.4 | C17: =' '!A791 -> Esprit d'initiative | E17: =' '!A792 -> Souvenez-vous de situations dans lesquelles vous vous êtes saisis de travaux de votre propre initiative. Pourquoi l'avez-vous fait ? Quel était le résultat ? | K17: 1 | L17: 3 | M17: =IF(K17>0,P17*K17,P17*1) -> 3 | P17: =IF(A17=TRUE,L17,0) -> 3 | Q17: =IF(A17=TRUE,1,0) -> 1 | R17: =IF(A17=TRUE,K17,0) -> 1 | S17: =IF(OR(R17<>0,ISBLANK(L17)),"",1)
A18: FALSE | B18: 2.5 | C18: =' '!A793 -> Endurance | E18: =' '!A794 -> Quand avez-vous été vraiment sous pression pour la dernière fois ? Quel était l'enjeu ? Qu'avez-vous fait ? Comment était le résultat ? | K18: 1 | M18: =IF(K18>0,P18*K18,P18*1) -> 0 | P18: =IF(A18=TRUE,L18,0) -> 0 | Q18: =IF(A18=TRUE,1,0) -> 0 | R18: =IF(A18=TRUE,K18,0) -> 0 | S18: =IF(OR(R18<>0,ISBLANK(L18)),"",1)
A19: FALSE | B19: 2.6 | C19: =' '!A795 -> Persévérance | E19: =' '!A796 -> Dans la vie professionnelle, on est très souvent confronté à des résistances. Citez-nous un exemple tiré de votre activité. Comment avez-vous géré cette situation ? | K19: 5 | M19: =IF(K19>0,P19*K19,P19*1) -> 0 | P19: =IF(A19=TRUE,L19,0) -> 0 | Q19: =IF(A19=TRUE,1,0) -> 0 | R19: =IF(A19=TRUE,K19,0) -> 0 | S19: =IF(OR(R19<>0,ISBLANK(L19)),"",1)
A20: FALSE | B20: 2.7 | C20: =' '!A797 -> Diligence | E20: =' '!A798 -> Pour quelles tâches, un travail particulièrement méticuleux était-il essentiel ? Avec quel résultat vous êtes-vous acquitté de cette tâche ? | K20: 1 | M20: =IF(K20>0,P20*K20,P20*1) -> 0 | P20: =IF(A20=TRUE,L20,0) -> 0 | Q20: =IF(A20=TRUE,1,0) -> 0 | R20: =IF(A20=TRUE,K20,0) -> 0 | S20: =IF(OR(R20<>0,ISBLANK(L20)),"",1)
A21: FALSE | B21: 2.8 | C21: =' '!A799 -> Faculté de décision | E21: =' '!A800 -> Quelles étaient vos décisions les plus difficiles jusqu'à présent ? En quoi consistait la principale difficulté pour vous ? Avez-vous pris la bonne décision ? | K21: 1 | M21: =IF(K21>0,P21*K21,P21*1) -> 0 | P21: =IF(A21=TRUE,L21,0) -> 0 | Q21: =IF(A21=TRUE,1,0) -> 0 | R21: =IF(A21=TRUE,K21,0) -> 0 | S21: =IF(OR(R21<>0,ISBLANK(L21)),"",1)
A22: FALSE | B22: 2.9 | C22: =' '!A801 -> Créativité | E22: =' '!A802 -> Quelle a été votre idée la plus originale jusqu'à présent ? Comment l'avez-vous réalisée ? | K22: 1 | M22: =IF(K22>0,P22*K22,P22*1) -> 0 | P22: =IF(A22=TRUE,L22,0) -> 0 | Q22: =IF(A22=TRUE,1,0) -> 0 | R22: =IF(A22=TRUE,K22,0) -> 0 | S22: =IF(OR(R22<>0,ISBLANK(L22)),"",1)
A23: FALSE | B23: 2.1 | C23: =' '!A803 -> Connaissances professionnelles | E23: =' '!A804 -> Quelle performance professionnelle était-elle la plus appréciée de votre supérieur ? | K23: 5 | M23: =IF(K23>0,P23*K23,P23*1) -> 0 | P23: =IF(A23=TRUE,L23,0) -> 0 | Q23: =IF(A23=TRUE,1,0) -> 0 | R23: =IF(A23=TRUE,K23,0) -> 0 | S23: =IF(OR(R23<>0,ISBLANK(L23)),"",1)
A24: FALSE | B24: 2.11 | C24: =' '!A805 -> Planification et organisation | E24: =' '!A806 -> Comment faites-vous le planning d'une journée de travail habituelle (votre système) ? | K24: 1 | M24: =IF(K24>0,P24*K24,P24*1) -> 0 | P24: =IF(A24=TRUE,L24,0) -> 0 | Q24: =IF(A24=TRUE,1,0) -> 0 | R24: =IF(A24=TRUE,K24,0) -> 0 | S24: =IF(OR(R24<>0,ISBLANK(L24)),"",1)
A25: FALSE | B25: 2.12 | C25: =' '!A807 -> Disposition à apprendre | E25: =' '!A808 -> Comment maintenez-vous vos connaissances professionnelles à niveau ? Quels cours de formation continue avez-vous suivis au cours de ces 2 dernières années ? | K25: 1 | M25: =IF(K25>0,P25*K25,P25*1) -> 0 | P25: =IF(A25=TRUE,L25,0) -> 0 | Q25: =IF(A25=TRUE,1,0) -> 0 | R25: =IF(A25=TRUE,K25,0) -> 0 | S25: =IF(OR(R25<>0,ISBLANK(L25)),"",1)
A26: FALSE | B26: 2.13 | C26: =' '!A809 -> Flexibilité | E26: =' '!A810 -> Comment vous adaptez-vous à de nouvelles situations et circonstances dans votre activité professionnelle ? Quels changements ont eu lieu pour vous par le passé ? Exemples ? | K26: 1 | M26: =IF(K26>0,P26*K26,P26*1) -> 0 | P26: =IF(A26=TRUE,L26,0) -> 0 | Q26: =IF(A26=TRUE,1,0) -> 0 | R26: =IF(A26=TRUE,K26,0) -> 0 | S26: =IF(OR(R26<>0,ISBLANK(L26)),"",1)
A27: FALSE | B27: 2.14 | C27: =' '!A811 -> Autonomie | E27: =' '!A812 -> Quels travaux effectuez-vous actuellement de façon autonome ? Quelles activités devez-vous effectuer en concertation avec d'autres ? | K27: 1 | M27: =IF(K27>0,P27*K27,P27*1) -> 0 | P27: =IF(A27=TRUE,L27,0) -> 0 | Q27: =IF(A27=TRUE,1,0) -> 0 | R27: =IF(A27=TRUE,K27,0) -> 0 | S27: =IF(OR(R27<>0,ISBLANK(L27)),"",1)
A28: FALSE | B28: 2.15 | C28: =' '!A813 -> Tolérance à la frustration | E28: =' '!A814 -> Dans quelles situations auriez-vous vraiment envie de jeter votre poste par-dessus bord ? Comment parvenez-vous à surmonter cela ? | K28: 1 | M28: =IF(K28>0,P28*K28,P28*1) -> 0 | P28: =IF(A28=TRUE,L28,0) -> 0 | Q28: =IF(A28=TRUE,1,0) -> 0 | R28: =IF(A28=TRUE,K28,0) -> 0 | S28: =IF(OR(R28<>0,ISBLANK(L28)),"",1)
A29: FALSE | B29: 2.16 | C29: =' '!A815 -> Présentation en public | E29: =' '!A816 -> Qu'est-ce qui vous cause le plus de difficulté lorsque vous devez faire une présentation en public ? Exemple ? | K29: 1 | M29: =IF(K29>0,P29*K29,P29*1) -> 0 | P29: =IF(A29=TRUE,L29,0) -> 0 | Q29: =IF(A29=TRUE,1,0) -> 0 | R29: =IF(A29=TRUE,K29,0) -> 0 | S29: =IF(OR(R29<>0,ISBLANK(L29)),"",1)
A30: FALSE | B30: 2.17 | C30: =' '!A817 -> Empathie | E30: =' '!A818 -> Quelles étaient les personnes les plus difficiles avec lesquelles vous avez eu à faire jusqu'à présent ? Avec quel résultat y êtes-vous parvenu(e) ? | K30: 1 | M30: =IF(K30>0,P30*K30,P30*1) -> 0 | P30: =IF(A30=TRUE,L30,0) -> 0 | Q30: =IF(A30=TRUE,1,0) -> 0 | R30: =IF(A30=TRUE,K30,0) -> 0 | S30: =IF(OR(R30<>0,ISBLANK(L30)),"",1)
A31: FALSE | B31: 2.18 | C31: =' '!A819 -> Sens des contacts humains | E31: =' '!A820 -> Comment établissez-vous généralement le contact, avec de nouveaux collègues de travail, des clients ou des inconnus ? | K31: 1 | M31: =IF(K31>0,P31*K31,P31*1) -> 0 | P31: =IF(A31=TRUE,L31,0) -> 0 | Q31: =IF(A31=TRUE,1,0) -> 0 | R31: =IF(A31=TRUE,K31,0) -> 0 | S31: =IF(OR(R31<>0,ISBLANK(L31)),"",1)
A32: FALSE | B32: 2.19 | C32: =' '!A821 -> Force de persuasion | E32: =' '!A822 -> Comment êtes-vous parvenu(e) au mieux, jusqu'à présent, à convaincre quelqu'un d'une cause ? | K32: 1 | M32: =IF(K32>0,P32*K32,P32*1) -> 0 | P32: =IF(A32=TRUE,L32,0) -> 0 | Q32: =IF(A32=TRUE,1,0) -> 0 | R32: =IF(A32=TRUE,K32,0) -> 0 | S32: =IF(OR(R32<>0,ISBLANK(L32)),"",1)
A33: FALSE | B33: 2.2 | C33: =' '!A823 -> Habileté en négociation | E33: =' '!A824 -> Quelle négociation qualifieriez-vous à posteriori de votre plus gros échec ? Qu'est-ce qui n'a pas marché ? Quelles conséquences en ont été tirées ? | K33: 1 | M33: =IF(K33>0,P33*K33,P33*1) -> 0 | P33: =IF(A33=TRUE,L33,0) -> 0 | Q33: =IF(A33=TRUE,1,0) -> 0 | R33: =IF(A33=TRUE,K33,0) -> 0 | S33: =IF(OR(R33<>0,ISBLANK(L33)),"",1)
A34: FALSE | B34: 2.21 | C34: =' '!A825 -> Comportement en situations conflictuelles | E34: =' '!A826 -> Défendre un point de vue reconnu comme juste signifie souvent admettre le conflit avec autrui. Citez des exemples. Comment avez-vous géré de telles situations ? | K34: 1 | M34: =IF(K34>0,P34*K34,P34*1) -> 0 | P34: =IF(A34=TRUE,L34,0) -> 0 | Q34: =IF(A34=TRUE,1,0) -> 0 | R34: =IF(A34=TRUE,K34,0) -> 0 | S34: =IF(OR(R34<>0,ISBLANK(L34)),"",1)
A35: FALSE | B35: 2.22 | C35: =' '!A827 -> Capacité d'intégration | E35: =' '!A828 -> Avez-vous déjà dû intégrer de nouveaux collaborateurs dans une équipe ? Comment avez-vous procédé / procéderiez-vous ? | K35: 8 | M35: =IF(K35>0,P35*K35,P35*1) -> 0 | P35: =IF(A35=TRUE,L35,0) -> 0 | Q35: =IF(A35=TRUE,1,0) -> 0 | R35: =IF(A35=TRUE,K35,0) -> 0 | S35: =IF(OR(R35<>0,ISBLANK(L35)),"",1)
A36: FALSE | B36: 2.23 | C36: =' '!A829 -> Analyse de problèmes | E36: =' '!A830 -> Décrivez-nous, à l'appui d'un problème concret, quelle a été votre approche pour gérer ce problème. Quel résultat avez-vous obtenu ? | K36: 1 | M36: =IF(K36>0,P36*K36,P36*1) -> 0 | P36: =IF(A36=TRUE,L36,0) -> 0 | Q36: =IF(A36=TRUE,1,0) -> 0 | R36: =IF(A36=TRUE,K36,0) -> 0 | S36: =IF(OR(R36<>0,ISBLANK(L36)),"",1)
A37: FALSE | B37: 2.24 | C37: =' '!A831 -> Encadrement général | E37: =' '!A832 -> Citez une des situations de leadership les plus difficiles que vous avez dû maîtriser. Comment avez-vous procédé ? Résultat ? | K37: 1 | M37: =IF(K37>0,P37*K37,P37*1) -> 0 | P37: =IF(A37=TRUE,L37,0) -> 0 | Q37: =IF(A37=TRUE,1,0) -> 0 | R37: =IF(A37=TRUE,K37,0) -> 0 | S37: =IF(OR(R37<>0,ISBLANK(L37)),"",1)
A38: FALSE | B38: 2.25 | C38: =' '!A833 -> Volition (volonté) | E38: =' '!A834 -> Y a-t-il eu des situations dans lesquelles vous n'avez pas réussi à mettre en œuvre les mesures requises ? Qu'avez-vous fait ? | K38: 1 | M38: =IF(K38>0,P38*K38,P38*1) -> 0 | P38: =IF(A38=TRUE,L38,0) -> 0 | Q38: =IF(A38=TRUE,1,0) -> 0 | R38: =IF(A38=TRUE,K38,0) -> 0 | S38: =IF(OR(R38<>0,ISBLANK(L38)),"",1)
A39: FALSE | B39: 2.26 | C39: =' '!A835 -> Motivation des collaborateurs | E39: =' '!A836 -> Avez-vous eu des collaborateurs qui n'étaient pas du tout motivés ? Comment avez-vous géré cette situation ? De manière générale, comment motivez-vous vos collaborateurs ? | K39: 1 | M39: =IF(K39>0,P39*K39,P39*1) -> 0 | P39: =IF(A39=TRUE,L39,0) -> 0 | Q39: =IF(A39=TRUE,1,0) -> 0 | R39: =IF(A39=TRUE,K39,0) -> 0 | S39: =IF(OR(R39<>0,ISBLANK(L39)),"",1)
B40: 3 | C40: =' '!A837 -> Critères impératifs | E40: =' '!A840 -> Cf. profil requis | K40: =SUM(P41:P49)*5 -> 0 | L40: =SUM(L41:L49) -> 0 | M40: =SUM(M41:M49) -> 0
B41: 3.1 | K41: 10 | M41: =IF(C41<>"", IF(K41>0, L41*K41, L41*1),"") | P41: =IF(C41<>"",K41,0) -> 0 | Q41: =IF(C41<>"",1,0) -> 0
B42: 3.2 | K42: 10 | M42: =IF(C42<>"", IF(K42>0, L42*K42, L42*1),"") | P42: =IF(C42<>"",K42,0) -> 0 | Q42: =IF(C42<>"",1,0) -> 0
B43: 3.3 | K43: 10 | M43: =IF(C43<>"", IF(K43>0, L43*K43, L43*1),"") | P43: =IF(C43<>"",K43,0) -> 0 | Q43: =IF(C43<>"",1,0) -> 0
B44: 3.4 | K44: 10 | M44: =IF(C44<>"", IF(K44>0, L44*K44, L44*1),"") | P44: =IF(C44<>"",K44,0) -> 0 | Q44: =IF(C44<>"",1,0) -> 0
B45: 3.5 | K45: 10 | M45: =IF(C45<>"", IF(K45>0, L45*K45, L45*1),"") | P45: =IF(C45<>"",K45,0) -> 0 | Q45: =IF(C45<>"",1,0) -> 0
B46: 3.6 | K46: 10 | M46: =IF(C46<>"", IF(K46>0, L46*K46, L46*1),"") | P46: =IF(C46<>"",K46,0) -> 0 | Q46: =IF(C46<>"",1,0) -> 0
B47: 3.7 | K47: 10 | M47: =IF(C47<>"", IF(K47>0, L47*K47, L47*1),"") | P47: =IF(C47<>"",K47,0) -> 0 | Q47: =IF(C47<>"",1,0) -> 0
B48: 3.8 | K48: 10 | M48: =IF(C48<>"", IF(K48>0, L48*K48, L48*1),"") | P48: =IF(C48<>"",K48,0) -> 0 | Q48: =IF(C48<>"",1,0) -> 0
B49: 3.9 | K49: 10 | M49: =IF(C49<>"", IF(K49>0, L49*K49, L49*1),"") | P49: =IF(C49<>"",K49,0) -> 0 | Q49: =IF(C49<>"",1,0) -> 0
B50: © iManagement • s.imboden • www.2iManagement.ch
B111: =' '!A775 -> Pour effacer le tableau, veuillez effacer les points dans cette colonne.

Sheet CheckEinarbeitung
B1: =' '!A572 -> Check-list "Période d'essai "
A3: 1 | B3: =F3 -> #DIV/0! | C3: =IF((SUM(C5:C9))=(COUNT(C5:C9)),1,3) -> 1 | D3: =' '!A574 -> Responsable | E3: =' '!A575 -> Délai | F3: =-((SUM(C5:C9))/(COUNT(C5:C9)*3))+133% -> #DIV/0!
A5: 1.1 | B5: =' '!A578 -> Le collaborateur doit rapidement se sentir bien et être intégré. | D5: ?? | E5: 42005
A6: 1.2 | B6: =' '!A579 -> Il a besoin de toutes les informations importantes et doit connaître tout ce qui est essentiel.
A7: 1.3 | B7: =' '!A580 -> Les équipements techniques dont il a besoin doivent fonctionner.
A8: 1.4 | B8: =' '!A581 -> Le collaborateur se familiarise vite et devient rapidement productif.
A9: 1.5 | B9: =' '!A582 -> Avant la fin de la période d'essai, l'entreprise peut mieux évaluer les performances.
A10: 2 | B10: =F10 -> #DIV/0! | C10: =IF((SUM(C11:C24))=(COUNT(C11:C24)),1,3) -> 1 | D10: =$D$3 -> Responsable | E10: =$E$3 -> Délai | F10: =-((SUM(C11:C24))/(COUNT(C11:C24)*3))+133% -> #DIV/0!
A11: 2.1 | B11: =' '!A584 -> Préparer le poste de travail pour le collaborateur (le cas échéant les dispositifs spécifiques, p. ex. pour les personnes handicapées)
A12: 2.2 | B12: =' '!A585 -> Mettre à disposition les outils et le matériel nécessaires (papier et stylos) sur le poste de travail.
A13: 2.3 | B13: =' '!A586 -> Installer le PC
A14: 2.4 | B14: =' '!A587 -> Installer l'adresse e-mail
A15: 2.5 | B15: =' '!A588 -> Installer les accès aux programmes et documents pertinents et attribuer des mots de passe
A16: 2.6 | B16: =' '!A589 -> Élaborer des modèles spécifiques
A17: 2.7 | B17: =' '!A590 -> Mettre à disposition les documents importants : - vision & stratégie - manuels - descriptifs de processus - documentation sur la gestion de qualité - documentation sur la santé et la sécurité au travail etc.
A18: 2.8 | B18: =' '!A591 -> Installer les numéros de téléphone et garantir l'accès au téléphone (le cas échéant également au fax)
A19: 2.9 | B19: =' '!A592 -> Réaliser et poser des plaquettes nominatives pour les portes et des badges
A20: 2.1 | B20: =' '!A593 -> Préparer et imprimer des cartes de visite
A21: 2.11 | B21: =' '!A594 -> Procéder à l'inscription dans l'annuaire téléphonique
A22: 2.12 | B22: =' '!A595 -> Préparer et disposer les cartes d'accès, clés, badge personnel
... A24: 2.14 | B24: =' '!A597 -> Réceptionner le contrat de travail approuvé et signé par le collaborateur
A25: 3 | B25: =F25 -> #DIV/0! | C25: =IF((SUM(C26:C32))=(COUNT(C26:C32)),1,3) -> 1 | D25: =$D$3 -> Responsable | E25: =$E$3 -> Délai | F25: =-((SUM(C26:C32))/(COUNT(C26:C32)*3))+133% -> #DIV/0!
A26: 3.1 | B26: =' '!A599 -> Informer les supérieurs hiérarchiques de l’arrivée du nouveau collaborateur, et le cas échéant leur donner des indications particulières - quand ? - comment ? - à quel sujet ?
A27: 3.2 | B27: =' '!A600 -> Informer les collègues du département et de l’équipe
A28: 3.3 | B28: =' '!A601 -> Informer la centrale et le standard téléphonique
A29: 3.4 | B29: =' '!A602 -> Informer toutes autres personnes concernées (p. ex. le gardien, la cantine, les autres services, …)
A30: 3.5 | B30: =' '!A603 -> Déterminer avec les collègues et supérieurs hiérarchiques qui se chargera de l’initiation professionnelle du nouveau collaborateur
B31: =' '!A604 -> Désigner év. un mentor ou parrain
A32: 3.6 | B32: =' '!A605 -> Élaborer un planning pour les premiers entretiens - avec qui ? - quand ? - combien de temps ? - à quel sujet ? - où ? - pourquoi ?
A33: 4 | B33: =F33 -> #DIV/0! | C33: =IF((SUM(C34:C43))=(COUNT(C34:C43)),1,3) -> 1 | D33: =$D$3 -> Responsable | E33: =$E$3 -> Délai | F33: =-((SUM(C34:C43))/(COUNT(C34:C43)*3))+133% -> #DIV/0!
A34: 4.1 | B34: =' '!A607 -> Aller chercher le collaborateur au lieu convenu
A35: 4.2 | B35: =' '!A608 -> Entretien d'accueil : déroulement de la première journée, sujets importants, tâches, responsabilité, …
A36: 4.3 | B36: =' '!A609 -> Accompagner le nouveau collaborateur à son poste de travail (év. prévoir un petit cadeau)
A37: 4.4 | B37: =' '!A610 -> Première initiation au poste de travail
A38: 4.5 | B38: =' '!A611 -> Faire le tour de tous les secteurs et personnels concernés / faire les présentations : supérieurs hiérarchiques, collègues, installations techniques, bureau des RH, comité d'entreprise, panneaux d'affichage, cantine, etc.
A39: 4.6 | B39: =' '!A612 -> Le cas échéant, présentation du mentor ou parrain
A40: 4.7 | B40: =' '!A613 -> Dîner commun
A41: 4.8 | B41: =' '!A614 -> Visite de l'entreprise et des services voisins
A42: 4.9 | B42: =' '!A615 -> Passer en revue le descriptif du poste
A43: 4.1 | B43: =' '!A616 -> Initiation au PC, au téléphone et autres outils de travail importants
A44: 5 | B44: =F44 -> #DIV/0! | C44: =IF((SUM(C45:C57))=(COUNT(C45:C57)),1,3) -> 1 | D44: =$D$3 -> Responsable | E44: =$E$3 -> Délai | F44: =-((SUM(C45:C57))/(COUNT(C45:C57)*3))+133% -> #DIV/0!
A45: 5.1 | B45: =' '!A618 -> Expliquer l'aménagement des horaires de travail et les procédures y afférentes ; horaires fixes, temps de pause, comptes des heures de travail
A46: 5.2 | B46: =' '!A619 -> Initiation au système de classement (électronique et sur le poste de travail)
A47: 5.3 | B47: =' '!A620 -> Règlementation des signatures
A48: 5.4 | B48: =' '!A621 -> Règlementation des congés
A49: 5.5 | B49: =' '!A622 -> Voies de communication importantes
A50: 5.6 | B50: =' '!A623 -> Règles relatives à la santé et la sécurité au travail
A51: 5.7 | B51: =' '!A624 -> Initiation aux manuels (gestion de la qualité, …)
A52: 5.8 | B52: =' '!A625 -> Autres règlementations importantes telles que : - code vestimentaire - règlementations relatives au téléphone - traitement du courrier et des e-mails - protection des données personnelles - sécurité des informations - gestion des déchets - gestion des matériaux - informations destinées aux fumeurs - accueil des visiteurs - présentation vers l’extérieur - commandes - décompte des frais de déplacement - règlementation des notes de frais - règlementation des suppléances - règlementation des congés-maladie - demandes de congés - règles tacites
A53: 5.9 | B53: =' '!A626 -> Confier de premiers ordres d'exécution (accompagnement par un collègue, mentor ou parrain)
A54: 5.1 | B54: =' '!A627 -> Familiarisation avec les processus importants du département et de l'entreprise, et explications y afférentes
A55: 5.11 | B55: =' '!A628 -> Initiation approfondie aux outils de travail importants (télécopieur, photocopieuse, machines, programmes, …)
A56: 5.12 | B56: =' '!A629 -> Le cas échéant, remise de la voiture de fonction
A57: 5.13 | B57: =' '!A630 -> Entretien initial avec le supérieur hiérarchique sur les attributions, les objectifs, les attentes, …
A58: 6 | B58: =F58 -> #DIV/0! | C58: =IF((SUM(C59:C68))=(COUNT(C59:C68)),1,3) -> 1 | D58: =$D$3 -> Responsable | E58: =$E$3 -> Délai | F58: =-((SUM(C59:C68))/(COUNT(C59:C68)*3))+133% -> #DIV/0!
A59: 6.1 | B59: =' '!A632 -> Fixer l'objectif pour la période d'essai
A60: 6.2 | B60: =' '!A633 -> Poursuite de l'approfondissement des attributions
A61: 6.3 | B61: =' '!A634 -> Entretiens d'orientation (au bout d'un mois et de trois mois)
A62: 6.4 | B62: =' '!A635 -> Attribution de responsabilités supplémentaires
A63: 6.5 | B63: =' '!A636 -> Ev. mesures visant à consolider le travail en équipe
A64: 6.6 | B64: =' '!A637 -> Ev. mesures de perfectionnement nécessaires
A65: 6.7 | B65: =' '!A638 -> Discussion relative aux propositions d'amélioration soumises par le nouveau collaborateur
A66: 6.8 | B66: =' '!A639 -> Appui pour l'acquisition de l'expérience requise (mentorat)
A67: 6.9 | B67: =' '!A640 -> Déterminer les procédures de suivi et de mesure des performances du collaborateur
A68: 6.1 | B68: =' '!A641 -> Entretien à la fin de la période d'essai quant à la poursuite des fonctions
A69: 7 | B69: =F69 -> #DIV/0! | C69: =IF((SUM(C70:C75))=(COUNT(C70:C75)),1,3) -> 1 | D69: =$D$3 -> Responsable | E69: =$E$3 -> Délai | F69: =-((SUM(C70:C78))/(COUNT(C70:C78)*3))+133% -> #DIV/0!
A70: 7.1
A71: 7.2
A72: 7.3
A73: 7.4
A74: 7.5
A75: 7.6
A76: 7.7
A77: 7.8
A78: 7.9
B79: © iManagement • s.imboden • www.2iManagement.ch

Sheet Einsatz
B1: =' '!A34 -> M O B I L I S E R L E P E R S O N N E L
B24: © iManagement • s.imboden • www.2iManagement.ch

Sheet iCanvas
C1: =' '!A223 -> myC A N V A S (mon bilan personnel)
C3: =' '!A224 -> Mon nom | G3: =' '!A225 -> Mis à jour le : | H3: 41640
C5: Who am I ? | D5: My likes | E5: My Key Partners | G5: My forces | H5: My dreams & my aims
D22: My dislikes | G22: My weaknesses
C38: My Key Resources | F38: Costs & Revenues
C51: © iManagement • s.imboden • www.2iManagement.ch

Sheet Motivationstheorien
B1: =' '!A481 -> T H E O R I E S D E L A M O T I V A T I O N
E33: © iManagement • s.imboden • www.2iManagement.ch

Sheet Maslow
B1: =' '!A468 -> Hiérarchie des besoins de Maslow
B28: © iManagement • s.imboden • www.2iManagement.ch
D58: © iManagement • s.imboden • www.2iManagement.ch

Sheet Alderfer
B1: =' '!A492 -> Théorie ESC (ERG) d'Alderfer
B35: © iManagement • s.imboden • www.2iManagement.ch

Sheet McClelland
B1: =' '!A451 -> Trois grands motifs (Big Three) de McClelland
B35: © iManagement • s.imboden • www.2iManagement.ch | L35: (McClelland et al.,1953)

Sheet Barbuto
B1: =' '!A435 -> Les 5 sources de motivation selon Barbuto
B3: © iManagement • s.imboden • www.2iManagement.ch

Sheet McGregor
B1: =' '!A502 -> Théories X et Y de McGregor
B31: © iManagement • s.imboden • www.2iManagement.ch

Sheet Herzberg
B1: =' '!A524 -> Théorie bifactorielle de Herzberg
B37: © iManagement • s.imboden • www.2iManagement.ch

Sheet Flow
B1: =' '!A546 -> Théorie FLOW de Csíkszentmihályi
B30: © iManagement • s.imboden • www.2iManagement.ch | K30: (Csíkszentmihályi, 1975 & 2000)

Sheet RegelnMotivation
B1: =' '!A410 -> R È G L E S D E LA M O T I V A T I O N
B3: =' '!A411 -> Règles de la motivation reposant sur le bon sens (W. Pelz, 2004) : | C3: =IF(D3=22,1,3) -> 1 | D3: =SUM(C4:C25) -> 22
A4: 1 | B4: =' '!A412 -> Traiter tous les collaborateurs avec estime et respect. | C4: 1
A5: 2 | B5: =' '!A413 -> Fixer des objectifs clairs et réalistes, et faire un retour sur la réalisation des objectifs. | C5: 1
A6: 3 | B6: =' '!A414 -> Suffisamment informer les collaborateurs et les faire participer aux décisions. | C6: 1
A7: 4 | B7: =' '!A415 -> Dire ouvertement ce qui est déjà décidé, et sur quoi une participation des collaborateurs n'est plus possible ou plus souhaitée. | C7: 1
A8: 5 | B8: =' '!A416 -> Déléguer la responsabilité aussi souvent que possible. | C8: 1
A9: 6 | B9: =' '!A417 -> Élargir la marge de manœuvre des collaborateurs autant que possible. | C9: 1
A10: 7 | B10: =' '!A418 -> Tirer parti du savoir et de l'expérience des collaborateurs. | C10: 1
A11: 8 | B11: =' '!A419 -> Faire concorder la responsabilité et les compétences (pouvoirs de décision). | C11: 1
A12: 9 | B12: =' '!A420 -> Fournir des conseils et un appui individuels. | C12: 1
A13: 10 | B13: =' '!A421 -> Reconnaître et encourager la motivation personnelle des collaborateurs. | C13: 1
A14: 11 | B14: =' '!A422 -> Ne pas exagérer les compliments et la reconnaissance. | C14: 1
A15: 12 | B15: =' '!A423 -> En cas d'erreurs, adopter une attitude tournée vers l'avenir, au lieu de rechercher des " fautifs ". | C15: 1
... A25: 22 | B25: =' '!A433 -> Encourager l'autocontrôle. | C25: 1
B26: © iManagement • s.imboden • www.2iManagement.ch

Sheet Volition
B1: =' '!A553 -> Volition (volonté, compétence de réalisation)
B19: © iManagement • s.imboden • www.2iManagement.ch
B57: © iManagement - s.imboden

Sheet GesprächsFormular
B1: =' '!A1198 -> F O R M U L A I R E D' E N T R E T I E N
B3: =' '!A1200 -> Collaborateur(trice) | E3: =' '!A1207 -> Feedback | F3: =' '!A1215 -> - S’assurer de l’acceptation du destinataire ! Demander son autorisation ! - Commencer par livrer un retour positif avant de formuler une critique constructive - Assurez-vous que le destinataire comprend bien votre feed-back. - Soyez aussi concret que possible (factuel). - Soyez descriptif, sans jugements de valeur - Dites les choses comme vous-même seriez prêt à les entendre. - Clarifiez immédiatement les malentendus
B4: =' '!A1201 -> Supérieur(e) hiérarchique | E4: =' '!A1208 -> Communication | F4: =' '!A1216 -> - Communiquer immédiatement sa décision - Autoriser une phase de lamentations - Ne pas revenir sur sa décision - Trouver ensemble des modalités de mise en œuvre
B5: =' '!A1202 -> Motif de l'entretien | E5: =' '!A1209 -> Critique | F5: =' '!A1217 -> - Parler du problème sans détour - Fournir une description détaillée de l’état des choses - Laisser le collaborateur s’exprimer - Évaluer l’état des choses, notamment sur le plan émotionnel - Chercher des solutions et œuvrer pour la réussite - Terminer sur une note positive
B6: =' '!A1203 -> Date (& év. signatures) | E6: =' '!A1210 -> Délégation | F6: =' '!A1218 -> - Description aussi exhaustive que possible de la mission, des attributions et de la responsabilité - Qui, quand, quoi, pourquoi, comment, avec quoi ? - Exprimer ses remerciements !
E7: =' '!A1211 -> Conflit | F7: =' '!A1219 -> - Séparément ou ensemble - Laisser les parties au conflit exprimer leurs émotions - Faire preuve de compréhension envers chacun, mais sans prendre parti - Appréhender le problème grâce à des questions ciblées - Mener vers une solution commune - Répartir des tâches clairement définies - Si aucune solution n’est trouvée, remettre la décision à plus tard
C8: =' '!A1220 -> Préparation
B9: 1 | C9: =' '!A1221 -> Objectif de l'entretien
C10: =' '!A1224 -> Introduction
B11: 2 | C11: =' '!A1225 -> Accueil, objectif et déroulement
B12: 3 | C12: =' '!A1234 -> Règles de l'entretien
C13: =' '!A1227 -> Entretien
A14: =' '!A1727 -> D | B14: 4 | C14: =' '!A1732 -> Décrire son point de vue : J'ai observé que … (je ne laisse pas me couper la parole !)
A15: =' '!A1728 -> I | B15: 5 | C15: =' '!A1733 -> Impact : J’ai un problème (je ne peux pas accepter ce problème !)
A16: =' '!A1729 -> S | B16: 6 | C16: =' '!A1734 -> Sentiments et faits : A cette date j’ai constaté que … (je ne laisse pas dévier du problème !)
A17: =' '!A1730 -> L | B17: 7 | C17: =' '!A1735 -> L’autre point de vue : écouter, Qu'en dis-tu ? Comment puis-je aider ?
A18: =' '!A1731 -> E | B18: 8 | C18: =' '!A1736 -> Et la suite : Objectifs SMART, expliquer les conséquences ? (je documente et j’augmente la «pression» !)
B19: 9 | C19: =' '!A1233 -> Autres remarques
B20: © iManagement • s.imboden • www.2iManagement.ch

Sheet GespraechVorbereiten
B1: =' '!A1643 -> Check-list Préparer les entretiens
B4: =' '!A1644 -> Aspects | D4: =' '!A1645 -> Je procède de la manière suivante : | E4: =' '!A575 -> Délai | F4: =-((SUM(C6:C27))/(COUNT(C6:C27)*3))+133% -> 0.99666667
A5: 1 | B5: =' '!A1646 -> Contenu
A6: 1.1 | B6: =' '!A1647 -> Quels sont mes objectifs à travers cet entretien ? | C6: 1
A7: 1.2 | B7: =' '!A1648 -> Quels sont, d'après moi, les points indiscutables ? | C7: 1
A8: 1.3 | B8: =' '!A1649 -> Quels sont, d'après moi, les points modifiables ou négociables ? | C8: 1
A9: 1.4 | B9: =' '!A1650 -> Quels sont les problèmes que je pose au partenaire ? | C9: 1
A10: 1.5 | B10: =' '!A1651 -> Quels problèmes le sujet pose-t-il au partenaire ? | C10: 1
A11: 1.6 | B11: =' '!A1652 -> Quels sont les sentiments que je suscite chez le partenaire ? | C11: 1
A12: 1.7 | B12: =' '!A1653 -> Quels sont les sentiments que le sujet suscite chez le partenaire ? | C12: 1
A13: 2 | B13: =' '!A1654 -> Contexte environnant | C13: 1
A14: 2.1 | B14: =' '!A1655 -> Exclure les sources de perturbations | C14: 1
A15: 2.2 | B15: =' '!A1656 -> Choisir une salle | C15: 1
A16: 2.3 | B16: =' '!A1657 -> Prévoir du temps | C16: 1
A17: 3 | B17: =' '!A1658 -> Se préparer mentalement à l'entretien
A18: 3.1 | B18: =' '!A1659 -> Prendre la résolution suivante : je veux vraiment comprendre l'autre ! | C18: 1
A19: 3.2 | B19: =' '!A1660 -> Posture : se tourner vers le partenaire ! | C19: 1
A20: 3.3 | B20: =' '!A1661 -> Chercher le contact visuel ! | C20: 1
A21: 3.4 | B21: =' '!A1662 -> Nommer clairement et sans ambiguïté la raison, l'objectif et la durée de l'entretien, ou s'accorder sur ces points. | C21: 1
A22: 4 | B22: =' '!A1663 -> Divers
A23: 4.1
A24: 4.2
A25: 4.3
A26: 4.4
A27: 4.5
B28: © iManagement • s.imboden • www.2iManagement.ch

Sheet FragenFeedback
B1: =' '!A1190 -> Questionnaire 360 degrés
G3: =' '!A923 -> correspond tout à fait | I3: =' '!A924 -> correspond plutôt | K3: =' '!A925 -> correspond partiellement | M3: =' '!A926 -> correspond peu | O3: =' '!A927 -> ne correspond pas du tout | Q3: =' '!A921 -> Points
S4: =' '!A1192 -> Date
S5: =CONCATENATE(' '!A1195," ",Q10," / ",B10," ",' '!A1196," ",M10," / ",O10) -> Questions : 5 / 7 Points : 14 / 25
S6: =' '!A1194 -> Prière de respecter l'anonymat
G7: =(COUNTIF(Q11:Q41,1)/64) -> 0.015625 | I7: =(COUNTIF(Q11:Q41,2)/64) -> 0.015625 | K7: =(COUNTIF(Q11:Q41,3)/64) -> 0.015625 | M7: =(COUNTIF(Q11:Q41,4)/64) -> 0.03125 | O7: =(COUNTIF(Q11:Q41,5)/64) -> 0 | Q7: =IF(O10<>0,M10/O10,0) -> 0.56
B10: =32-COUNTBLANK(D11:D41) -> 7 | D10: =' '!A1193 -> Merci pour la franchise de votre feed-back | F10: =SUM(B131:B134) -> 0 | M10: =SUM(Q11:Q41) -> 14 | N10: / | O10: =COUNT(Q11:Q41)*5 -> 25 | Q10: =COUNT(Q11:Q41) -> 5 | S10: =' '!A914 -> Remarques
A11: =ABS(Q11-#REF!) -> #REF! | B11: 1 | D11: Frage 1 | Q11: 1
A12: =ABS(Q12-#REF!) -> #REF! | B12: 2 | D12: Frage 2 | Q12: 3
A13: =ABS(Q13-#REF!) -> #REF! | B13: 3 | D13: Frage 3 | Q13: 4
A14: =ABS(Q14-#REF!) -> #REF! | B14: 4 | D14: Frage 4 | Q14: 2
A15: =ABS(Q15-#REF!) -> #REF! | B15: 5 | D15: Frage 5 | Q15: 4
A16: =ABS(Q16-#REF!) -> #REF! | B16: 6 | D16: Frage 6
A17: =ABS(Q17-#REF!) -> #REF! | B17: 7
A18: =ABS(Q18-#REF!) -> #REF! | B18: 8
A19: =ABS(Q19-#REF!) -> #REF! | B19: 9
A20: =ABS(Q20-#REF!) -> #REF! | B20: 10
A21: =ABS(Q21-#REF!) -> #REF! | B21: 11
A22: =ABS(Q22-#REF!) -> #REF! | B22: 12
A23: =ABS(Q23-#REF!) -> #REF! | B23: 13
A24: =ABS(Q24-#REF!) -> #REF! | B24: 14
A25: =ABS(Q25-#REF!) -> #REF! | B25: 15
A26: =ABS(Q26-#REF!) -> #REF! | B26: 16
A27: =ABS(Q27-#REF!) -> #REF! | B27: 17
A28: =ABS(Q28-#REF!) -> #REF! | B28: 18
... A41: =ABS(Q41-#REF!) -> #REF! | B41: 31
B43: © iManagement • s.imboden • www.2iManagement.ch
B55: =' '!A775 -> Pour effacer le tableau, veuillez effacer les points dans cette colonne.
H128: Anzahl
G129: 1 | H129: =COUNTIF(Q11:Q41,1) -> 1
G130: 2 | H130: =COUNTIF(Q11:Q41,2) -> 1
G131: 3 | H131: =COUNTIF(Q11:Q41,3) -> 1
G132: 4 | H132: =COUNTIF(Q11:Q41,4) -> 2
G133: 5 | H133: =COUNTIF(Q11:Q41,5) -> 0

Sheet Feedback
B1: =' '!A1181 -> F E E D B A C K 360 D E G R É S
B23: © iManagement • s.imboden • www.2iManagement.ch

Sheet FeedbackGeben
B1: =' '!A1157 -> Les 10 commandements pour DONNER un feed-back
C2: =MenuHRM!M1 -> 0
C3: =-(E3/24)+133.33333% -> 0.91666663 | D3: =IF(E3=10,1,3) -> 1 | E3: =SUM(D4:D13) -> 10
A4: 1 | B4: =' '!A1159 -> Assurez-vous que le destinataire y est disposé ! Demandez son autorisation ! | D4: 1
A5: 2 | B5: =' '!A1160 -> Demandez-vous si vous poursuivez des intentions positives en voulant donner votre feed-back. | D5: 1
A6: 3 | B6: =' '!A1161 -> Choisissez un moment propice pour livrer votre feed-back. | D6: 1
A7: 4 | B7: =' '!A1162 -> Commencez par donner un retour positif avant de formuler une critique constructive. | D7: 1
A8: 5 | B8: =' '!A1163 -> Assurez-vous que le destinataire comprend bien votre feed-back. | D8: 1
A9: 6 | B9: =' '!A1164 -> Soyez concret dans votre feed-back. | D9: 1
A10: 7 | B10: =' '!A1165 -> Soyez descriptif dans votre feed-back, ne portez pas de jugements de valeur. | D10: 1
A11: 8 | B11: =' '!A1166 -> Dites les choses comme vous-même seriez prêt à les entendre. | D11: 1
A12: 9 | B12: =' '!A1167 -> Demandez-vous si votre feed-back a des effets secondaires indésirables. | D12: 1
A13: 10 | B13: =' '!A1168 -> Clarifiez immédiatement les malentendus. | D13: 1
B14: © iManagement • s.imboden • www.2iManagement.ch

Sheet FeedbackEmpfangen
B1: =' '!A1169 -> Les 10 commandements pour RECEVOIR un feed-back
C2: =MenuHRM!M1 -> 0
C3: =-(E3/24)+133.33333% -> 0.91666663 | D3: =IF(E3=10,1,3) -> 1 | E3: =SUM(D4:D13) -> 10
A4: 1 | B4: =' '!A1171 -> Demandez un feed-back aux autres aussi souvent que possible. | D4: 1
A5: 2 | B5: =' '!A1172 -> Assurez-vous que vous êtes vraiment prêt à recevoir un retour. | D5: 1
A6: 3 | B6: =' '!A1173 -> Dites concrètement quelles informations vous souhaitez recevoir. | D6: 1
A7: 4 | B7: =' '!A1174 -> Écoutez attentivement le retour. | D7: 1
A8: 5 | B8: =' '!A1175 -> Évitez d'argumenter ou de vous défendre. | D8: 1
A9: 6 | B9: =' '!A1176 -> Répétez de quelle manière vous avez compris le feed-back. | D9: 1
A10: 7 | B10: =' '!A1177 -> Vérifiez la signification des informations. | D10: 1
A11: 8 | B11: =' '!A1178 -> Demandez quels autres comportements possibles seraient adaptés. | D11: 1
A12: 9 | B12: =' '!A1179 -> Faites part de vos réactions. | D12: 1
A13: 10 | B13: =' '!A1180 -> Adressez vos remerciements pour les retours d'information livrés. | D13: 1
B14: © iManagement • s.imboden • www.2iManagement.ch

Sheet RegelnFeedback
B1: =' '!A1137 -> R È G L E S D U F E E D - B A C K
C2: =MenuHRM!M1 -> 0
C3: =-(E3/24)+133.33333% -> 0.99999997 | D3: =IF(E3=8,1,3) -> 1 | E3: =SUM(D4:D19) -> 8
A4: 1 | B4: =' '!A1139 -> Je suis o.k. - tu es o.k. | D4: 1
B5: =' '!A1140 -> Les remarques relatives au comportement personnel permettent d'en savoir plus sur la manière dont les autres perçoivent chacun de nous. Il ne s'agit ni de vérités objectives, ni de jugements de valeur, mais de perceptions subjectives. Elles ne portent pas sur la personnalité mais sur le comportement d'une personne. Une estime mutuelle est une condition requise pour un feed-back efficace.
A6: 2 | B6: =' '!A1141 -> Décrire - ne pas évaluer | D6: 1
B7: =' '!A1142 -> Celui qui donne un feed-back décrit ses perceptions et ses observations ainsi que ce qu'elles déclenchent en lui : des sentiments, des sensations, des questions, des réflexions. Il ne porte aucun jugement de valeur, ne fait aucun reproche et ne fait pas la morale.
A8: 3 | B8: =' '!A1143 -> Retours positifs et critiques | D8: 1
B9: =' '!A1144 -> Un feed-back doit comporter des retours positifs et critiques. Une approche unilatérale entraîne des distorsions.
A10: 4 | B10: =' '!A1145 -> Retour aussi concret que possible | D10: 1
B11: =' '!A1146 -> Les généralités ne sont d'aucune utilité pour le destinataire. Le feed-back doit être concret et doit s'appuyer, autant que possible, sur un exemple précis.
A12: 5 | B12: =' '!A1147 -> Chacun parle pour soi-même | D12: 1
B13: =' '!A1148 -> Chacun s'exprime à la 1re personne du singulier, sans utiliser le " on ". Le feed-back passe, autant que possible, par des messages formulés à la 1re personne du singulier.
A14: 6 | B14: =' '!A1149 -> Réagir en cas de malaise | D14: 1
B15: =' '!A1150 -> Celui qui se sent blessé ou déstabilisé par la situation en présence en fait part à l'autre.
A16: 7 | B16: =' '!A1151 -> Chacun est responsable de lui-même | D16: 1
B17: =' '!A1152 -> Les retours ne sont ni des ordres, ni des instructions visant un changement du comportement, mais des invitations à s'auto-évaluer. Le destinataire décide lui-même s'il souhaite changer quelque chose et, le cas échéant, ce qu'il souhaite changer et de quelle manière il souhaite le faire.
A18: 8 | B18: =' '!A1153 -> Stricte confidentialité | D18: 1
B19: =' '!A1154 -> Tout ce qui est abordé dans le cadre d'un feed-back individuel reste exclusivement à la connaissance des personnes présentes et n'est pas divulgué à l'extérieur.
B20: © iManagement • s.imboden • www.2iManagement.ch

Sheet Selbstkonzept
B1: =' '!A1235 -> C O N C E P T D E S O I
B34: © iManagement • s.imboden • www.2iManagement.ch

Sheet Johari
B1: =' '!A1258 -> F E N Ê T R E D E J O H A R I
B29: © iManagement • s.imboden • www.2iManagement.ch

Sheet Johari2
B1: =' '!A1258 -> F E N Ê T R E D E J O H A R I
B29: © iManagement • s.imboden • www.2iManagement.ch

Sheet Entwicklung
B1: =' '!A43 -> D É V E L O P P E M E N T D U P E R S O N N E L
B24: © iManagement • s.imboden • www.2iManagement.ch

Sheet UebersichtEntwicklung
B1: =' '!A1530 -> Aperçu du développement du personnel
E36: © iManagement • s.imboden • www.2iManagement.ch

Sheet Swot-Analyse
B1: =' '!A134 -> P R O F I L F O R C E S – F A I B L E S S E S
C2: =' '!A142 -> Nom, prénom | E2: =' '!A143 -> Date | G2: =' '!A139 -> Département / équipe
C8: =' '!A140 -> Forces | G8: =' '!A141 -> Faiblesses
B9: s1 | C9: Force 1 | D9: 3 | F9: w1 | G9: Faiblesse 1 | H9: -5
B10: s2 | D10: 3 | F10: w2 | H10: -4
B11: s3 | D11: 4 | F11: w3 | H11: -2
B12: s4 | D12: 4 | F12: w4 | H12: -3
B13: s5 | D13: 1 | F13: w5 | H13: -3
B14: s6 | D14: 1 | F14: w6 | H14: -3
B15: s7 | D15: 2 | F15: w7 | H15: -2
B16: s8 | D16: 1 | F16: w8 | H16: -2
B17: s9 | D17: 2 | F17: w9 | H17: -1
B18: s10 | D18: 1 | F18: w10 | H18: -2
B19: s11 | D19: 2 | F19: w11 | H19: -2
B20: s12 | D20: 1 | F20: w12 | H20: -2
B21: s13 | D21: 2 | F21: w13 | H21: -2
... B26: s18 | D26: 1 | F26: w18 | H26: -5
B27: © iManagement • s.imboden • www.2iManagement.ch

Sheet Selbst
B1: =' '!A844 -> C O M P E T E N C E S - C L E S | U1: =' '!A915 -> Image de soi
F3: 320 | I3: =' '!A927 -> ne correspond pas du tout | K3: =' '!A926 -> correspond peu | M3: =' '!A925 -> correspond partiellement | O3: =' '!A924 -> correspond plutôt | Q3: =' '!A923 -> correspond tout à fait | S3: =' '!A921 -> Points | V3: =CONCATENATE(' '!A919," ",F4," / ",F3) -> Total image de soi : 0 / 320
F4: =(O10+O27+O44+O61) -> 0 | V4: =' '!A917 -> Nom
V5: =' '!A918 -> Date
V6: =CONCATENATE(' '!A920," ",Fremd!E4," / ",Fremd!E3) -> Total image des autres : 0 / 320
I7: =(COUNTIF(S11:S77,1)/64) -> 0 | K7: =(COUNTIF(S11:S77,2)/64) -> 0 | M7: =(COUNTIF(S11:S77,3)/64) -> 0 | O7: =(COUNTIF(S11:S77,4)/64) -> 0 | Q7: =(COUNTIF(S11:S77,5)/64) -> 0 | S7: =IF(F3<>0,F4/F3,0) -> 0
C10: 1 | E10: =' '!A846 -> COMPETENCES PERSONNELLES | H10: =SUM(C206:C209) -> 0 | O10: =SUM(S11:S26) -> 0 | P10: / | Q10: 80 | V10: =' '!A914 -> Remarques
A11: =ABS(S11-T11) -> 0 | B11: =IF(T11<>0, IF(A11=0,1, IF(A11=1,1, IF(A11>=3,3,2))),1) -> 1 | C11: 1.1 | E11: =' '!A847 -> Loyauté | T11: =Fremd!R11 -> 0
A12: =ABS(S12-T12) -> 0 | B12: =IF(T12<>0, IF(A12=0,1, IF(A12=1,1, IF(A12>=3,3,2))),1) -> 1 | C12: 1.2 | E12: =' '!A848 -> Attitude éthique | T12: =Fremd!R12 -> 0
A13: =ABS(S13-T13) -> 0 | B13: =IF(T13<>0, IF(A13=0,1, IF(A13=1,1, IF(A13>=3,3,2))),1) -> 1 | C13: 1.3 | E13: =' '!A849 -> Crédibilité | T13: =Fremd!R13 -> 0
A14: =ABS(S14-T14) -> 0 | B14: =IF(T14<>0, IF(A14=0,1, IF(A14=1,1, IF(A14>=3,3,2))),1) -> 1 | C14: 1.4 | E14: =' '!A850 -> Responsabilité personnelle | T14: =Fremd!R14 -> 0
A15: =ABS(S15-T15) -> 0 | B15: =IF(T15<>0, IF(A15=0,1, IF(A15=1,1, IF(A15>=3,3,2))),1) -> 1 | C15: 1.5 | E15: =' '!A851 -> Dévouement à la tâche | T15: =Fremd!R15 -> 0
A16: =ABS(S16-T16) -> 0 | B16: =IF(T16<>0, IF(A16=0,1, IF(A16=1,1, IF(A16>=3,3,2))),1) -> 1 | C16: 1.6 | E16: =' '!A852 -> Autogestion | T16: =Fremd!R16 -> 0
A17: =ABS(S17-T17) -> 0 | B17: =IF(T17<>0, IF(A17=0,1, IF(A17=1,1, IF(A17>=3,3,2))),1) -> 1 | C17: 1.7 | E17: =' '!A853 -> Capacité créatrice | T17: =Fremd!R17 -> 0
A18: =ABS(S18-T18) -> 0 | B18: =IF(T18<>0, IF(A18=0,1, IF(A18=1,1, IF(A18>=3,3,2))),1) -> 1 | C18: 1.8 | E18: =' '!A854 -> Ouverture au changement | T18: =Fremd!R18 -> 0
A19: =ABS(S19-T19) -> 0 | B19: =IF(T19<>0, IF(A19=0,1, IF(A19=1,1, IF(A19>=3,3,2))),1) -> 1 | C19: 1.9 | E19: =' '!A855 -> Humour | T19: =Fremd!R19 -> 0
A20: =ABS(S20-T20) -> 0 | B20: =IF(T20<>0, IF(A20=0,1, IF(A20=1,1, IF(A20>=3,3,2))),1) -> 1 | C20: 1.1 | E20: =' '!A856 -> Serviabilité | T20: =Fremd!R20 -> 0
A21: =ABS(S21-T21) -> 0 | B21: =IF(T21<>0, IF(A21=0,1, IF(A21=1,1, IF(A21>=3,3,2))),1) -> 1 | C21: 1.11 | E21: =' '!A857 -> Stimulation des collaborateurs | T21: =Fremd!R21 -> 0
A22: =ABS(S22-T22) -> 0 | B22: =IF(T22<>0, IF(A22=0,1, IF(A22=1,1, IF(A22>=3,3,2))),1) -> 1 | C22: 1.12 | E22: =' '!A858 -> Délégation | T22: =Fremd!R22 -> 0
... A26: =ABS(S26-T26) -> 0 | B26: =IF(T26<>0, IF(A26=0,1, IF(A26=1,1, IF(A26>=3,3,2))),1) -> 1 | C26: 1.16 | E26: =' '!A862 -> Fiabilité | T26: =Fremd!R26 -> 0
C27: 2 | E27: =' '!A863 -> COMPETENCES D'ACTION | H27: =SUM(C223:C226) -> 0 | O27: =SUM(S28:S43) -> 0 | P27: / | Q27: 80 | T27: =Fremd!R27 -> 0 | V27: =$V$10 -> Remarques
A28: =ABS(S28-T28) -> 0 | B28: =IF(T28<>0, IF(A28=0,1, IF(A28=1,1, IF(A28>=3,3,2))),1) -> 1 | C28: 2.1 | E28: =' '!A864 -> Faculté de décision | T28: =Fremd!R28 -> 0
A29: =ABS(S29-T29) -> 0 | B29: =IF(T29<>0, IF(A29=0,1, IF(A29=1,1, IF(A29>=3,3,2))),1) -> 1 | C29: 2.2 | E29: =' '!A865 -> Volonté de créer | T29: =Fremd!R29 -> 0
A30: =ABS(S30-T30) -> 0 | B30: =IF(T30<>0, IF(A30=0,1, IF(A30=1,1, IF(A30>=3,3,2))),1) -> 1 | C30: 2.3 | E30: =' '!A866 -> Goût de l'innovation | T30: =Fremd!R30 -> 0
A31: =ABS(S31-T31) -> 0 | B31: =IF(T31<>0, IF(A31=0,1, IF(A31=1,1, IF(A31>=3,3,2))),1) -> 1 | C31: 2.4 | E31: =' '!A867 -> Endurance | T31: =Fremd!R31 -> 0
A32: =ABS(S32-T32) -> 0 | B32: =IF(T32<>0, IF(A32=0,1, IF(A32=1,1, IF(A32>=3,3,2))),1) -> 1 | C32: 2.5 | E32: =' '!A868 -> Dynamisme (volition) | T32: =Fremd!R32 -> 0
A33: =ABS(S33-T33) -> 0 | B33: =IF(T33<>0, IF(A33=0,1, IF(A33=1,1, IF(A33>=3,3,2))),1) -> 1 | C33: 2.6 | E33: =' '!A869 -> Mobilité | T33: =Fremd!R33 -> 0
A34: =ABS(S34-T34) -> 0 | B34: =IF(T34<>0, IF(A34=0,1, IF(A34=1,1, IF(A34>=3,3,2))),1) -> 1 | C34: 2.7 | E34: =' '!A870 -> Capacité d'exécution | T34: =Fremd!R34 -> 0
A35: =ABS(S35-T35) -> 0 | B35: =IF(T35<>0, IF(A35=0,1, IF(A35=1,1, IF(A35>=3,3,2))),1) -> 1 | C35: 2.8 | E35: =' '!A871 -> Esprit d'initiative | T35: =Fremd!R35 -> 0
A36: =ABS(S36-T36) -> 0 | B36: =IF(T36<>0, IF(A36=0,1, IF(A36=1,1, IF(A36>=3,3,2))),1) -> 1 | C36: 2.9 | E36: =' '!A872 -> Optimisme | T36: =Fremd!R36 -> 0
A37: =ABS(S37-T37) -> 0 | B37: =IF(T37<>0, IF(A37=0,1, IF(A37=1,1, IF(A37>=3,3,2))),1) -> 1 | C37: 2.1 | E37: =' '!A873 -> Engagement social | T37: =Fremd!R37 -> 0
A38: =ABS(S38-T38) -> 0 | B38: =IF(T38<>0, IF(A38=0,1, IF(A38=1,1, IF(A38>=3,3,2))),1) -> 1 | C38: 2.11 | E38: =' '!A874 -> Incitation | T38: =Fremd!R38 -> 0
A39: =ABS(S39-T39) -> 0 | B39: =IF(T39<>0, IF(A39=0,1, IF(A39=1,1, IF(A39>=3,3,2))),1) -> 1 | C39: 2.12 | E39: =' '!A875 -> Esprit de repartie | T39: =Fremd!R39 -> 0
... A43: =ABS(S43-T43) -> 0 | B43: =IF(T43<>0, IF(A43=0,1, IF(A43=1,1, IF(A43>=3,3,2))),1) -> 1 | C43: 2.16 | E43: =' '!A879 -> Détermination | T43: =Fremd!R43 -> 0
C44: 3 | E44: =' '!A880 -> COMPETENCES SOCIALES | H44: =SUM(C240:C243) -> 0 | O44: =SUM(S45:S60) -> 0 | P44: / | Q44: 80 | T44: =Fremd!R44 -> 0 | V44: =$V$10 -> Remarques
A45: =ABS(S45-T45) -> 0 | B45: =IF(T45<>0, IF(A45=0,1, IF(A45=1,1, IF(A45>=3,3,2))),1) -> 1 | C45: 3.1 | E45: =' '!A881 -> Aptitude à résoudre les conflits | T45: =Fremd!R45 -> 0
A46: =ABS(S46-T46) -> 0 | B46: =IF(T46<>0, IF(A46=0,1, IF(A46=1,1, IF(A46>=3,3,2))),1) -> 1 | C46: 3.2 | E46: =' '!A882 -> Capacité d'intégration | T46: =Fremd!R46 -> 0
A47: =ABS(S47-T47) -> 0 | B47: =IF(T47<>0, IF(A47=0,1, IF(A47=1,1, IF(A47>=3,3,2))),1) -> 1 | C47: 3.3 | E47: =' '!A883 -> Aptitude au travail en équipe | T47: =Fremd!R47 -> 0
A48: =ABS(S48-T48) -> 0 | B48: =IF(T48<>0, IF(A48=0,1, IF(A48=1,1, IF(A48>=3,3,2))),1) -> 1 | C48: 3.4 | E48: =' '!A884 -> Aptitude au dialogue | T48: =Fremd!R48 -> 0
A49: =ABS(S49-T49) -> 0 | B49: =IF(T49<>0, IF(A49=0,1, IF(A49=1,1, IF(A49>=3,3,2))),1) -> 1 | C49: 3.5 | E49: =' '!A885 -> Forte aptitude à la prospection | T49: =Fremd!R49 -> 0
A50: =ABS(S50-T50) -> 0 | B50: =IF(T50<>0, IF(A50=0,1, IF(A50=1,1, IF(A50>=3,3,2))),1) -> 1 | C50: 3.6 | E50: =' '!A886 -> Aptitude à résoudre les problèmes | T50: =Fremd!R50 -> 0
A51: =ABS(S51-T51) -> 0 | B51: =IF(T51<>0, IF(A51=0,1, IF(A51=1,1, IF(A51>=3,3,2))),1) -> 1 | C51: 3.7 | E51: =' '!A887 -> Goût de l'expérimentation | T51: =Fremd!R51 -> 0
A52: =ABS(S52-T52) -> 0 | B52: =IF(T52<>0, IF(A52=0,1, IF(A52=1,1, IF(A52>=3,3,2))),1) -> 1 | C52: 3.8 | E52: =' '!A888 -> Aptitude au conseil | T52: =Fremd!R52 -> 0
A53: =ABS(S53-T53) -> 0 | B53: =IF(T53<>0, IF(A53=0,1, IF(A53=1,1, IF(A53>=3,3,2))),1) -> 1 | C53: 3.9 | E53: =' '!A889 -> Aptitude à la communication | T53: =Fremd!R53 -> 0
A54: =ABS(S54-T54) -> 0 | B54: =IF(T54<>0, IF(A54=0,1, IF(A54=1,1, IF(A54>=3,3,2))),1) -> 1 | C54: 3.1 | E54: =' '!A890 -> Aptitude à la coopération | T54: =Fremd!R54 -> 0
A55: =ABS(S55-T55) -> 0 | B55: =IF(T55<>0, IF(A55=0,1, IF(A55=1,1, IF(A55>=3,3,2))),1) -> 1 | C55: 3.11 | E55: =' '!A891 -> Gestion relationnelle | T55: =Fremd!R55 -> 0
A56: =ABS(S56-T56) -> 0 | B56: =IF(T56<>0, IF(A56=0,1, IF(A56=1,1, IF(A56>=3,3,2))),1) -> 1 | C56: 3.12 | E56: =' '!A892 -> Capacité d'adaptation | T56: =Fremd!R56 -> 0
... A60: =ABS(S60-T60) -> 0 | B60: =IF(T60<>0, IF(A60=0,1, IF(A60=1,1, IF(A60>=3,3,2))),1) -> 1 | C60: 3.16 | E60: =' '!A896 -> Conscience professionnelle | T60: =Fremd!R60 -> 0
C61: 4 | E61: =' '!A897 -> COMPETENCE METHODOLOGIQUE | H61: =SUM(C257:C260) -> 0 | O61: =SUM(S62:S77) -> 0 | P61: / | Q61: 80 | T61: =Fremd!R61 -> 0 | V61: =$V$10 -> Remarques
A62: =ABS(S62-T62) -> 0 | B62: =IF(T62<>0, IF(A62=0,1, IF(A62=1,1, IF(A62>=3,3,2))),1) -> 1 | C62: 4.1 | E62: =' '!A898 -> Approche axée sur les connaissances | T62: =Fremd!R62 -> 0
A63: =ABS(S63-T63) -> 0 | B63: =IF(T63<>0, IF(A63=0,1, IF(A63=1,1, IF(A63>=3,3,2))),1) -> 1 | C63: 4.1 | E63: =' '!A899 -> Aptitudes analytiques | T63: =Fremd!R63 -> 0
A64: =ABS(S64-T64) -> 0 | B64: =IF(T64<>0, IF(A64=0,1, IF(A64=1,1, IF(A64>=3,3,2))),1) -> 1 | C64: 4.1 | E64: =' '!A900 -> Approche factuelle | T64: =Fremd!R64 -> 0
A65: =ABS(S65-T65) -> 0 | B65: =IF(T65<>0, IF(A65=0,1, IF(A65=1,1, IF(A65>=3,3,2))),1) -> 1 | C65: 4.1 | E65: =' '!A901 -> Capacité de jugement | T65: =Fremd!R65 -> 0
A66: =ABS(S66-T66) -> 0 | B66: =IF(T66<>0, IF(A66=0,1, IF(A66=1,1, IF(A66>=3,3,2))),1) -> 1 | C66: 4.1 | E66: =' '!A902 -> Force conceptuelle | T66: =Fremd!R66 -> 0
A67: =ABS(S67-T67) -> 0 | B67: =IF(T67<>0, IF(A67=0,1, IF(A67=1,1, IF(A67>=3,3,2))),1) -> 1 | C67: 4.1 | E67: =' '!A903 -> Aptitude organisationnelle | T67: =Fremd!R67 -> 0
A68: =ABS(S68-T68) -> 0 | B68: =IF(T68<>0, IF(A68=0,1, IF(A68=1,1, IF(A68>=3,3,2))),1) -> 1 | C68: 4.1 | E68: =' '!A904 -> Zèle | T68: =Fremd!R68 -> 0
A69: =ABS(S69-T69) -> 0 | B69: =IF(T69<>0, IF(A69=0,1, IF(A69=1,1, IF(A69>=3,3,2))),1) -> 1 | C69: 4.1 | E69: =' '!A905 -> Approche systématique | T69: =Fremd!R69 -> 0
A70: =ABS(S70-T70) -> 0 | B70: =IF(T70<>0, IF(A70=0,1, IF(A70=1,1, IF(A70>=3,3,2))),1) -> 1 | C70: 4.1 | E70: =' '!A906 -> Gestion de projet | T70: =Fremd!R70 -> 0
A71: =ABS(S71-T71) -> 0 | B71: =IF(T71<>0, IF(A71=0,1, IF(A71=1,1, IF(A71>=3,3,2))),1) -> 1 | C71: 4.1 | E71: =' '!A907 -> Conscience des conséquences de décisions | T71: =Fremd!R71 -> 0
A72: =ABS(S72-T72) -> 0 | B72: =IF(T72<>0, IF(A72=0,1, IF(A72=1,1, IF(A72>=3,3,2))),1) -> 1 | C72: 4.11 | E72: =' '!A908 -> Aptitude didactique | T72: =Fremd!R72 -> 0
A73: =ABS(S73-T73) -> 0 | B73: =IF(T73<>0, IF(A73=0,1, IF(A73=1,1, IF(A73>=3,3,2))),1) -> 1 | C73: 4.12 | E73: =' '!A909 -> Reconnaissance professionnelle | T73: =Fremd!R73 -> 0
... A77: =ABS(S77-T77) -> 0 | B77: =IF(T77<>0, IF(A77=0,1, IF(A77=1,1, IF(A77>=3,3,2))),1) -> 1 | C77: 4.16 | E77: =' '!A913 -> Aptitudes interdisciplinaires | T77: =Fremd!R77 -> 0
B79: © iManagement • s.imboden • www.2iManagement.ch | V79: Quelle: www.competenzia.de
C82: =E10 -> COMPETENCES PERSONNELLES | D82: =IF(O10<>0,5/Q10*O10,0.1) -> 0.1 | E82: =IF(Fremd!N10<>0,5/Fremd!P10*Fremd!N10,0.1) -> 0.1
C83: =E27 -> COMPETENCES D'ACTION | D83: =IF(O27<>0,5/Q27*O27,0.1) -> 0.1 | E83: =IF(Fremd!N27<>0,5/Fremd!P27*Fremd!N27,0.1) -> 0.1
C84: =E44 -> COMPETENCES SOCIALES | D84: =IF(O44<>0,5/Q44*O44,0.1) -> 0.1 | E84: =IF(Fremd!N44<>0,5/Fremd!P44*Fremd!N44,0.1) -> 0.1
C85: =E61 -> COMPETENCE METHODOLOGIQUE | D85: =IF(O61<>0,5/Q61*O61,0.1) -> 0.1 | E85: =IF(Fremd!N61<>0,5/Fremd!P61*Fremd!N61,0.1) -> 0.1
C130: =' '!A775 -> Pour effacer le tableau, veuillez effacer les points dans cette colonne.
J203: Anzahl
I204: 1 | J204: =COUNTIF(S11:S77,1) -> 0
I205: 2 | J205: =COUNTIF(S11:S77,2) -> 0
I206: 3 | J206: =COUNTIF(S11:S77,3) -> 0
I207: 4 | J207: =COUNTIF(S11:S77,4) -> 0
I208: 5 | J208: =COUNTIF(S11:S77,5) -> 0

Sheet Fremd
B1: =' '!A844 -> C O M P E T E N C E S - C L E S | T1: =' '!A916 -> Image des autres
E3: 320 | H3: =' '!A927 -> ne correspond pas du tout | J3: =' '!A926 -> correspond peu | L3: =' '!A925 -> correspond partiellement | N3: =' '!A924 -> correspond plutôt | P3: =' '!A923 -> correspond tout à fait | R3: =' '!A921 -> Points
E4: =(N10+N27+N44+N61) -> 0 | U4: =Selbst!V4 -> Nom
U5: =Selbst!V5 -> Date
U6: =CONCATENATE(' '!A920," ",E4," / ",E3) -> Total image des autres : 0 / 320
H7: =(COUNTIF(R11:R77,1)/64) -> 0 | J7: =(COUNTIF(R11:R77,2)/64) -> 0 | L7: =(COUNTIF(R11:R77,3)/64) -> 0 | N7: =(COUNTIF(R11:R77,4)/64) -> 0 | P7: =(COUNTIF(R11:R77,5)/64) -> 0 | R7: =IF(E3<>0,E4/E3,0) -> 0
B10: 1 | D10: =' '!A846 -> COMPETENCES PERSONNELLES | G10: =SUM(B167:B170) -> 0 | N10: =SUM(R11:R26) -> 0 | O10: / | P10: 80 | U10: =' '!A914 -> Remarques
A11: =ABS(R11-#REF!) -> #REF! | B11: 1.1 | D11: =' '!A847 -> Loyauté
A12: =ABS(R12-#REF!) -> #REF! | B12: 1.2 | D12: =' '!A848 -> Attitude éthique
A13: =ABS(R13-#REF!) -> #REF! | B13: 1.3 | D13: =' '!A849 -> Crédibilité
A14: =ABS(R14-#REF!) -> #REF! | B14: 1.4 | D14: =' '!A850 -> Responsabilité personnelle
A15: =ABS(R15-#REF!) -> #REF! | B15: 1.5 | D15: =' '!A851 -> Dévouement à la tâche
A16: =ABS(R16-#REF!) -> #REF! | B16: 1.6 | D16: =' '!A852 -> Autogestion
A17: =ABS(R17-#REF!) -> #REF! | B17: 1.7 | D17: =' '!A853 -> Capacité créatrice
A18: =ABS(R18-#REF!) -> #REF! | B18: 1.8 | D18: =' '!A854 -> Ouverture au changement
A19: =ABS(R19-#REF!) -> #REF! | B19: 1.9 | D19: =' '!A855 -> Humour
A20: =ABS(R20-#REF!) -> #REF! | B20: 1.1 | D20: =' '!A856 -> Serviabilité
A21: =ABS(R21-#REF!) -> #REF! | B21: 1.11 | D21: =' '!A857 -> Stimulation des collaborateurs
A22: =ABS(R22-#REF!) -> #REF! | B22: 1.12 | D22: =' '!A858 -> Délégation
... A26: =ABS(R26-#REF!) -> #REF! | B26: 1.16 | D26: =' '!A862 -> Fiabilité
B27: 2 | D27: =' '!A863 -> COMPETENCES D'ACTION | G27: =SUM(B184:B187) -> 0 | N27: =SUM(R28:R43) -> 0 | O27: / | P27: 80 | U27: =$U$10 -> Remarques
A28: =ABS(R28-#REF!) -> #REF! | B28: 2.1 | D28: =' '!A864 -> Faculté de décision
A29: =ABS(R29-#REF!) -> #REF! | B29: 2.2 | D29: =' '!A865 -> Volonté de créer
A30: =ABS(R30-#REF!) -> #REF! | B30: 2.3 | D30: =' '!A866 -> Goût de l'innovation
A31: =ABS(R31-#REF!) -> #REF! | B31: 2.4 | D31: =' '!A867 -> Endurance
A32: =ABS(R32-#REF!) -> #REF! | B32: 2.5 | D32: =' '!A868 -> Dynamisme (volition)
A33: =ABS(R33-#REF!) -> #REF! | B33: 2.6 | D33: =' '!A869 -> Mobilité
A34: =ABS(R34-#REF!) -> #REF! | B34: 2.7 | D34: =' '!A870 -> Capacité d'exécution
A35: =ABS(R35-#REF!) -> #REF! | B35: 2.8 | D35: =' '!A871 -> Esprit d'initiative
A36: =ABS(R36-#REF!) -> #REF! | B36: 2.9 | D36: =' '!A872 -> Optimisme
A37: =ABS(R37-#REF!) -> #REF! | B37: 2.1 | D37: =' '!A873 -> Engagement social
A38: =ABS(R38-#REF!) -> #REF! | B38: 2.11 | D38: =' '!A874 -> Incitation
A39: =ABS(R39-#REF!) -> #REF! | B39: 2.12 | D39: =' '!A875 -> Esprit de repartie
... A43: =ABS(R43-#REF!) -> #REF! | B43: 2.16 | D43: =' '!A879 -> Détermination
B44: 3 | D44: =' '!A880 -> COMPETENCES SOCIALES | G44: =SUM(B201:B204) -> 0 | N44: =SUM(R45:R60) -> 0 | O44: / | P44: 80 | U44: =$U$10 -> Remarques
A45: =ABS(R45-#REF!) -> #REF! | B45: 3.1 | D45: =' '!A881 -> Aptitude à résoudre les conflits
A46: =ABS(R46-#REF!) -> #REF! | B46: 3.2 | D46: =' '!A882 -> Capacité d'intégration
A47: =ABS(R47-#REF!) -> #REF! | B47: 3.3 | D47: =' '!A883 -> Aptitude au travail en équipe
A48: =ABS(R48-#REF!) -> #REF! | B48: 3.4 | D48: =' '!A884 -> Aptitude au dialogue
A49: =ABS(R49-#REF!) -> #REF! | B49: 3.5 | D49: =' '!A885 -> Forte aptitude à la prospection
A50: =ABS(R50-#REF!) -> #REF! | B50: 3.6 | D50: =' '!A886 -> Aptitude à résoudre les problèmes
A51: =ABS(R51-#REF!) -> #REF! | B51: 3.7 | D51: =' '!A887 -> Goût de l'expérimentation
A52: =ABS(R52-#REF!) -> #REF! | B52: 3.8 | D52: =' '!A888 -> Aptitude au conseil
A53: =ABS(R53-#REF!) -> #REF! | B53: 3.9 | D53: =' '!A889 -> Aptitude à la communication
A54: =ABS(R54-#REF!) -> #REF! | B54: 3.1 | D54: =' '!A890 -> Aptitude à la coopération
A55: =ABS(R55-#REF!) -> #REF! | B55: 3.11 | D55: =' '!A891 -> Gestion relationnelle
A56: =ABS(R56-#REF!) -> #REF! | B56: 3.12 | D56: =' '!A892 -> Capacité d'adaptation
... A60: =ABS(R60-#REF!) -> #REF! | B60: 3.16 | D60: =' '!A896 -> Conscience professionnelle
B61: 4 | D61: =' '!A897 -> COMPETENCE METHODOLOGIQUE | G61: =SUM(B218:B221) -> 0 | N61: =SUM(R62:R77) -> 0 | O61: / | P61: 80 | U61: =$U$10 -> Remarques
A62: =ABS(R62-#REF!) -> #REF! | B62: 4.1 | D62: =' '!A898 -> Approche axée sur les connaissances
A63: =ABS(R63-#REF!) -> #REF! | B63: 4.1 | D63: =' '!A899 -> Aptitudes analytiques
A64: =ABS(R64-#REF!) -> #REF! | B64: 4.1 | D64: =' '!A900 -> Approche factuelle
A65: =ABS(R65-#REF!) -> #REF! | B65: 4.1 | D65: =' '!A901 -> Capacité de jugement
A66: =ABS(R66-#REF!) -> #REF! | B66: 4.1 | D66: =' '!A902 -> Force conceptuelle
A67: =ABS(R67-#REF!) -> #REF! | B67: 4.1 | D67: =' '!A903 -> Aptitude organisationnelle
A68: =ABS(R68-#REF!) -> #REF! | B68: 4.1 | D68: =' '!A904 -> Zèle
A69: =ABS(R69-#REF!) -> #REF! | B69: 4.1 | D69: =' '!A905 -> Approche systématique
A70: =ABS(R70-#REF!) -> #REF! | B70: 4.1 | D70: =' '!A906 -> Gestion de projet
A71: =ABS(R71-#REF!) -> #REF! | B71: 4.1 | D71: =' '!A907 -> Conscience des conséquences de décisions
A72: =ABS(R72-#REF!) -> #REF! | B72: 4.11 | D72: =' '!A908 -> Aptitude didactique
A73: =ABS(R73-#REF!) -> #REF! | B73: 4.12 | D73: =' '!A909 -> Reconnaissance professionnelle
... A77: =ABS(R77-#REF!) -> #REF! | B77: 4.16 | D77: =' '!A913 -> Aptitudes interdisciplinaires
B79: © iManagement • s.imboden • www.2iManagement.ch | U79: Quelle: www.competenzia.de
B91: =' '!A775 -> Pour effacer le tableau, veuillez effacer les points dans cette colonne.
I164: Anzahl
H165: 1 | I165: =COUNTIF(R11:R77,1) -> 0
H166: 2 | I166: =COUNTIF(R11:R77,2) -> 0
H167: 3 | I167: =COUNTIF(R11:R77,3) -> 0
H168: 4 | I168: =COUNTIF(R11:R77,4) -> 0
H169: 5 | I169: =COUNTIF(R11:R77,5) -> 0

Sheet Kernkompetenzen
B1: =' '!A256 -> C O M P É T E N C E S D E B A S E
C3: =' '!A944 -> Nom | E3: =' '!C945 -> Datum
B5: =' '!A263 -> No. | C5: =' '!A258 -> Compétences de base | D5: =' '!A270 -> Plus value pour entrepr. | E5: =' '!A271 -> Difficile à substituer | F5: =' '!A265 -> Chances principales | G5: =' '!A266 -> Dangers principaux | H5: =' '!A273 -> Statut
B6: C1 | C6: Competence 1 | D6: 4 | E6: 2 | H6: 1
B7: C2 | C7: Competence 2 | D7: 2 | E7: 4
B8: C3
B9: C4
B10: C5
B11: C6
B12: C7
B13: C8
B14: C9
B15: C10
B16: C11
B17: C12
G33: =CONCATENATE(" ",B6," ",C6) -> C1 Competence 1
G34: =CONCATENATE(" ",B7," ",C7) -> C2 Competence 2
G35: =CONCATENATE(" ",B8," ",C8) -> C3
G36: =CONCATENATE(" ",B9," ",C9) -> C4
G37: =CONCATENATE(" ",B10," ",C10) -> C5
G38: =CONCATENATE(" ",B11," ",C11) -> C6
G39: =CONCATENATE(" ",B12," ",C12) -> C7
G40: =CONCATENATE(" ",B13," ",C13) -> C8
G41: =CONCATENATE(" ",B14," ",C14) -> C9
G42: =CONCATENATE(" ",B15," ",C15) -> C10
G43: =CONCATENATE(" ",B16," ",C16) -> C11
G44: =CONCATENATE(" ",B17," ",C17) -> C12
B49: © iManagement • s.imboden • www.2iManagement.ch

Sheet Entwicklungsmassnahmen
B1: =' '!A928 -> M E S U R E S D E D E V E L O P P E M E N T
B3: =' '!A201 -> du: | C3: 41640 | D3: =' '!A202 -> au: | E3: 42004 | F3: =' '!A944 -> Nom | G3: XYZ
B5: =' '!A929 -> N° | C5: =' '!A930 -> Compétences que je souhaite améliorer | D5: =' '!A931 -> Forme | E5: =' '!A932 -> Mesure | F5: =' '!A937 -> Objectif | G5: =' '!A938 -> Indicateur | H5: =' '!A940 -> Être | I5: =' '!A939 -> Doit | J5: =' '!A941 -> Atteint | K5: =' '!A942 -> Délai | L5: =' '!A943 -> Statut
B6: 1 | C6: Projektmanagement | D6: extern | E6: CAS Projektmanagement besuchen | F6: Projektmanagementkompetenzen aneignen | G6: Erfolgreicher Abschluss | H6: 0 | I6: 1 | J6: =IF(OR(I6="",ISERROR(H6/I6)),"",H6/I6) -> 0 | K6: 41943 | L6: 1
B7: 2 | C7: Projektmanagement | D7: on the job | E7: Intern ein mittelgrosses Projekt selbstständig leiten | F7: Transfer der theoretischen Kenntnisse in die Praxis | G7: Feedback KollegenInnen (1 - 6) | H7: 3 | I7: 5 | J7: =IF(OR(I7="",ISERROR(H7/I7)),"",H7/I7) -> 0.6 | K7: 42004 | L7: 1
B8: 3 | J8: =IF(OR(I8="",ISERROR(H8/I8)),"",H8/I8)
B9: 4 | J9: =IF(OR(I9="",ISERROR(H9/I9)),"",H9/I9)
B10: 5 | J10: =IF(OR(I10="",ISERROR(H10/I10)),"",H10/I10)
B11: 6 | J11: =IF(OR(I11="",ISERROR(H11/I11)),"",H11/I11)
B12: 7 | J12: =IF(OR(I12="",ISERROR(H12/I12)),"",H12/I12)
B13: 8 | J13: =IF(OR(I13="",ISERROR(H13/I13)),"",H13/I13)
B14: 9 | J14: =IF(OR(I14="",ISERROR(H14/I14)),"",H14/I14)
B15: 10 | J15: =IF(OR(I15="",ISERROR(H15/I15)),"",H15/I15)
B16: 11 | J16: =IF(OR(I16="",ISERROR(H16/I16)),"",H16/I16)
B17: 12 | J17: =IF(OR(I17="",ISERROR(H17/I17)),"",H17/I17)
B18: 13 | J18: =IF(OR(I18="",ISERROR(H18/I18)),"",H18/I18)
B19: 14 | J19: =IF(OR(I19="",ISERROR(H19/I19)),"",H19/I19)
... B25: 20 | J25: =IF(OR(I25="",ISERROR(H25/I25)),"",H25/I25)
B26: © iManagement • s.imboden • www.2iManagement.ch

Sheet Kommunikationsquadrat
B1: =' '!A1687 -> Carré de communication
A22: © iManagement • s.imboden • www.2iManagement.ch

Sheet RegelnKonflikt
B1: =' '!A1493 -> Règles de résolution des conflits
B3: =' '!A1494 -> Objectif suprême : situation gagnant-gagnant | D3: =IF(E3=10,1,3) -> 1 | E3: =SUM(D4:D13) -> 10
A4: 1 | B4: =' '!A1495 -> Aborder le ou les conflits et inciter le groupe à le/les traiter. | D4: 1
A5: 2 | B5: =' '!A1496 -> Commencer par les points sur lesquels il est possible de s'entendre rapidement. | D5: 1
A6: 3 | B6: =' '!A1497 -> Énumérer et définir les objectifs communs avant de mettre au point les détails. | D6: 1
A7: 4 | B7: =' '!A1498 -> Permettre des débats aussi vastes que possible concernant les thèmes conflictuels, sans chercher à trouver des solutions de manière prématurée. | D7: 1
A8: 5 | B8: =' '!A1499 -> Définir le déroulement des négociations avec une limitation de temps. | D8: 1
A9: 6 | B9: =' '!A1500 -> Également inclure, dans la mesure du possible, les membres du groupe non impliqués dans le conflit. | D9: 1
A10: 7 | B10: =' '!A1501 -> Autoriser ou encourager l'expression des émotions liées au conflit, tant qu'il ne s'agit pas de propos outrageants (réduction de la frustration) | D10: 1
A11: 8 | B11: =' '!A1502 -> Veiller à une atmosphère détendue, non-anxiogène | D11: 1
A12: 9 | B12: =' '!A1503 -> Veiller à échanger les rôles pour empêcher la personnification des arguments factuels. | D12: 1
A13: 10 | B13: =' '!A1504 -> Proposer des éclaircissements en opérant la distinction entre le niveau technico-instrumental et le niveau socio-émotionnel | D13: 1
B14: © iManagement • s.imboden • www.2iManagement.ch

Sheet WinWin
B1: =' '!A1489 -> R É S O L U T I O N D E S C O N F L I T S
B32: © iManagement • s.imboden • www.2iManagement.ch

Sheet VierZimmer
B1: =' '!A1448 -> Les quatre chambres du changement
B32: © iManagement • s.imboden • www.2iManagement.ch

Sheet Konfliktgespraech
B1: =' '!A1664 -> E N T R E T I E N R E L A T I F À U N C O N F L I T
A36: © iManagement • s.imboden • www.2iManagement.ch

Sheet FormularKonflikt
B1: =' '!A1198 -> F O R M U L A I R E D' E N T R E T I E N
B3: =' '!A1200 -> Collaborateur(trice) | D3: xyz | F3: =' '!A1207 -> Feedback | G3: =' '!A1215 -> - S’assurer de l’acceptation du destinataire ! Demander son autorisation ! - Commencer par livrer un retour positif avant de formuler une critique constructive - Assurez-vous que le destinataire comprend bien votre feed-back. - Soyez aussi concret que possible (factuel). - Soyez descriptif, sans jugements de valeur - Dites les choses comme vous-même seriez prêt à les entendre. - Clarifiez immédiatement les malentendus
B4: =' '!A1201 -> Supérieur(e) hiérarchique | F4: =' '!A1208 -> Communication | G4: =' '!A1216 -> - Communiquer immédiatement sa décision - Autoriser une phase de lamentations - Ne pas revenir sur sa décision - Trouver ensemble des modalités de mise en œuvre
B5: =' '!A1202 -> Motif de l'entretien | D5: Conflit | F5: =' '!A1209 -> Critique | G5: =' '!A1217 -> - Parler du problème sans détour - Fournir une description détaillée de l’état des choses - Laisser le collaborateur s’exprimer - Évaluer l’état des choses, notamment sur le plan émotionnel - Chercher des solutions et œuvrer pour la réussite - Terminer sur une note positive
B6: =' '!A1203 -> Date (& év. signatures) | D6: 41791 | F6: =' '!A1210 -> Délégation | G6: =' '!A1218 -> - Description aussi exhaustive que possible de la mission, des attributions et de la responsabilité - Qui, quand, quoi, pourquoi, comment, avec quoi ? - Exprimer ses remerciements !
F7: =' '!A1211 -> Conflit | G7: =' '!A1219 -> - Séparément ou ensemble - Laisser les parties au conflit exprimer leurs émotions - Faire preuve de compréhension envers chacun, mais sans prendre parti - Appréhender le problème grâce à des questions ciblées - Mener vers une solution commune - Répartir des tâches clairement définies - Si aucune solution n’est trouvée, remettre la décision à plus tard
C8: =' '!A1213 -> Caractéristiques | D8: =' '!A1214 -> (veuillez choisir un élement de la liste "Motif de l'entretien")
B9: 1 | C9: =IF(D5<>"",VLOOKUP(D5,F3:G7,2,0)," ") -> - Séparément ou ensemble - Laisser les parties au conflit exprimer leurs émotions - Faire preuve de compréhension envers chacun, mais sans prendre parti - Appréhender le problème grâce à des questions ciblées - Mener vers une solution commune - Répartir des tâches clairement définies - Si aucune solution n’est trouvée, remettre la décision à plus tard
C10: =' '!A1220 -> Préparation
B11: 2 | C11: =' '!A1221 -> Objectif de l'entretien | E11: 1
B12: 3 | C12: =' '!A1222 -> Contenus/problèmes | E12: 1
B13: 4 | C13: =' '!A1223 -> Circonstances et contexte | E13: 1
C14: =' '!A1224 -> Introduction
B15: 5 | C15: =' '!A1225 -> Accueil, objectif et déroulement | E15: 1
B16: 6 | C16: =' '!A1226 -> Créer une atmosphère positive et mettre en confiance | E16: 1
B17: 7 | C17: =' '!A1234 -> Règles de l'entretien | E17: 1
C18: =' '!A1227 -> Entretien
B19: 8 | C19: =' '!A1228 -> Finalité (de quoi s'agit-il ?) | E19: 1
B20: 9 | C20: =' '!A1229 -> Faits | E20: 1
B21: 10 | C21: =' '!A1230 -> Notes d'entretien | E21: 1
C22: =' '!A1231 -> Clôture
B23: 11 | C23: =' '!A1232 -> Résultats, accords, mesures de développement | E23: 1
B24: 12 | C24: =' '!A1233 -> Autres remarques | E24: 1
B25: © iManagement • s.imboden • www.2iManagement.ch

Sheet Erneuerung
B1: =' '!A79 -> V O L O N T É D E R E N O U V E L E R
B4: =' '!A129 -> No. | C4: =' '!A80 -> Personne ou groupe | D4: =' '!A84 -> Nombre | E4: =' '!A81 -> Volonté de renouveler | F4: =' '!A82 -> Satisfaction | G4: =' '!A83 -> Motivation | H4: =' '!A85 -> Remarques | I4: =' '!A86 -> Statut
B5: p1 | C5: Name | D5: 1 | E5: 3 | F5: 7 | G5: 2 | I5: 3
B6: p2 | C6: Groupe 1 | D6: 2 | E6: 10 | F6: 9 | G6: 1 | I6: 1
B7: p3 | C7: Group 2 | D7: 5 | E7: 2 | F7: 2 | G7: 3
B8: p4 | G8: 1
B9: p5 | G9: 1
B10: p6 | G10: 1
B11: p7 | G11: 1
B12: p8 | G12: 1
B13: p9 | G13: 1
B14: p10 | G14: 1
B15: p11 | G15: 1
B16: p12 | G16: 1
B17: p13 | G17: 1
B18: p14 | G18: 1
B19: p15 | G19: 1
... B24: p20 | G24: 1
D25: =SUM(D5:D24) -> 8
H28: =CONCATENATE(" ",B5," ",C5) -> p1 Name
H29: =CONCATENATE(" ",B6," ",C6) -> p2 Groupe 1
H30: =CONCATENATE(" ",B7," ",C7) -> p3 Group 2
H31: =CONCATENATE(" ",B8," ",C8) -> p4
H32: =CONCATENATE(" ",B9," ",C9) -> p5
H33: =CONCATENATE(" ",B10," ",C10) -> p6
H34: =CONCATENATE(" ",B11," ",C11) -> p7
H35: =CONCATENATE(" ",B12," ",C12) -> p8
H36: =CONCATENATE(" ",B13," ",C13) -> p9
H37: =CONCATENATE(" ",B14," ",C14) -> p10
H38: =CONCATENATE(" ",B15," ",C15) -> p11
H39: =CONCATENATE(" ",B16," ",C16) -> p12
... H47: =CONCATENATE(" ",B24," ",C24) -> p20
B51: © iManagement • s.imboden • www.2iManagement.ch

Sheet Team
B1: =' '!A1387 -> DÉVELOPPEMENT DE L'ÉQUIPE
F29: © iManagement • s.imboden • www.2iManagement.ch

Sheet CheckTeam
B1: =' '!A1395 -> Check-list Cadre du travail en équipe
B3: =' '!C1006 -> Inhalt:
B4: =CONCATENATE(A9,". ",' '!A1396) -> 1. Questions d'ordre général
B5: =CONCATENATE(A18,". ",' '!A1404) -> 2. Avantages du travail en équipe
B6: =CONCATENATE(A33,". ",' '!A1419) -> 3. Le travail en équipe est utile lorsque …
B7: =CONCATENATE(A47,". ",' '!A1433) -> 4. Divers
A9: 1 | B9: =F9 -> 0.33 | C9: =IF((SUM(C11:C17))=(COUNT(C11:C17)),1,3) -> 3 | D9: =' '!A574 -> Responsable | E9: =' '!A575 -> Délai | F9: =IF(SUM(C11:C17)>0,-((SUM(C11:C17))/(COUNT(C11:C17)*3))+133%,"") -> 0.33
A11: 1.1 | B11: =' '!A1397 -> Que m'apporte une équipe et comment travaille-t-elle ? | C11: 3 | D11: ?? | E11: 42005
A12: 1.2 | B12: =' '!A1398 -> Quel est le bénéfice économique d'une équipe pour notre entreprise ? | C12: 3
A13: 1.3 | B13: =' '!A1399 -> A-t-on besoin d'un chef d'équipe ou bien les équipes sont-elles libres de leurs décisions ? | C13: 3
A14: 1.4 | B14: =' '!A1400 -> Quels rôles doivent être occupés et remplis ? | C14: 3
A15: 1.5 | B15: =' '!A1401 -> Le travail en équipe permet-il vraiment de prendre en compte les désirs et objectifs des collaborateurs, de l'entreprise, et des clients ? | C15: 3
A16: 1.6 | B16: =' '!A1402 -> Comment empêcher les équipes de mener une existence isolée au sein de l'entreprise ? | C16: 3
A17: 1.7 | B17: =' '!A1403 -> Comment empêcher une équipe de ne plus s'occuper que d'elle-même ? | C17: 3
A18: 2 | B18: =F18 -> 0.33 | C18: =IF((SUM(C19:C32))=(COUNT(C19:C32)),1,3) -> 3 | D18: =$D$9 -> Responsable | E18: =$E$9 -> Délai | F18: =IF(SUM(C19:C32)>0,-((SUM(C19:C32))/(COUNT(C19:C32)*3))+133%,"") -> 0.33
A19: 2.1 | B19: =' '!A1405 -> Le chef d'équipe a moins de travail de planification et de contrôle à accomplir | C19: 3
A20: 2.2 | B20: =' '!A1406 -> Les équipes réagissent avec davantage de souplesse aux exigences dynamiques | C20: 3
A21: 2.3 | B21: =' '!A1407 -> Les connaissances et les expériences des différents collaborateurs sont mieux mises à profit. | C21: 3
A22: 2.4 | B22: =' '!A1408 -> Meilleure compétence en matière de résolution des problèmes | C22: 3
A23: 2.5 | B23: =' '!A1409 -> Au sein de l'équipe, les flux d'informations et la communication fonctionnent mieux | C23: 3
A24: 2.6 | B24: =' '!A1410 -> Meilleure intégration des collaborateurs dans les processus décisionnels | C24: 3
A25: 2.7 | B25: =' '!A1411 -> Les collaborateurs ont plus de marge de manœuvre | C25: 3
A26: 2.8 | B26: =' '!A1412 -> Les collaborateurs s'identifient plus à l'entreprise | C26: 3
A27: 2.9 | B27: =' '!A1413 -> Les membres de l'équipe se soutiennent mutuellement | C27: 3
A28: 2.1 | B28: =' '!A1414 -> Avec le temps, les objectifs des équipes sont de plus en plus ambitieux | C28: 3
A29: 2.11 | B29: =' '!A1415 -> Satisfaction professionnelle et motivation accrues chez les collaborateurs | C29: 3
A30: 2.12 | B30: =' '!A1416 -> Les activités deviennent plus variées | C30: 3
... A32: 2.14 | B32: =' '!A1418 -> Les positions ne sont pas juxtaposées, mais plutôt confrontées les unes aux autres et mises en lien | C32: 3
A33: 3 | B33: =F33 -> 0.33 | C33: =IF((SUM(C34:C41))=(COUNT(C34:C41)),1,3) -> 3 | D33: =$D$9 -> Responsable | E33: =$E$9 -> Délai | F33: =IF(SUM(C34:C46)>0,-((SUM(C34:C46))/(COUNT(C34:C46)*3))+133%,"") -> 0.33
A34: 3.1 | B34: =' '!A1420 -> les tâches ne peuvent être résolues de manière ni trop simple, ni trop difficile | C34: 3
A35: 3.2 | B35: =' '!A1421 -> les objectifs peuvent être atteints | C35: 3
A36: 3.3 | B36: =' '!A1422 -> il est possible de résoudre les tâches en plusieurs étapes | C36: 3
A37: 3.4 | B37: =' '!A1423 -> il est possible de subdiviser les tâches en tâches partielles | C37: 3
A38: 3.5 | B38: =' '!A1424 -> les membres de l'équipe sont tournés vers la performance | C38: 3
A39: 3.6 | B39: =' '!A1425 -> les membres de l'équipe positivent | C39: 3
A40: 3.7 | B40: =' '!A1426 -> les membres de l'équipe ont une bonne discipline de travail | C40: 3
A41: 3.8 | B41: =' '!A1427 -> les membres de l'équipe ont des compétences sociales (et interculturelles) | C41: 3
A42: 3.9 | B42: =' '!A1428 -> les membres de l'équipe ont des compétences communicationnelles | C42: 3
A43: 3.1 | B43: =' '!A1429 -> les membres de l'équipe ont des compétences méthodologiques | C43: 3
A44: 3.11 | B44: =' '!A1430 -> les membres de l'équipe sont capables d'accepter la critique | C44: 3
A45: 3.12 | B45: =' '!A1431 -> les membres de l'équipe sont sur un pied d'égalité | C45: 3
A46: 3.13 | B46: =' '!A1432 -> les membres de l'équipe sont soit homogènes, soit hétérogènes - en fonction de la tâche traitée | C46: 3
A47: 4 | B47: =F47 -> 0.33 | C47: =IF((SUM(C48:C53))=(COUNT(C48:C53)),1,3) -> 3 | D47: =$D$9 -> Responsable | E47: =$E$9 -> Délai | F47: =IF(SUM(C48:C56)>0,-((SUM(C48:C56))/(COUNT(C48:C56)*3))+133%,"") -> 0.33
A48: 4.1 | C48: 3
A49: 4.2 | C49: 3
A50: 4.3 | C50: 3
A51: 4.4 | C51: 3
A52: 4.5 | C52: 3
A53: 4.6 | C53: 3
A54: 4.7 | C54: 3
A55: 4.8 | C55: 3
A56: 4.9 | C56: 3
A57: © iManagement • s.imboden • www.2iManagement.ch

Sheet Teambuilding
B1: =' '!A1471 -> T E A M B U I L D I N G
B32: © iManagement • s.imboden • www.2iManagement.ch

Sheet TestTeamrolle
B1: =' '!A1268 -> Rôles en équipe selon Belbin - autoévaluation
A4: 1 | B4: =' '!A1269 -> Commencez par lire soigneusement chaque question avec les réponses possibles.
A5: 2 | B5: =' '!A1270 -> Revenez à " A " et cochez toutes les phrases qui correspondent à votre cas.
A6: 3 | B6: =' '!A1271 -> Maintenant, veuillez répartir 10 points entre toutes les assertions qui correspondent à votre cas. Plus une assertion vous semble juste, plus vous lui donnerez de points. Si vous ne vous retrouverez que dans une seule phrase, attribuez-lui 10 points ; autrement, répartissez les points comme vous vous voyez. Plus vous répartirez vos points entre différentes questions, plus le résultat manquera de clarté ; par conséquent, ayez le courage de vous décider !
A7: 4 | B7: =' '!A1272 -> À la fin, il faut que 10 points soient répartis dans chaque thématique.
A9: 1 | B9: =' '!A1275 -> J'aime mon travail parce que… | F9: =SUM(F10:F18) -> 10 | G9: =CONCATENATE(F9," / ","10 ",' '!$A$1273) -> 10 / 10 points | I9: =IF(F9=10,0,1) -> 0 | J9: =IF(F9>10,' '!$A$1274," ") | L9: Frage | M9: Punkteverteilung | W9: Frage | X9: Punkteverteilung
A10: A | B10: =' '!A1276 -> J'apprécie les situations nouvelles, qui me permettent d'inventer un maximum de solutions possibles. | F10: =IF(G10=1,H10,0) -> 10 | G10: 1 | H10: 10 | L10: 1 | M10: =$F$16 -> 0 | N10: =$F$14 -> 0 | O10: =$F$18 -> 0 | P10: =$F$10 -> 10 | Q10: =$F$11 -> 0 | R10: =$F$15 -> 0 | S10: =$F$13 -> 0 | T10: =$F$12 -> 0 | U10: =$F$17 -> 0 | W10: 1 | X10: G | Y10: E | Z10: I | AA10: A | AB10: B | AC10: F | AD10: D | AE10: C | AF10: H
A11: B | B11: =' '!A1277 -> Ce qui m'intéresse en premier lieu, c'est de trouver des solutions pratiques, des solutions qui fonctionnent vraiment. | F11: =IF(G11=1,H11,0) -> 0 | G11: 0 | L11: 2 | M11: =$F$28 -> 0 | N11: =$F$21 -> 0 | O11: =$F$24 -> 0 | P11: =$F$22 -> 0 | Q11: =$F$23 -> 0 | R11: =$F$26 -> 0 | S11: =$F$20 -> 10 | T11: =$F$27 -> 0 | U11: =$F$25 -> 0 | W11: 2 | X11: I | Y11: B | Z11: E | AA11: C | AB11: D | AC11: G | AD11: A | AE11: H | AF11: F
A12: C | B12: =' '!A1278 -> J'aime mettre à profit mes connaissances professionnelles en accomplissant une tâche exigeante. | F12: =IF(G12=1,H12,0) -> 0 | L12: 3 | M12: =$F$30 -> 10 | N12: =$F$32 -> 0 | O12: =$F$33 -> 0 | P12: =$F$37 -> 0 | Q12: =$F$38 -> 0 | R12: =$F$35 -> 0 | S12: =$F$34 -> 0 | T12: =$F$36 -> 0 | U12: =$F$31 -> 0 | W12: 3 | X12: A | Y12: C | Z12: D | AA12: H | AB12: I | AC12: F | AD12: E | AE12: G | AF12: B
A13: D | B13: =' '!A1279 -> J'aime avoir le sentiment de créer de bonnes relations entre les gens. | F13: =IF(G13=1,H13,0) -> 0 | L13: 4 | M13: =$F$44 -> 0 | N13: =$F$46 -> 0 | O13: =$F$43 -> 0 | P13: =$F$48 -> 0 | Q13: =$F$47 -> 0 | R13: =$F$40 -> 10 | S13: =$F$42 -> 0 | T13: =$F$41 -> 0 | U13: =$F$45 -> 0 | W13: 4 | X13: E | Y13: G | Z13: D | AA13: I | AB13: H | AC13: A | AD13: C | AE13: B | AF13: F
A14: E | B14: =' '!A1280 -> J'exerce une forte influence sur les processus décisionnels. | F14: =IF(G14=1,H14,0) -> 0 | L14: 5 | M14: =$F$51 -> 0 | N14: =$F$54 -> 0 | O14: =$F$46 -> 0 | P14: =$F$53 -> 0 | Q14: =$F$50 -> 10 | R14: =$F$52 -> 0 | S14: =$F$55 -> 0 | T14: =$F$58 -> 0 | U14: =$F$57 -> 0 | W14: 5 | X14: B | Y14: E | Z14: G | AA14: D | AB14: A | AC14: C | AD14: F | AE14: I | AF14: H
A15: F | B15: =' '!A1281 -> Au travail, je rencontre beaucoup de gens qui ont des choses intéressantes à offrir. | F15: =IF(G15=1,H15,0) -> 0 | L15: 6 | M15: =$F$62 -> 0 | N15: =$F$66 -> 0 | O15: =$F$60 -> 10 | P15: =$F$64 -> 0 | Q15: =$F$65 -> 0 | R15: =$F$67 -> 0 | S15: =$F$61 -> 0 | T15: =$F$68 -> 0 | U15: =$F$63 -> 0 | W15: 6 | X15: C | Y15: G | Z15: A | AA15: E | AB15: F | AC15: H | AD15: B | AE15: I | AF15: D
A16: G | B16: =' '!A1282 -> J'aime amener les gens à s'accorder sur les mesures qui doivent être mises en œuvre. | F16: =IF(G16=1,H16,0) -> 0 | L16: 7 | M16: =$F$77 -> 0 | N16: =$F$70 -> 10 | O16: =$F$76 -> 0 | P16: =$F$71 -> 0 | Q16: =$F$75 -> 0 | R16: =$F$74 -> 0 | S16: =$F$78 -> 0 | T16: =$F$73 -> 0 | U16: =$F$72 -> 0 | W16: 7 | X16: H | Y16: A | Z16: G | AA16: B | AB16: F | AC16: E | AD16: I | AE16: D | AF16: C
A17: H | B17: =' '!A1283 -> Je me sens toujours parfaitement bien lorsque je peux me consacrer entièrement à une mission. | F17: =IF(G17=1,H17,0) -> 0 | L17: Summe | M17: =SUM(M10:M16) -> 10 | N17: =SUM(N10:N16) -> 10 | O17: =SUM(O10:O16) -> 10 | P17: =SUM(P10:P16) -> 10 | Q17: =SUM(Q10:Q16) -> 10 | R17: =SUM(R10:R16) -> 10 | S17: =SUM(S10:S16) -> 10 | T17: =SUM(T10:T16) -> 0 | U17: =SUM(U10:U16) -> 0 | W17: Summe
A18: I | B18: =' '!A1284 -> J'aime les occasions qui me permettent de stimuler mon imagination. | F18: =IF(G18=1,H18,0) -> 0 | L18: Rolle | M18: =' '!A1357 -> Coordinateur / Intégrateur | N18: =' '!A1373 -> Exécutant | O18: =' '!A1349 -> Novateur/Inventeur | P18: =' '!A1365 -> Observateur | Q18: =' '!A1361 -> Fonceur | R18: =' '!A1353 -> Pionnier / Poseur de jalons | S18: =' '!A1369 -> Coéquipier/Participant | T18: =' '!A1381 -> Spécialiste | U18: =' '!A1377 -> Perfectionniste | W18: Rolle | X18: Vorsitzen- der/ Koordinator | Y18: Umsetzer | Z18: NE/ Erfinder | AA18: Beobachter | AB18: Macher | AC18: Wegbe- reiter/ Weichen- steller | AD18: Team- arbeiter | AE18: Spezialist | AF18: Perfekt
A19: 2 | B19: =' '!A1285 -> Ce qui est caractéristique dans ma manière de travailler en groupe… | F19: =SUM(F20:F28) -> 10 | G19: =CONCATENATE(F19," / ","10 ",' '!$A$1273) -> 10 / 10 points | I19: =IF(F19=10,0,1) -> 0 | J19: =IF(F19>10,' '!$A$1274," ")
A20: A | B20: =' '!A1286 -> Je trouve intéressant de faire plus ample connaissance avec mes collègues afin de mieux m'entendre avec eux. | F20: =IF(G20=1,H20,0) -> 10 | G20: 1 | H20: 10
A21: B | B21: =' '!A1287 -> Je n'ai pas peur de ne pas abonder dans le sens des autres, ni de défendre une position minoritaire. | F21: =IF(G21=1,H21,0) -> 0
A22: C | B22: =' '!A1288 -> J'ai l'habitude d'avancer les arguments qui permettront de réfuter les propositions inopportunes. | F22: =IF(G22=1,H22,0) -> 0
A23: D | B23: =' '!A1289 -> J'estime être capable d'élaborer des plans de mesures attractifs, qui débouchent ultérieurement sur des actions. | F23: =IF(G23=1,H23,0) -> 0
A24: E | B24: =' '!A1290 -> J'ai le don de proposer des alternatives de façon inattendue, plutôt que de vendre du " vieux vin dans de nouvelles bouteilles " (de faire du neuf avec du vieux). | F24: =IF(G24=1,H24,0) -> 0
A25: F | B25: =' '!A1291 -> Lorsqu'il s'agit de résoudre des tâches en équipe, il faut plutôt me considérer comme un perfectionniste. | F25: =IF(G25=1,H25,0) -> 0
A26: G | B26: =' '!A1292 -> J'aime avoir des contacts utiles, même en dehors du groupe de travail du moment. | F26: =IF(G26=1,H26,0) -> 0
A27: H | B27: =' '!A1293 -> Lorsqu'il s'agit de résoudre une mission, j'aime m'y consacrer avec minutie. | F27: =IF(G27=1,H27,0) -> 0
A28: I | B28: =' '!A1294 -> Lorsqu'il faut s'atteler à quelque chose, je suis immédiatement en mesure de décider ce qu'il faut faire, même si l'opinion de tous les autres m'intéresse. | F28: =IF(G28=1,H28,0) -> 0
A29: 3 | B29: =' '!A1295 -> Lorsque je travaille avec d'autres personnes dans le cadre d'un projet… | F29: =SUM(F30:F38) -> 10 | G29: =CONCATENATE(F29," / ","10 ",' '!$A$1273) -> 10 / 10 points | I29: =IF(F29=10,0,1) -> 0 | J29: =IF(F29>10,' '!$A$1274," ")
A30: A | B30: =' '!A1296 -> Je réussis à encadrer les gens, sans les pousser dans une direction donnée. | F30: =IF(G30=1,H30,0) -> 10 | G30: 1 | H30: 10
A31: B | B31: =' '!A1297 -> Ma vigilance nous protège contre l'inexactitude et les oublis. | F31: =IF(G31=1,H31,0) -> 0
A32: C | B32: =' '!A1298 -> J'insiste pour engager des actes concrets, afin d'être certain de ne pas perdre de temps en réunion et de bien différencier les choses importantes des choses futiles. | F32: =IF(G32=1,H32,0) -> 0
A33: D | B33: =' '!A1299 -> On peut être certain que je vais apporter des idées nouvelles et fondamentales. | F33: =IF(G33=1,H33,0) -> 0
A34: E | B34: =' '!A1300 -> Je suis toujours prêt à apporter une idée nouvelle si cela permet à tout le monde d'avancer. | F34: =IF(G34=1,H34,0) -> 0
A35: F | B35: =' '!A1301 -> Je suis toujours à l'affût de nouvelles idées et de nouveaux développements. | F35: =IF(G35=1,H35,0) -> 0
A36: G | B36: =' '!A1302 -> Avec mon vaste éventail de connaissances et mes compétences, je suis convaincu d'aider les autres à progresser considérablement vers une solution. | F36: =IF(G36=1,H36,0) -> 0
A37: H | B37: =' '!A1303 -> Tout particulièrement grâce à ma capacité de jugement, je suis convaincu d'apporter une contribution importante au processus décisionnel. | F37: =IF(G37=1,H37,0) -> 0
A38: I | B38: =' '!A1304 -> Les autres peuvent me faire confiance pour traiter toutes les questions importantes. | F38: =IF(G38=1,H38,0) -> 0
A39: 4 | B39: =' '!A1305 -> Ce que je peux apporter à une équipe… | F39: =SUM(F40:F48) -> 10 | G39: =CONCATENATE(F39," / ","10 ",' '!$A$1273) -> 10 / 10 points | I39: =IF(F39=10,0,1) -> 0 | J39: =IF(F39>10,' '!$A$1274," ")
A40: A | B40: =' '!A1306 -> Je pense être en mesure de découvrir et d'appliquer de nouvelles alternatives. | F40: =IF(G40=1,H40,0) -> 10 | G40: 1 | H40: 10
A41: B | B41: =' '!A1307 -> Ma compétence réside dans mes connaissances professionnelles, que j'aime mettre à profit pour faire avancer la mission. | F41: =IF(G41=1,H41,0) -> 0
A42: C | B42: =' '!A1308 -> Je réussis à m'entendre avec tout le monde. | F42: =IF(G42=1,H42,0) -> 0
A43: D | B43: =' '!A1309 -> Lancer des idées fait partie de mes dons naturels. | F43: =IF(G43=1,H43,0) -> 0
A44: E | B44: =' '!A1310 -> Mon talent consiste à encourager et à stimuler les gens lorsque je remarque qu'ils peuvent apporter une contribution essentielle. | F44: =IF(G44=1,H44,0) -> 0
A45: F | B45: =' '!A1311 -> Grâce à mon travail efficace, je réussis à mener les choses à bien (par ex. les projets). | F45: =IF(G45=1,H45,0) -> 0
A46: G | B46: =' '!A1312 -> Je suis prêt à être impopulaire pendant un certain temps si cela permet d'atteindre des résultats présentant un grand intérêt. | F46: =IF(G46=1,H46,0) -> 0
A47: H | B47: =' '!A1313 -> Normalement, je mène à bien ce qui est réalisable et réaliste. | F47: =IF(G47=1,H47,0) -> 0
A48: I | B48: =' '!A1314 -> Je peux avancer des arguments en faveur d'autres approches, sans perdre de vue mon objectif véritable. | F48: =IF(G48=1,H48,0) -> 0
A49: 5 | B49: =' '!A1315 -> Dans le cadre d'un travail en équipe, mes faiblesses pourraient être les suivantes... | F49: =SUM(F50:F58) -> 10 | G49: =CONCATENATE(F49," / ","10 ",' '!$A$1273) -> 10 / 10 points | I49: =IF(F49=10,0,1) -> 0 | J49: =IF(F49>10,' '!$A$1274," ")
A50: A | B50: =' '!A1316 -> Je ne suis à l'aise que lorsque les réunions sont bien structurées, c.-à-d. sous contrôle et bien dirigées. | F50: =IF(G50=1,H50,0) -> 10 | G50: 1 | H50: 10
A51: B | B51: =' '!A1317 -> Lorsque les gens ont de bonnes idées à propos d'un sujet donné, je les approuve trop vite, sans avoir discuté de l'affaire de manière approfondie. | F51: =IF(G51=1,H51,0) -> 0 | G51: 1
A52: C | B52: =' '!A1318 -> J'ai tendance à trop parler lorsque j'ai de nouvelles idées. | F52: =IF(G52=1,H52,0) -> 0
A53: D | B53: =' '!A1319 -> Je n'ai généralement pas d'opinion très arrêtée. En conséquence, je me rallie trop vite à d'autres personnes. | F53: =IF(G53=1,H53,0) -> 0
A54: E | B54: =' '!A1320 -> Quand il faut que la situation avance, il arrive qu'on me trouve pressant et autoritaire. | F54: =IF(G54=1,H54,0) -> 0
A55: F | B55: =' '!A1321 -> Je trouve difficile de prendre rapidement la direction des évènements - peut-être parce que je suis très sensible aux humeurs au sein du groupe. | F55: =IF(G55=1,H55,0) -> 0
A56: G | B56: =' '!A1322 -> Avec mes idées, j'ai un peu tendance à " planer ", et à perdre le contact avec ce qui se passe réellement. | F56: =IF(G56=1,H56,0) -> 0
A57: H | B57: =' '!A1323 -> Mes collègues estiment que je m'arrête trop longtemps sur ce qui pourrait échouer. | F57: =IF(G57=1,H57,0) -> 0
A58: I | B58: =' '!A1324 -> Je suis à l'aise lorsque je peux me consacrer à ma tâche jusque dans les moindres détails. | F58: =IF(G58=1,H58,0) -> 0
A59: 6 | B59: =' '!A1325 -> Lorsqu'on me confie soudainement une mission difficile, à accomplir dans l'urgence, avec des personnes nouvelles que je ne connais pas… | F59: =SUM(F60:F68) -> 10 | G59: =CONCATENATE(F59," / ","10 ",' '!$A$1273) -> 10 / 10 points | I59: =IF(F59=10,0,1) -> 0 | J59: =IF(F59>10,' '!$A$1274," ")
A60: A | B60: =' '!A1326 -> Je préfère rester sur la réserve afin de commencer par évaluer la situation avant d'avancer des propositions. | F60: =IF(G60=1,H60,0) -> 10 | G60: 1 | H60: 10
A61: B | B61: =' '!A1327 -> Je cherche immédiatement à travailler en collaboration avec les personnes qui me conviennent le plus. | F61: =IF(G61=1,H61,0) -> 0
A62: C | B62: =' '!A1328 -> Je cherche immédiatement à m'atteler à la tâche en déterminant quelles personnes sont le mieux à même d'apporter tel ou tel type de contribution. | F62: =IF(G62=1,H62,0) -> 0
A63: D | B63: =' '!A1329 -> Mon intuition me dicte ce qui est plus ou moins urgent et m'aide à définir le calendrier. | F63: =IF(G63=1,H63,0) -> 0
A64: E | B64: =' '!A1330 -> Je reste calme et rassemble mes compétences pour pouvoir réfléchir de manière objective. | F64: =IF(G64=1,H64,0) -> 0
A65: F | B65: =' '!A1331 -> J'œuvre toujours dans le sens de l'objectif poursuivi - même si je n'avance parfois qu'à petits pas. | F65: =IF(G65=1,H65,0) -> 0
A66: G | B66: =' '!A1332 -> Si je devais constater que le groupe ne fait aucun progrès, je prendrai la direction des évènements. | F66: =IF(G66=1,H66,0) -> 0
A67: H | B67: =' '!A1333 -> J'initie immédiatement des discussions pour faire naître de nouveaux points de vue et lancer le processus qui conduira à une solution. | F67: =IF(G67=1,H67,0) -> 0
A68: I | B68: =' '!A1334 -> Je m'insère immédiatement dans le groupe et attends qu'on me confie une tâche à laquelle je pourrai me consacrer. | F68: =IF(G68=1,H68,0) -> 0
A69: 7 | B69: =' '!A1335 -> Lorsque je travaille en groupe, je suis confronté aux problèmes suivants… | F69: =SUM(F70:F78) -> 10 | G69: =CONCATENATE(F69," / ","10 ",' '!$A$1273) -> 10 / 10 points | I69: =IF(F69=10,0,1) -> 0 | J69: =IF(F69>10,' '!$A$1274," ")
A70: A | B70: =' '!A1336 -> Je me montre souvent impatient face à ceux qui empêchent les choses d'avancer. | F70: =IF(G70=1,H70,0) -> 10 | G70: 1 | H70: 10
A71: B | B71: =' '!A1337 -> Certaines personnes me critiquent parce que je procède de manière trop analytique et ne fais pas confiance à mon intuition. | F71: =IF(G71=1,H71,0) -> 0
A72: C | B72: =' '!A1338 -> Sur-préoccupé par l'idée que les choses puissent ne pas être mises en œuvre avec suffisamment de minutie, je risque de freiner la bonne progression du projet. | F72: =IF(G72=1,H72,0) -> 0
A73: D | B73: =' '!A1339 -> J'ai du mal à garder à l'esprit l'objectif global, je préfère me consacrer à la réalisation des objectifs intermédiaires. | F73: =IF(G73=1,H73,0) -> 0
A74: E | B74: =' '!A1340 -> Je m'ennuie vite - et quand c'est le cas, j'ai besoin d'une forte incitation pour redevenir actif. | F74: =IF(G74=1,H74,0) -> 0
A75: F | B75: =' '!A1341 -> J'ai du mal à démarrer lorsque les objectifs ne sont pas encore bien définis. | F75: =IF(G75=1,H75,0) -> 0
A76: G | B76: =' '!A1342 -> J'ai beaucoup de mal à mettre de l'ordre dans ma profusion d'idées et de réflexions. | F76: =IF(G76=1,H76,0) -> 0
A77: H | B77: =' '!A1343 -> J'ai souvent tendance à demander aux autres de s'acquitter de ce que je n'ai pas envie de faire moi-même. | F77: =IF(G77=1,H77,0) -> 0
A78: I | B78: =' '!A1344 -> J'hésite toujours beaucoup à exprimer mes pensées lorsque je crains qu'elles ne suscitent une assez forte opposition. | F78: =IF(G78=1,H78,0) -> 0 | I78: =SUM(I9:I69) -> 0
B80: =IF(I78>0,' '!A1386,"")
B84: =' '!A1385 -> Évaluation | D84: =IF(I78>0,' '!A1386,"")
B85: =' '!A1345 -> Rôle en équipe | C85: =' '!A1346 -> Contribution au rôle | D85: =' '!A1347 -> Caractéristiques | E85: =' '!A1348 -> Faiblesses acceptables
B86: =' '!A1349 -> Novateur/Inventeur | C86: =' '!A1350 -> apporte de nouvelles idées | D86: =' '!A1351 -> façon de penser non-conformiste | E86: =' '!A1352 -> souvent perdu dans ses pensées | F86: =IF(G86>0,G86,0.05) -> 0.14285714 | G86: =IF(AND(I78=0,O17<>0),O17/70,0) -> 0.14285714 | H86: =O17 -> 10
B87: =' '!A1353 -> Pionnier / Poseur de jalons | C87: =' '!A1354 -> noue des contacts | D87: =' '!A1355 -> communicatif, extraverti | E87: =' '!A1356 -> fréquemment trop optimiste | F87: =IF(G87>0,G87,0.05) -> 0.14285714 | G87: =IF(AND(I78=0,R17<>0),R17/70,0) -> 0.14285714 | H87: =R17 -> 10
B88: =' '!A1357 -> Coordinateur / Intégrateur | C88: =' '!A1358 -> stimule les processus décisionnels | D88: =' '!A1359 -> sûr de lui, confiant | E88: =' '!A1360 -> peut être perçu comme manipulateur | F88: =IF(G88>0,G88,0.05) -> 0.14285714 | G88: =IF(AND(I78=0,M17<>0),M17/70,0) -> 0.14285714 | H88: =M17 -> 10
B89: =' '!A1361 -> Fonceur | C89: =' '!A1362 -> a le courage de surmonter les obstacles | D89: =' '!A1363 -> dynamique, travaille bien sous pression | E89: =' '!A1364 -> Impatient, tend à provoquer | F89: =IF(G89>0,G89,0.05) -> 0.14285714 | G89: =IF(AND(I78=0,Q17<>0),Q17/70,0) -> 0.14285714 | H89: =Q17 -> 10
B90: =' '!A1365 -> Observateur | C90: =' '!A1366 -> examine la faisabilité des propositions | D90: =' '!A1367 -> lucide, stratégique, critique | E90: =' '!A1368 -> manque de faculté d'inspiration | F90: =IF(G90>0,G90,0.05) -> 0.14285714 | G90: =IF(AND(I78=0,P17<>0),P17/70,0) -> 0.14285714 | H90: =P17 -> 10
B91: =' '!A1369 -> Coéquipier/Participant | C91: =' '!A1370 -> améliore la communication, réduit le gaspillage d'énergie résultant des frictions | D91: =' '!A1371 -> coopératif, diplomate | E91: =' '!A1372 -> indécis dans les situations critiques | F91: =IF(G91>0,G91,0.05) -> 0.14285714 | G91: =IF(AND(I78=0,S17<>0),S17/70,0) -> 0.14285714 | H91: =S17 -> 10
B92: =' '!A1373 -> Exécutant | C92: =' '!A1374 -> met en œuvre les plans | D92: =' '!A1375 -> discipliné, fiable, efficace | E92: =' '!A1376 -> manque de souplesse | F92: =IF(G92>0,G92,0.05) -> 0.14285714 | G92: =IF(AND(I78=0,N17<>0),N17/70,0) -> 0.14285714 | H92: =N17 -> 10
B93: =' '!A1377 -> Perfectionniste | C93: =' '!A1378 -> évite les erreurs, garantit les meilleurs résultats possibles | D93: =' '!A1379 -> consciencieux, ponctuel | E93: =' '!A1380 -> hyper-anxieux, n'aime pas déléguer | F93: =IF(G93>0,G93,0.05) -> 0.05 | G93: =IF(AND(I78=0,U17<>0),U17/70,0) -> 0 | H93: =U17 -> 0
B94: =' '!A1381 -> Spécialiste | C94: =' '!A1382 -> apporte des connaissances spécialisées et des informations | D94: =' '!A1383 -> centré sur lui-même, s'investit beaucoup ; ce qui compte, c'est l'expertise | E94: =' '!A1384 -> se perd souvent dans des détails techniques | F94: =IF(G94>0,G94,0.05) -> 0.05 | G94: =IF(AND(I78=0,T17<>0),T17/70,0) -> 0 | H94: =T17 -> 0
B95: © iManagement • s.imboden • www.2iManagement.ch

Sheet ZieleTeam
B1: =' '!A1434 -> O B J E C T I F S D U T E A M B U I L D I N G
B4: =F4 -> 0.33 | C4: =IF((SUM(C6:C15))=(COUNT(C6:C15)),1,3) -> 3 | D4: =' '!A1446 -> Possibilités d'amélioration | E4: =' '!A575 -> Délai | F4: =-((SUM(C6:C15))/(COUNT(C6:C15)*3))+133% -> 0.33
A6: 1 | B6: =' '!A1436 -> Faire en sorte que les rôles des différents membres de l'équipe soient mieux compris. | C6: 3
A7: 2 | B7: =' '!A1437 -> Faire en sorte que la singularité de la composition de l'équipe et son rôle dans l'entreprise soient mieux compris. | C7: 3
A8: 3 | B8: =' '!A1438 -> Améliorer la communication entre les membres de l'équipe pour renforcer l'efficacité de la collaboration. | C8: 3
A9: 4 | B9: =' '!A1439 -> Renforcer le sentiment d'appartenance. | C9: 3
A10: 5 | B10: =' '!A1440 -> Faire en sorte que la dynamique de groupe soit mieux comprise dans le travail en équipe. | C10: 3
A11: 6 | B11: =' '!A1441 -> Trouver des solutions aux problèmes aux niveaux technique et relationnel. | C11: 3
A12: 7 | B12: =' '!A1442 -> Appréhender les conflits de manière constructive et tirer profit de la critique, comprise comme une opportunité d'optimisation. | C12: 3
A13: 8 | B13: =' '!A1443 -> Renforcer la coopération entre les membres de l'équipe et réduire la concurrence entre certains d'entre eux. | C13: 3
A14: 9 | B14: =' '!A1444 -> Améliorer la capacité à coopérer avec d'autres équipes. | C14: 3
A15: 10 | B15: =' '!A1445 -> Faire prendre conscience aux membres de l'équipe de leur interdépendance mutuelle, apprendre à la saisir comme une opportunité | C15: 3
B16: © iManagement • s.imboden • www.2iManagement.ch

Sheet MerkmaleTeam
B1: =' '!A1688 -> Caractéristiques d'un travail en équipe réussi
B4: =F4 -> 0.33 | C4: =IF((SUM(C6:C22))=(COUNT(C6:C22)),1,3) -> 3 | D4: =' '!A1446 -> Possibilités d'amélioration | E4: =' '!A575 -> Délai | F4: =-((SUM(C6:C22))/(COUNT(C6:C22)*3))+133% -> 0.33
A6: 1 | B6: =' '!A1689 -> Estime mutuelle | C6: 3
A7: 2 | B7: =' '!A1690 -> Consensus sur les objectifs principaux et sur les valeurs | C7: 3
A8: 3 | B8: =' '!A1691 -> Défendre ensemble, avec vigueur, les objectifs principaux | C8: 3
A9: 4 | B9: =' '!A1692 -> La collaboration se décline sur un mode coopératif | C9: 3
A10: 5 | B10: =' '!A1693 -> Les conflits se résolvent rapidement, de manière constructive | C10: 3
A11: 6 | B11: =' '!A1694 -> Le groupe s'organise lui-même et travaille efficacement ; il dispose de suffisamment de liberté de décision. | C11: 3
A12: 7 | B12: =' '!A1695 -> La collaboration est soumise à des règles, et les conditions techniques et organisationnelles sont réunies. | C12: 3
A13: 8 | B13: =' '!A1696 -> Le groupe se considère comme une bonne équipe. | C13: 3
A14: 9 | B14: =' '!A1697 -> Forte cohésion interne et engagement prononcé, grâce à une orientation commune | C14: 3
A15: 10 | B15: =' '!A1698 -> Méthode de travail commune et contrôle du déroulement du travail | C15: 3
A16: 11 | B16: =' '!A1699 -> Pas de séparation entre ceux qui travaillent et ceux qui pensent | C16: 3
A17: 12 | B17: =' '!A1700 -> Juxtaposition, sur un pied d'égalité, de responsabilités individuelles et mutuelles | C17: 3
... A22: 17 | B22: =' '!A1705 -> Les relations entre les membres de l'équipe fonctionnent bien et la communication est organisée de manière autonome | C22: 3
B23: © iManagement • s.imboden • www.2iManagement.ch

Sheet Beurteilung
B1: =' '!A53 -> É V A L U A T I O N D U P E R S O N N E L
B24: © iManagement • s.imboden • www.2iManagement.ch

Sheet CheckZielvereinbarung
B1: =' '!A1005 -> Checkliste Entretiens de fixation des objectifs
B3: =' '!A1006 -> Contenu :
B4: =' '!A1007 -> 1. À définir au préalable
B5: =' '!A1008 -> 2. Préparation des entretiens de fixation des objectifs
B6: =' '!A1009 -> 3. Réalisation des entretiens de fixation des objectifs
B7: =' '!A1010 -> 4. Suivi d'un entretien de fixation des objectifs
B8: =' '!A1011 -> 5. Divers
A10: 1 | B10: =F10 -> 0.99666667 | C10: =IF((SUM(C12:C20))=(COUNT(C12:C20)),1,3) -> 1 | D10: =' '!A574 -> Responsable | E10: =' '!A575 -> Délai | F10: =-((SUM(C12:C20))/(COUNT(C12:C20)*3))+133% -> 0.99666667
A12: 1.1 | B12: =' '!A1013 -> Définition des objectifs avec le collaborateur sur la base de - la stratégie de l’entreprise - les objectifs de l’entreprise - les objectifs du département Ces éléments sont-ils formulés par écrit ? Comment peuvent-ils être transmis au collaborateur ? | C12: 1 | D12: ?? | E12: 42005
A13: 1.2 | B13: =' '!A1014 -> Quel est le cadre légal à respecter ? | C13: 1
A14: 1.3 | B14: =' '!A1015 -> Les supérieurs hiérarchiques sont-ils préparés et qualifiés pour mener des entretiens de fixation des objectifs ? | C14: 1
A15: 1.4 | B15: =' '!A1016 -> Les collaborateurs sont-ils informés de la finalité de cet instrument qu'est l'accord d'objectifs ? Quel est leur point de vue à ce sujet ? Quelles résistances peut-il y avoir ? | C15: 1
A16: 1.5 | B16: =' '!A1017 -> Quand et sous quelle forme les entretiens de fixation des objectifs peuvent et doivent-ils être menés (fréquence annuelle / semestrielle) ? Dans le cadre des entretiens annuels avec les collaborateurs ? Quand procéder aux entretiens de vérification des accords d’objectifs (fréquence trimestrielle) ? | C16: 1
A17: 1.6 | B17: =' '!A1018 -> Sous quelle forme l'entreprise et les supérieurs hiérarchiques sont-ils disposés à aider les collaborateurs à atteindre les objectifs fixés ? | C17: 1
A18: 1.7 | B18: =' '!A1019 -> Quels objectifs les supérieurs hiérarchiques veulent-ils atteindre grâce à cet instrument qu'est l'accord d'objectifs ? | C18: 1
A19: 1.8 | B19: =' '!A1020 -> L'accord d'objectifs doit-il être lié au système de rémunération ? Les risques liés à une telle approche sont-ils clairs ? | C19: 1
A20: 1.9 | B20: =' '!A1021 -> La finalité de l’entretien de fixation des objectifs est de permettre au supérieur hiérarchique et au collaborateur d’échanger un feed-back, de nommer leurs attentes, de discuter des objectifs et de clarifier le cadre général. Concrètement, il y est question des questions suivantes : - Mission : que fait l’entreprise, resp. le secteur ? - Quelles sont les compétences de base ? - Vision : que voulons-nous atteindre ? - Stratégie : comment l’atteindre ? - Objectifs : que devons-nous avoir atteint et jusqu’à quand ? - Actions : que devons-nous faire maintenant pour cela ? | C20: 1
A21: 2 | B21: =F21 -> 0.99666667 | C21: =IF((SUM(C22:C39))=(COUNT(C22:C39)),1,3) -> 1 | D21: =$D$10 -> Responsable | E21: =$E$10 -> Délai | F21: =-((SUM(C22:C39))/(COUNT(C22:C39)*3))+133% -> 0.99666667
A22: 2.1 | B22: =' '!A1013 -> Définition des objectifs avec le collaborateur sur la base de - la stratégie de l’entreprise - les objectifs de l’entreprise - les objectifs du département Ces éléments sont-ils formulés par écrit ? Comment peuvent-ils être transmis au collaborateur ? | C22: 1
A23: 2.2 | B23: =' '!A1014 -> Quel est le cadre légal à respecter ? | C23: 1
A24: 2.3 | B24: =' '!A1015 -> Les supérieurs hiérarchiques sont-ils préparés et qualifiés pour mener des entretiens de fixation des objectifs ? | C24: 1
A25: 2.4 | B25: =' '!A1016 -> Les collaborateurs sont-ils informés de la finalité de cet instrument qu'est l'accord d'objectifs ? Quel est leur point de vue à ce sujet ? Quelles résistances peut-il y avoir ? | C25: 1
A26: 2.5 | B26: =' '!A1017 -> Quand et sous quelle forme les entretiens de fixation des objectifs peuvent et doivent-ils être menés (fréquence annuelle / semestrielle) ? Dans le cadre des entretiens annuels avec les collaborateurs ? Quand procéder aux entretiens de vérification des accords d’objectifs (fréquence trimestrielle) ? | C26: 1
A27: 2.6 | B27: =' '!A1018 -> Sous quelle forme l'entreprise et les supérieurs hiérarchiques sont-ils disposés à aider les collaborateurs à atteindre les objectifs fixés ? | C27: 1
A28: 2.7 | B28: =' '!A1019 -> Quels objectifs les supérieurs hiérarchiques veulent-ils atteindre grâce à cet instrument qu'est l'accord d'objectifs ? | C28: 1
A29: 2.8 | B29: =' '!A1020 -> L'accord d'objectifs doit-il être lié au système de rémunération ? Les risques liés à une telle approche sont-ils clairs ? | C29: 1
A30: 2.9 | B30: =' '!A1021 -> La finalité de l’entretien de fixation des objectifs est de permettre au supérieur hiérarchique et au collaborateur d’échanger un feed-back, de nommer leurs attentes, de discuter des objectifs et de clarifier le cadre général. Concrètement, il y est question des questions suivantes : - Mission : que fait l’entreprise, resp. le secteur ? - Quelles sont les compétences de base ? - Vision : que voulons-nous atteindre ? - Stratégie : comment l’atteindre ? - Objectifs : que devons-nous avoir atteint et jusqu’à quand ? - Actions : que devons-nous faire maintenant pour cela ? | C30: 1
A31: 2.1 | B31: =' '!A1022 -> Préparation des entretiens de fixation des objectifs | C31: 1
A32: 2.11 | B32: =' '!A1023 -> Définir et décrire la stratégie et les objectifs de l'entreprise, du secteur ou de l'équipe. | C32: 1
A33: 2.12 | B33: =' '!A1024 -> Le type d'objectifs à fixer est-il clair ? | C33: 1
... A39: 2.18 | B39: =' '!A1030 -> Assurez-vous de disposer d’une salle adaptée, dans laquelle vous pourrez discuter sans dérangement. Prévoyez suffisamment de temps. | C39: 1
A40: 3 | B40: =F40 -> 0.99666667 | C40: =IF((SUM(C41:C48))=(COUNT(C41:C48)),1,3) -> 1 | D40: =$D$10 -> Responsable | E40: =$E$10 -> Délai | F40: =-((SUM(C41:C48))/(COUNT(C41:C48)*3))+133% -> 0.99666667
A41: 3.1 | B41: =' '!A1032 -> Échange de feed-back constructif | C41: 1
A42: 3.2 | B42: =' '!A1033 -> Discussion sur les objectifs de l’année (période) écoulée : - Quels étaient les objectifs fixés ? - Qu’est-ce qui a été atteint ? - Motifs expliquant la réalisation ou l’échec des objectifs ? | C42: 1
A43: 3.3 | B43: =' '!A1034 -> Échange de vues sur les objectifs entre vous et votre collaborateur : - le collaborateur expose en premier sa conception et ses attentes - le supérieur hiérarchique expose sa vision des objectifs après avoir pris entendu le collaborateur. | C43: 1
A44: 3.4 | B44: =' '!A1035 -> Échange sur les attentes, craintes, objections, etc. | C44: 1
A45: 3.5 | B45: =' '!A1036 -> Définition commune des objectifs : - Énumérer les objectifs (SMART) ; réalistes et stimulants, les objectifs doivent également pouvoir être atteints en toute autonomie par le collaborateur ; leur nombre doit être limité (valeur indicative : 3 à 5 objectifs). - Déterminer les critères qui permettront de mesurer la réalisation des objectifs (indicateurs). - Déterminer dans quel délai les objectifs devront être atteints. - Classer les objectifs par ordre de priorité. - Le cas échéant, définir des jalons pour la réalisation d’objectifs intermédiaires. - Consigner les accords par écrit (voir le formulaire) Que se passe-t-il lorsque l’on ne parvient pas à s’accorder ? Solutions possibles : sensibiliser aux avantages, proposer d’apporter un soutien, évoquer les facteurs de motivation, créer des objectifs intermédiaires, réduire la pression… | C45: 1
A46: 3.6 | B46: =' '!A1037 -> Déterminer quels prérequis doivent être mis en place pour permettre d’atteindre les objectifs. - Qui doit faire quoi ? - Quelle aide le supérieur hiérarchique doit-il apporter ? - Quelles mesures techniques et organisationnelles faut-il encore mettre en œuvre au préalable ? - Faut-il encore former le collaborateur ou le préparer de toute autre manière ? | C46: 1
A47: 3.7 | B47: =' '!A1038 -> Déterminer sous quelle forme la réalisation des objectifs sera contrôlée. | C47: 1
A48: 3.8 | B48: =' '!A1039 -> Déterminer comment procéder si la réalisation des objectifs est menacée. | C48: 1
A49: 4 | B49: =F49 -> 0.99666667 | C49: =IF((SUM(C50:C56))=(COUNT(C50:C56)),1,3) -> 1 | D49: =$D$10 -> Responsable | E49: =$E$10 -> Délai | F49: =-((SUM(C50:C56))/(COUNT(C50:C56)*3))+133% -> 0.99666667
A50: 4.1 | B50: =' '!A1041 -> Les objectifs ont-ils été définis et fixés d'un commun accord ? | C50: 1
A51: 4.2 | B51: =' '!A1042 -> Le collaborateur s'identifie-t-il aux objectifs fixés et peut-il les atteindre ? | C51: 1
A52: 4.3 | B52: =' '!A1043 -> Au cours de la prochaine étape, quelles activités doivent être engagées par - le supérieur hiérarchique - le collaborateur pour atteindre les objectifs ? Élaborer un plan d’action (créer, le cas échéant, des mandats de projet) ! | C52: 1
A53: 4.4 | B53: =' '!A1044 -> Prévoir des jalons pour le contrôle des objectifs. | C53: 1
A54: 4.5 | B54: =' '!A1045 -> Contrôle de la réalisation des objectifs intermédiaires lors des étapes prédéfinies (jalons), puis contrôle de la réalisation finale des objectifs : - Les objectifs, ou objectifs intermédiaires, sont-ils atteints ? - Comment convient-il d’évaluer le résultat (du point de vue du collaborateur – du point de vue du supérieur hiérarchique) ? - Les objectifs étaient-ils atteignables compte tenu des circonstances données ? - Le collaborateur a-t-il suffisamment veillé à la réalisation des objectifs ? - Comment a-t-il procédé en cas de difficultés ? - Tous les moyens auxiliaires étaient-ils disponibles ? - Les priorités ont-elles changé ? | C54: 1
A55: 4.6 | B55: =' '!A1046 -> Entretien final avec le collaborateur en vue de discuter des résultats et de la réalisation des objectifs. | C55: 1
A56: 4.7 | B56: =' '!A1047 -> Définir des mesures si les objectifs n'ont pas été atteints. | C56: 1
A57: 5 | B57: =F57 -> 0.99666667 | C57: =IF((SUM(C58:C63))=(COUNT(C58:C63)),1,3) -> 1 | D57: =$D$10 -> Responsable | E57: =$E$10 -> Délai | F57: =-((SUM(C58:C66))/(COUNT(C58:C66)*3))+133% -> 0.99666667
A58: 5.1 | C58: 1
A59: 5.2 | C59: 1
A60: 5.3 | C60: 1
A61: 5.4 | C61: 1
A62: 5.5 | C62: 1
A63: 5.6 | C63: 1
A64: 5.7 | C64: 1
A65: 5.8 | C65: 1
A66: 5.9 | C66: 1
A67: © iManagement • s.imboden • www.2iManagement.ch

Sheet UebersichtZielvereinbarung
B1: =' '!A955 -> A P E R Ç U A C C O R D S D ' O B J E C T I F S
B4: =' '!A676 -> N° | C4: =' '!A956 -> Collaborateur(trice) | D4: =' '!A726 -> Remarques | E4: =' '!A86 -> Statut
B5: 1 | C5: Collaboratrice xy | D5: =' '!A722 -> Exemple | E5: 3
B6: 2 | E6: 1
B7: 3
B8: 4
B9: 5
B10: 6
B11: 7
B12: 8
B13: 9
B14: 10
B15: 11
B16: 12
B17: 13
B18: 14
... B34: 30
B35: © iManagement • s.imboden • www.2iManagement.ch

Sheet CheckBeurteilung
B1: =' '!A1081 -> Checkliste Entretiens d'évaluation
B3: =' '!C1006 -> Inhalt:
B4: =' '!A1083 -> 0. Objectifs de l'entretien d'évaluation
B5: =' '!A1094 -> 1. Préparation et déroulement - les étapes centrales
B6: =' '!A1103 -> 2. Accueil
B7: =' '!A1107 -> 3. Entrée en matière
B8: =' '!A1112 -> 4. Entretien
B9: =' '!A1122 -> 5. Résumé & clôture
B10: =' '!A1130 -> 6. Erreurs d'évaluation possibles
A12: 0 | B12: =F12 -> 0.99666667 | C12: =IF((SUM(C14:C22))=(COUNT(C14:C22)),1,3) -> 1 | D12: =' '!A574 -> Responsable | E12: =' '!A575 -> Délai | F12: =-((SUM(C14:C22))/(COUNT(C14:C22)*3))+133% -> 0.99666667
A14: 0.1 | B14: =' '!A1084 -> L'entretien devrait être marqué par les caractéristiques suivantes : la sincérité, l'ouverture d'esprit, le courage d'exprimer et de défendre ses opinions. | C14: 1
A15: 0.2 | B15: =' '!A1085 -> Discuter du sentiment du collaborateur | C15: 1
A16: 0.3 | B16: =' '!A1086 -> Donner au collaborateur un retour d'information sur ses performances, les résultats de son travail et son comportement afin qu'il puisse avoir ses propres points de repère. | C16: 1
A17: 0.4 | B17: =' '!A1087 -> Identifier les forces et faiblesses du collaborateur. | C17: 1
A18: 0.5 | B18: =' '!A1088 -> S'entendre sur l'évaluation, vérifier si le collaborateur et le supérieur hiérarchique évaluent les prestations de la même manière, identifier les points sur lesquels les opinions divergent et comprendre pourquoi. | C18: 1
A19: 0.6 | B19: =' '!A1089 -> Discuter et convenir des prochaines étapes afin d'améliorer, le cas échéant, les performances du collaborateur, ou bien envisager des mesures de développement et de promotion. | C19: 1
A20: 0.7 | B20: =' '!A1090 -> Recevoir un feed-back sur ses propres compétences d'encadrement. | C20: 1
A21: 0.8 | B21: =' '!A1091 -> Ce qui apporte peu : établir des comparaisons, lors de l’entretien, avec des collaborateurs meilleurs ou moins bons. Au lieu de cela, vous devriez accorder une attention particulière aux aspects suivants : - Faire preuve d’intérêt et de respect - Bien écouter et observer - Tenir compte du langage corporel - Exprimer votre reconnaissance - Vous adresser au collaborateur en l’appelant par son nom - Mener l’entretien en posant des questions - Respecter les sentiments et les besoins, les désirs et les préoccupations du collaborateur, et exprimer les vôtres - Faire sortir le collaborateur de sa réserve - Prendre au sérieux ses peurs et ses craintes - Demander « comment », pas « pourquoi » - Formuler à la 1re personne du singulier - Faire montre de confiance | C21: 1
A22: 0.9 | B22: =' '!A1092 -> Éviter d'aborder l'évaluation des performances et la négociation du salaire lors d'un seul et même rendez-vous | C22: 1
A23: 1 | B23: =F23 -> 0.99666667 | C23: =IF((SUM(C24:C29))=(COUNT(C24:C29)),1,3) -> 1 | D23: =' '!A574 -> Responsable | E23: =' '!A575 -> Délai | F23: =-((SUM(C24:C29))/(COUNT(C24:C29)*3))+133% -> 0.99666667
A24: 1.1 | B24: =' '!A1095 -> S'accorder sur les exigences, les attentes, les objectifs et les niveaux d'exigence | C24: 1 | D24: ?? | E24: 42005
A25: 1.2 | B25: =' '!A1096 -> Observer et mesurer ; prendre des notes sur les performances du collaborateur | C25: 1
A26: 1.3 | B26: =' '!A1097 -> Fixer un rendez-vous pour l'entretien | C26: 1
A27: 1.4 | B27: =' '!A1098 -> Préparer l'entretien d'évaluation des performances | C27: 1
A28: 1.5 | B28: =' '!A1099 -> Mener l'entretien | C28: 1
A29: 1.6 | B29: =' '!A1100 -> Conserver des traces écrites de l'entretien | C29: 1
A30: 2 | B30: =F30 -> 0.99666667 | C30: =IF((SUM(C31:C32))=(COUNT(C31:C32)),1,3) -> 1 | D30: =$D$12 -> Responsable | E30: =$E$12 -> Délai | F30: =-((SUM(C31:C32))/(COUNT(C31:C32)*3))+133% -> 0.99666667
A31: 2.1 | B31: =' '!C1104 -> Begrüssen, danken fürs Kommen und über den Ablauf orientieren | C31: 1
A32: 2.2 | B32: =' '!C1105 -> ggf. kurzer Small Talk zur Verringerung der Anspannung | C32: 1
A33: 3 | B33: =F33 -> 0.99666667 | C33: =IF((SUM(C34:C36))=(COUNT(C34:C36)),1,3) -> 1 | D33: =$D$12 -> Responsable | E33: =$E$12 -> Délai | F33: =-((SUM(C34:C36))/(COUNT(C34:C36)*3))+133% -> 0.99666667
A34: 3.1 | B34: =' '!A1108 -> Exposer le sujet et le but de l'entretien | C34: 1
A35: 3.2 | B35: =' '!A1109 -> Bien comprendre la relation et les rôles | C35: 1
A36: 3.3 | B36: =' '!A1110 -> Définir l'approche adoptée pendant l'entretien et les objectifs communs | C36: 1
A37: 4 | B37: =F37 -> 0.99666667 | C37: =IF((SUM(C38:C45))=(COUNT(C38:C45)),1,3) -> 1 | D37: =$D$12 -> Responsable | E37: =$E$12 -> Délai | F37: =-((SUM(C38:C45))/(COUNT(C38:C45)*3))+133% -> 0.99666667
A38: 4.1 | B38: =' '!A1113 -> Aborder les exigences, les attentes, les objectifs et les niveaux d'exigence dont il a été convenu | C38: 1
A39: 4.2 | B39: =' '!A1114 -> Évaluation générale des performances par le supérieur hiérarchique | C39: 1
A40: 4.3 | B40: =' '!A1115 -> Aborder de manière concrète les différents critères de performance et les différents indicateurs ; exposer ce qui a été constaté | C40: 1
A41: 4.4 | B41: =' '!A1116 -> Évaluation par le supérieur hiérarchique | C41: 1
A42: 4.5 | B42: =' '!A1117 -> Évaluation par le collaborateur | C42: 1
A43: 4.6 | B43: =' '!A1118 -> Discuter des divergences de vues | C43: 1
A44: 4.7 | B44: =' '!A1119 -> Tirer des conclusions (l'évaluation finale revient au supérieur hiérarchique ; le collaborateur peut consigner toute objection par écrit) | C44: 1
A45: 4.8 | B45: =' '!A1120 -> Discuter des mesures d'amélioration et de leur mise en œuvre | C45: 1
A46: 5 | B46: =F46 -> 0.99666667 | C46: =IF((SUM(C47:C52))=(COUNT(C47:C52)),1,3) -> 1 | D46: =$D$12 -> Responsable | E46: =$E$12 -> Délai | F46: =-((SUM(C47:C52))/(COUNT(C47:C52)*3))+133% -> 0.99666667
A47: 5.1 | B47: =' '!A1123 -> Récapituler les résultats | C47: 1
A48: 5.2 | B48: =' '!A1124 -> Définir un plan de mesures et répartir les tâches | C48: 1
A49: 5.3 | B49: =' '!A1125 -> Conclure des accords | C49: 1
A50: 5.4 | B50: =' '!A1126 -> Marche à suivre, prochaines étapes | C50: 1
A51: 5.5 | B51: =' '!A1127 -> Évaluation personnelle (constructive) | C51: 1
A52: 5.6 | B52: =' '!A1128 -> Remerciements et clôture | C52: 1
A53: 6 | B53: =F53 -> 0.99666667 | C53: =IF((SUM(C54:C59))=(COUNT(C54:C59)),1,3) -> 1 | D53: =$D$12 -> Responsable | E53: =$E$12 -> Délai | F53: =-((SUM(C54:C59))/(COUNT(C54:C59)*3))+133% -> 0.99666667
A54: 4.1 | B54: =' '!A1131 -> Effet de halo : un élément ou un incident particulier l'emportent largement sur le reste | C54: 1
A55: 4.2 | B55: =' '!A1132 -> Erreur d'attribution : certaines performances positives ou négatives ne sont pas imputées aux bonnes causes (elles sont par ex. imputées au contexte au lieu des compétences du collaborateur) | C55: 1
A56: 4.3 | B56: =' '!A1133 -> Perception sélective : seuls les exemples corroborant une opinion (préconçue) sont pris en compte. | C56: 1
A57: 4.4 | B57: =' '!A1134 -> Perception relative : les personnes sont évaluées en comparaison avec d'autres ou avec une situation antérieure ; les niveaux de départ ou les niveaux de comparaison utilisés dans l'évaluation des performances ne sont pas définis de la même manière. | C57: 1
A58: 4.5 | B58: =' '!A1135 -> Préjugés reposant soit sur une première impression antérieure, soit sur des sympathies ou antipathies personnelles | C58: 1
A59: 4.6 | B59: =' '!A1136 -> Différenciation des jugements de valeur : une personne évitant les conflits évaluera ses collaborateurs de manière très semblable afin de ne pas peiner à justifier une évaluation différenciée | C59: 1
B60: © iManagement • s.imboden • www.2iManagement.ch

Sheet Climameter
B1: =' '!A1594 -> C L I M A M E T E R
B5: =' '!A1596 -> 1. Motivation de travail | I5: =' '!A1595 -> Points
B7: =' '!A1597 -> Mes tâches me motivent beaucoup
I8: 4
G9: =' '!A1598 -> Mes tâches ne me motivent pas du tout
B10: =' '!A1599 -> Remarques & suggestions d’amélioration
B13: =' '!A1600 -> 2.Charge de travail
B15: =' '!A1601 -> J’ai assez de réserve pour faire des travaux imprévisibles
I16: 3
G17: =' '!A1602 -> Pour le moment je ne peux pas exécuter tous les travaux dans les délais
B18: =$B$10 -> Remarques & suggestions d’amélioration
B21: =' '!A1603 -> 3. Développement - Formation continue
B23: =' '!A1604 -> L'entreprise me donne toutes les possibilités de me perfectionner
I24: 2
G25: =' '!A1605 -> L'entreprise ne me permet pas de me perfectionner
B26: =$B$10 -> Remarques & suggestions d’amélioration
B29: =' '!A1606 -> 4. Infrastructure
B31: =' '!A1607 -> L’infrastructure que j’ai à disposition est parfaite
I32: 2
G33: =' '!A1608 -> Avec l’infrastructure actuelle je ne peux pas exécuter mon travail
B34: =$B$10 -> Remarques & suggestions d’amélioration
B37: =' '!A1609 -> 5. Collaboration
B39: =' '!A1610 -> La collaboration avec mes collègues est parfaite
I40: 5
G41: =' '!A1611 -> La collaboration avec mes collègues ne va pas du tout
B42: =$B$10 -> Remarques & suggestions d’amélioration
B45: =' '!A1612 -> 6. Reconnaissance de mon travail
B47: =' '!A1613 -> Mon travail est beaucoup apprécié/reconnu
I48: 3
G49: =' '!A1614 -> Mon travail n’est pas du tout reconnu
B50: =$B$10 -> Remarques & suggestions d’amélioration
B53: =' '!A1615 -> 7. Informations
B55: =' '!A1616 -> J’ai toutes les informations nécessaires pour mener à bien mon travail
I56: 4
G57: =' '!A1617 -> Je n’ai pas du tout les informations nécessaires pour faire mon travail
B58: =$B$10 -> Remarques & suggestions d’amélioration
B61: =' '!A1618 -> 8. Conduite du personnel
B63: =' '!A1619 -> Je suis très satisfait avec la conduite du personnel de mon supérieur
I64: 4
G65: =' '!A1620 -> Je ne suis pas du tout content avec la conduite du personnel de mon supérieur
B66: =$B$10 -> Remarques & suggestions d’amélioration
B69: =' '!A1621 -> 9. Ambiance de travail
B71: =' '!A1622 -> L’ambiance de travail est très agréable
I72: 4
G73: =' '!A1623 -> L’ambiance de travail est très mauvaise
B74: =$B$10 -> Remarques & suggestions d’amélioration
B77: =' '!A1624 -> 10. Satisfaction avec mon travail
B79: =' '!A1625 -> Je suis très satisfait avec mon travail actuel
I80: 3
G81: =' '!A1626 -> Je ne suis pas du tout satisfait avec mon travail actuel
B82: =$B$10 -> Remarques & suggestions d’amélioration
B88: =' '!A1627 -> Résumé
B90: =B77 -> 10. Satisfaction avec mon travail | I90: =I80 -> 3
B91: =B69 -> 9. Ambiance de travail | I91: =I72 -> 4
B92: =B61 -> 8. Conduite du personnel | I92: =I64 -> 4
B93: =B53 -> 7. Informations | I93: =I56 -> 4
B94: =B45 -> 6. Reconnaissance de mon travail | I94: =I48 -> 3
B95: =B37 -> 5. Collaboration | I95: =I40 -> 5
B96: =B29 -> 4. Infrastructure | I96: =I32 -> 2
B97: =B21 -> 3. Développement - Formation continue | I97: =I24 -> 2
B98: =B13 -> 2.Charge de travail | I98: =I16 -> 3
B99: =B5 -> 1. Motivation de travail | I99: =I8 -> 4
B100: =' '!A1628 -> Moyenne | I100: =AVERAGE(I90:I99) -> 3.4
B106: =' '!A1629 -> Évolution (Moyenne) | H106: 2014
B109: =' '!A1630 -> Janvier | C109: 4.5
B110: =' '!A1631 -> Février
B111: =' '!A1632 -> Mars
B112: =' '!A1633 -> Avril
B113: =' '!A1634 -> Mai
B114: =' '!A1635 -> Juin
B115: =' '!A1636 -> Juillet
B116: =' '!A1637 -> Août
B117: =' '!A1638 -> Septembre
B118: =' '!A1639 -> Octobre
B119: =' '!A1640 -> Novembre
B120: =' '!A1641 -> Décembre
B121: © iManagement • s.imboden • www.2iManagement.ch
B137: =' '!A1642 -> Pour supprimer le tableau, veuillez effacer les points dans cette colonne.

Sheet Austritt
B1: =' '!A58 -> P R E N D R E C O N G É D U P E R S O N N E L
B24: © iManagement • s.imboden • www.2iManagement.ch

Sheet SchwierigeGespraeche
B1: =' '!A1549 -> Check-list " Entretiens difficiles "
B3: =' '!A1550 -> Objectif : limiter les dégâts | D3: =IF(E3=9,1,3) -> 1 | E3: =SUM(D4:D12) -> 9
A4: 1 | B4: =' '!A1551 -> 1re phrase : communiquez la décision le plus vite et le plus clairement possible - souvent dès la première phrase | D4: 1
A5: 2 | B5: =' '!A1552 -> 2e phrase : exposez les motifs de la décision | D5: 1
A6: 3 | B6: =' '!A1553 -> 3e phrase : citez des faits | D6: 1
A7: 4 | B7: =' '!A1554 -> 4e phrase : exprimez vos regrets | D7: 1
A8: 5 | B8: =' '!A1555 -> 5e phrase : envisagez l'avenir en avançant des solutions et des propositions aussi concrètes que possible, ou en évoquant les étapes suivantes. Pas d'encouragements de nature générale du type " Ça va aller ! " | D8: 1
A9: 6 | B9: =' '!A1556 -> Permettre à la personne concernée de réagir. | D9: 1
A10: 7 | B10: =' '!A1557 -> Se montrer compréhensif, tout en restant ferme sur le fond | D10: 1
B11: =' '!A1558 -> Exception : la personne concernée avance un argument qui n’avait effectivement pas été identifié et qui est susceptible de modifier la décision. Interrompez l’entretien en expliquant que vous allez reconsidérer la situation mais qu’en attendant, votre décision est valable. | D11: 1
A12: 8 | B12: =' '!A1559 -> Mettez un terme à l’entretien une fois vous avez communiqué toutes les informations pertinentes et que le collaborateur a eu la possibilité de réagir. N’entrez pas dans des discussions mettant en cause votre décision. Accordez-vous sur les prochaines étapes ou les prochaines mesures visant à réduire les retombées négatives pour la personne concernée. | D12: 1
B13: © iManagement • s.imboden • www.2iManagement.ch

Sheet DebriefingVorbereiten
B1: =' '!A1560 -> Préparer le débriefing
B4: =F4 -> 0.33 | C4: =IF((SUM(C6:C18))=(COUNT(C6:C18)),1,3) -> 3 | D4: =' '!A1562 -> Notes / remarques | E4: =' '!A575 -> Délai | F4: =-((SUM(C7:C18))/(COUNT(C7:C18)*3))+133% -> 0.33
A6: 1 | B6: =' '!A1575 -> Objectif : préserver le savoir-faire, pour l'entreprise ! | C6: 3
A7: 2 | B7: =' '!A1563 -> Quel est l'enjeu essentiel du débriefing ? Quels sont mes objectifs principaux pour le débriefing ? | C7: 3
A8: 3 | B8: =' '!A1564 -> Calendrier du débriefing (rendez-vous) ? Qui doit être présent ? | C8: 3
A9: 4 | B9: =' '!A1565 -> Quelle position le collaborateur concerné a-t-il occupée au sein de l'entreprise (cadre, expert, etc…) | C9: 3
A10: 5 | B10: =' '!A1566 -> Combien de temps le collaborateur a-t-il passé - dans l’entreprise et - dans cette position ? | C10: 3
A11: 6 | B11: =' '!A1567 -> Quelles expériences pourrait-il avoir acquises ? | C11: 3
A12: 7 | B12: =' '!A1568 -> Quelles étaient ses forces et faiblesses ? | C12: 3
A13: 8 | B13: =' '!A1569 -> De quel type de document dispose-t-on déjà sur ce que le collaborateur a fait ? Par exemple des descriptions de poste, des descriptions de processus, des mémos ou des documents-modèles élaborés par le collaborateur. | C13: 3
A14: 9 | B14: =' '!A1570 -> Comment le collaborateur s'est-il acquitté de ses tâches ? Étiez-vous satisfait de ses prestations ? Ou bien voyez-vous / devinez-vous des potentiels d'amélioration ? | C14: 3
A15: 10 | B15: =' '!A1571 -> Votre relation personnelle avec le collaborateur ? | C15: 3
A16: 11 | B16: =' '!A1572 -> La relation des collègues avec lui ? | C16: 3
A17: 12 | B17: =' '!A1573 -> Comment décririez-vous le collaborateur - en un mot ou en une phrase ? Qu'est-ce qui le caractérisait ? Quelle importance avait-il dans votre service et dans l'entreprise ? | C17: 3
A18: 13 | B18: =' '!A1574 -> Quelle était l'importance du collaborateur pour l'activité de l'entreprise ? | C18: 3
B19: © iManagement • s.imboden • www.2iManagement.ch

Sheet Debriefing
B1: =' '!A1576 -> DÉBRIEFING
B4: =' '!A1577 -> Objectif n°1 : récapituler un maximum de détails relatifs aux connaissances professionnelles | D4: =' '!A1562 -> Notes / remarques | E4: =' '!A575 -> Délai | F4: =-((SUM(C7:C28))/(COUNT(C7:C28)*3))+133% -> 0.99666667
A6: 1 | B6: =' '!A1578 -> Pouvez-vous expliquer cela à l'aide d'un exemple ? | C6: 1
A7: 2 | B7: =' '!A1579 -> Que savez-vous de plus à ce sujet ? | C7: 1
A8: 3 | B8: =' '!A1580 -> Que pourriez-vous ajouter à ce sujet ? | C8: 1
B9: =' '!A1581 -> Objectif n°2 : ne pas perdre les relations importantes, l'implication dans les processus, les contacts | D9: =$D$4 -> Notes / remarques | E9: =$E$4 -> Délai | F9: =-((SUM(C12:C33))/(COUNT(C12:C33)*3))+133% -> 0.99666667
A10: 4 | B10: =' '!A1582 -> Quel est votre interlocuteur principal chez… ? | C10: 1
A11: 5 | B11: =' '!A1583 -> Que dirait-il de vous ou de notre entreprise ? | C11: 1
A12: 6 | B12: =' '!A1584 -> À quoi votre successeur devra-t-il être attentif avec cette personne ? | C12: 1
B13: =' '!A1585 -> Objectif n°3 : importance de certains éléments, précisions sur ce qui est vraiment essentiel | D13: =$D$4 -> Notes / remarques | E13: =$E$4 -> Délai | F13: =-((SUM(C16:C37))/(COUNT(C16:C37)*3))+133% -> 0.99666667
A14: 7 | B14: =' '!A1586 -> D'après vous, qu'est-ce que votre supérieur hiérarchique apprécie particulièrement chez vous ? | C14: 1
A15: 8 | B15: =' '!A1587 -> D'après vous, qu'est-ce que vos collègues apprécient particulièrement chez vous ? | C15: 1
A16: 9 | B16: =' '!A1588 -> Qu'est-ce que votre interlocuteur chez le client XY apprécie particulièrement chez vous et dans votre travail ? | C16: 1
A17: 10 | B17: =' '!A1589 -> Quels conseils donneriez-vous dans tous les cas à votre successeur ? | C17: 1
B18: =' '!A1590 -> Objectif n°4 : cerner les erreurs, les faiblesses et les possibilités d'amélioration | D18: =$D$4 -> Notes / remarques | E18: =$E$4 -> Délai | F18: =-((SUM(C22:C42))/(COUNT(C22:C42)*3))+133% -> 0.99666667
A19: 11 | B19: =' '!A1591 -> Que feriez-vous différemment ? | C19: 1
A20: 12 | B20: =' '!A1592 -> Quelles améliorations suggérez-vous ?
B21: =' '!A1593 -> Aspects supplémentaires | D21: =$D$4 -> Notes / remarques | E21: =$E$4 -> Délai | F21: =-((SUM(C24:C44))/(COUNT(C24:C44)*3))+133% -> 0.99666667
A22: 13 | C22: 1
A23: 14 | C23: 1
A24: 15 | C24: 1
A25: 16 | C25: 1
A26: 17 | C26: 1
A27: 18 | C27: 1
A28: 19 | C28: 1
B29: © iManagement • s.imboden • www.2iManagement.ch

Sheet Admin
B1: =' '!A71 -> A D M I N I S T R A T I O N D E S R H
B24: © iManagement • s.imboden • www.2iManagement.ch

Sheet Cockpit
C1: =' '!A206 -> T A B L E A U D E B O R D G E S T I O N D U P E R S O N N E L
B5: =' '!A211 -> No. | C5: =' '!A207 -> Objectifs GRH | D5: =B5 -> No. | E5: =' '!A208 -> Indicateurs | F5: =' '!A209 -> atteint | H5: =B5 -> No. | I5: =' '!A210 -> Projets | J5: Prio | K5: =' '!A212 -> Qui? | L5: =' '!A213 -> Début | M5: =' '!A214 -> Fin
B7: 1 | C7: Ziel 1 | D7: i1 | E7: Indikator 1 | F7: 0.5 | G7: 3 | H7: p1 | I7: Projet 1 | J7: 1 | L7: 41640 | N7: 2
B8: 1 | H8: p2 | J8: 2
B9: 1 | D9: i2 | F9: 0 | H9: p3 | J9: 3
B10: 1 | H10: p4
B11: 1 | D11: i3 | F11: 0 | H11: p5
B12: 1 | H12: p6
B13: 1 | D13: i4 | F13: 0 | H13: p7
B14: 1 | H14: p8
B15: 2 | C15: Ziel 2 | D15: i5 | F15: 0 | H15: p9
B16: 2 | H16: p10
B17: 2 | D17: i6 | F17: 0 | H17: p11
B18: 2 | H18: p12
B19: 2 | D19: i7 | F19: 0 | H19: p13
B20: 2 | H20: p14
B21: 2 | D21: i8 | F21: 0 | H21: p15
B22: 2 | H22: p16
B23: 3 | C23: Ziel 3 | D23: i9 | F23: 0 | H23: p17
B24: 3 | H24: p18
B25: 3 | D25: i10 | F25: 0 | H25: p19
B26: 3 | H26: p20
B27: 3 | D27: i11 | F27: 0 | H27: p21
B28: 3 | H28: p22
B29: 3 | D29: i12 | F29: 0 | H29: p23
B30: 3 | H30: p24
B31: 4 | D31: i13 | F31: 0 | H31: p25
B32: 4 | H32: p26
B33: 4 | D33: i14 | F33: 0 | H33: p27
B34: 4 | H34: p28
B35: 4 | D35: i15 | F35: 0 | H35: p29
B36: 4 | H36: p30
B37: 4 | D37: i16 | F37: 0 | H37: p31
B38: 4 | H38: p32
B39: 5 | D39: i17 | F39: 0 | H39: p33
B40: 5 | H40: p34
B41: 5 | D41: i18 | F41: 0 | H41: p35
B42: 5 | H42: p36
B43: 5 | D43: i19 | F43: 0 | H43: p37
B44: 5 | H44: p38
B45: 5 | D45: i20 | F45: 0 | H45: p39
B46: 5 | H46: p40
B47: 6 | D47: i21 | F47: 0 | H47: p41
B48: 6 | H48: p42
B49: 6 | D49: i22 | F49: 0 | H49: p43
B50: 6 | H50: p44
B51: 6 | D51: i23 | F51: 0 | H51: p45
B52: 6 | H52: p46
B53: 6 | D53: i24 | F53: 0 | H53: p47
B54: 6 | H54: p48
B55: 7 | D55: i25 | F55: 0 | H55: p49
B56: 7 | H56: p50
B57: 7 | D57: i26 | F57: 0 | H57: p51
B58: 7 | H58: p52
B59: 7 | D59: i27 | F59: 0 | H59: p53
B60: 7 | H60: p54
B61: 7 | D61: i28 | F61: 0 | H61: p55
B62: 7 | H62: p56
B63: 8 | D63: i29 | F63: 0 | H63: p57
B64: 8 | H64: p58
B65: 8 | D65: i30 | F65: 0 | H65: p59
B66: 8 | H66: p60
B67: 8 | D67: i31 | F67: 0 | H67: p61
B68: 8 | H68: p62
B69: 8 | D69: i32 | F69: 0 | H69: p63
B70: 8 | H70: p64
B71: 9 | D71: i33 | F71: 0 | H71: p65
B72: 9 | H72: p66
B73: 9 | D73: i34 | F73: 0 | H73: p67
B74: 9 | H74: p68
B75: 9 | D75: i35 | F75: 0 | H75: p69
B76: 9 | H76: p70
B77: 9 | D77: i36 | F77: 0 | H77: p71
B78: 9 | H78: p72
B79: 10 | D79: i37 | F79: 0 | H79: p73
B80: 10 | H80: p74
B81: 10 | D81: i38 | F81: 0 | H81: p75
B82: 10 | H82: p76
B83: 10 | D83: i39 | F83: 0 | H83: p77
B84: 10 | H84: p78
B85: 10 | D85: i40 | F85: 0 | H85: p79
B86: 10 | H86: p80
A87: =IF($C$87="","","ok") -> ok | C87: © iManagement • s.imboden • www.2iManagement.ch

Sheet Massnahmen
C1: =' '!A215 -> S T R A T E G I E S & O B J E C T I F S G R H
B5: No. | C5: =' '!A207 -> Objectifs GRH | D5: =B5 -> No. | E5: =' '!A208 -> Indicateurs | F5: =' '!A216 -> DOIT | G5: =' '!A217 -> ÊTRE | H5: =' '!A209 -> atteint | I5: =' '!A220 -> rouge | J5: =' '!A221 -> jaune | L5: =B5 -> No. | M5: =' '!A218 -> Stragégies GRH | N5: =B5 -> No. | O5: =' '!A219 -> Indicateurs stratégiques | P5: =F5 -> DOIT | Q5: =G5 -> ÊTRE | R5: =H5 -> atteint | S5: =I5 -> rouge | T5: =J5 -> jaune
B7: 1 | C7: Ziel 1 | D7: i1 | E7: Indikator 1 | F7: 80 | G7: 100 | H7: =IF(OR(F7="Ja",F7="JA",F7="ja",F7="Oui",F7="OUI",F7="oui"),100%, IF(OR(F7="Nein",F7="NEIN",F7="nein",F7="Oon",F7="NON",F7="non"),0%, IF(F7<>0, IF(G7>=F7,F7/G7, IF(G7<F7,G7/F7)), 0%))) -> 0.8 | I7: 0.7 | J7: 0.9 | K7: =IF(E7="","",IF(H7<=I7,3,IF(H7<=J7,2,1))) -> 2 | L7: s1 | M7: Strategie 1 | N7: o1 | O7: Indikator 1 | P7: 0.1 | Q7: 1 | R7: =IF(OR(P7="Ja",P7="JA",P7="ja",P7="Oui",P7="OUI",P7="oui"),100%, IF(OR(P7="Nein",P7="NEIN",P7="nein",P7="Oon",P7="NON",P7="non"),0%, IF(P7<>0, IF(Q7>=P7,P7/Q7, IF(Q7<P7,Q7/P7)), 0%))) -> 0.1 | S7: 0.7 | T7: 0.9 | U7: =IF(O7="","",IF(R7<=S7,3,IF(R7<=T7,2,1))) -> 3
B8: 1 | L8: s2 | N8: o2 | R8: =IF(OR(P8="Ja",P8="JA",P8="ja",P8="Oui",P8="OUI",P8="oui"),100%, IF(OR(P8="Nein",P8="NEIN",P8="nein",P8="Oon",P8="NON",P8="non"),0%, IF(P8<>0, IF(Q8>=P8,P8/Q8, IF(Q8<P8,Q8/P8)), 0%))) -> 0 | S8: 0.7 | T8: 0.9 | U8: =IF(O8="","",IF(R8<=S8,3,IF(R8<=T8,2,1)))
B9: 1 | D9: i2 | H9: =IF(OR(F9="Ja",F9="JA",F9="ja",F9="Oui",F9="OUI",F9="oui"),100%, IF(OR(F9="Nein",F9="NEIN",F9="nein",F9="Oon",F9="NON",F9="non"),0%, IF(F9<>0, IF(G9>=F9,F9/G9, IF(G9<F9,G9/F9)), 0%))) -> 0 | I9: 0.7 | J9: 0.9 | K9: =IF(E9="","",IF(H9<=I9,3,IF(H9<=J9,2,1))) | L9: s3 | N9: o3 | R9: =IF(OR(P9="Ja",P9="JA",P9="ja",P9="Oui",P9="OUI",P9="oui"),100%, IF(OR(P9="Nein",P9="NEIN",P9="nein",P9="Oon",P9="NON",P9="non"),0%, IF(P9<>0, IF(Q9>=P9,P9/Q9, IF(Q9<P9,Q9/P9)), 0%))) -> 0 | S9: 0.7 | T9: 0.9 | U9: =IF(O9="","",IF(R9<=S9,3,IF(R9<=T9,2,1)))
B10: 1 | L10: s4 | N10: o4 | R10: =IF(OR(P10="Ja",P10="JA",P10="ja",P10="Oui",P10="OUI",P10="oui"),100%, IF(OR(P10="Nein",P10="NEIN",P10="nein",P10="Oon",P10="NON",P10="non"),0%, IF(P10<>0, IF(Q10>=P10,P10/Q10, IF(Q10<P10,Q10/P10)), 0%))) -> 0 | S10: 0.7 | T10: 0.9 | U10: =IF(O10="","",IF(R10<=S10,3,IF(R10<=T10,2,1)))
B11: 1 | D11: i3 | H11: =IF(OR(F11="Ja",F11="JA",F11="ja",F11="Oui",F11="OUI",F11="oui"),100%, IF(OR(F11="Nein",F11="NEIN",F11="nein",F11="Oon",F11="NON",F11="non"),0%, IF(F11<>0, IF(G11>=F11,F11/G11, IF(G11<F11,G11/F11)), 0%))) -> 0 | I11: 0.7 | J11: 0.9 | K11: =IF(E11="","",IF(H11<=I11,3,IF(H11<=J11,2,1))) | L11: s5 | N11: o5 | R11: =IF(OR(P11="Ja",P11="JA",P11="ja",P11="Oui",P11="OUI",P11="oui"),100%, IF(OR(P11="Nein",P11="NEIN",P11="nein",P11="Oon",P11="NON",P11="non"),0%, IF(P11<>0, IF(Q11>=P11,P11/Q11, IF(Q11<P11,Q11/P11)), 0%))) -> 0 | S11: 0.7 | T11: 0.9 | U11: =IF(O11="","",IF(R11<=S11,3,IF(R11<=T11,2,1)))
B12: 1 | L12: s6 | N12: o6 | R12: =IF(OR(P12="Ja",P12="JA",P12="ja",P12="Oui",P12="OUI",P12="oui"),100%, IF(OR(P12="Nein",P12="NEIN",P12="nein",P12="Oon",P12="NON",P12="non"),0%, IF(P12<>0, IF(Q12>=P12,P12/Q12, IF(Q12<P12,Q12/P12)), 0%))) -> 0 | S12: 0.7 | T12: 0.9 | U12: =IF(O12="","",IF(R12<=S12,3,IF(R12<=T12,2,1)))
B13: 1 | D13: i4 | H13: =IF(OR(F13="Ja",F13="JA",F13="ja",F13="Oui",F13="OUI",F13="oui"),100%, IF(OR(F13="Nein",F13="NEIN",F13="nein",F13="Oon",F13="NON",F13="non"),0%, IF(F13<>0, IF(G13>=F13,F13/G13, IF(G13<F13,G13/F13)), 0%))) -> 0 | I13: 0.7 | J13: 0.9 | K13: =IF(E13="","",IF(H13<=I13,3,IF(H13<=J13,2,1))) | L13: s7 | N13: o7 | R13: =IF(OR(P13="Ja",P13="JA",P13="ja",P13="Oui",P13="OUI",P13="oui"),100%, IF(OR(P13="Nein",P13="NEIN",P13="nein",P13="Oon",P13="NON",P13="non"),0%, IF(P13<>0, IF(Q13>=P13,P13/Q13, IF(Q13<P13,Q13/P13)), 0%))) -> 0 | S13: 0.7 | T13: 0.9 | U13: =IF(O13="","",IF(R13<=S13,3,IF(R13<=T13,2,1)))
B14: 1 | L14: s8 | N14: o8 | R14: =IF(OR(P14="Ja",P14="JA",P14="ja",P14="Oui",P14="OUI",P14="oui"),100%, IF(OR(P14="Nein",P14="NEIN",P14="nein",P14="Oon",P14="NON",P14="non"),0%, IF(P14<>0, IF(Q14>=P14,P14/Q14, IF(Q14<P14,Q14/P14)), 0%))) -> 0 | S14: 0.7 | T14: 0.9 | U14: =IF(O14="","",IF(R14<=S14,3,IF(R14<=T14,2,1)))
B15: 2 | C15: Ziel 2 | D15: i5 | H15: =IF(OR(F15="Ja",F15="JA",F15="ja",F15="Oui",F15="OUI",F15="oui"),100%, IF(OR(F15="Nein",F15="NEIN",F15="nein",F15="Oon",F15="NON",F15="non"),0%, IF(F15<>0, IF(G15>=F15,F15/G15, IF(G15<F15,G15/F15)), 0%))) -> 0 | I15: 0.7 | J15: 0.9 | K15: =IF(E15="","",IF(H15<=I15,3,IF(H15<=J15,2,1))) | L15: s9 | N15: o9 | R15: =IF(OR(P15="Ja",P15="JA",P15="ja",P15="Oui",P15="OUI",P15="oui"),100%, IF(OR(P15="Nein",P15="NEIN",P15="nein",P15="Oon",P15="NON",P15="non"),0%, IF(P15<>0, IF(Q15>=P15,P15/Q15, IF(Q15<P15,Q15/P15)), 0%))) -> 0 | S15: 0.7 | T15: 0.9 | U15: =IF(O15="","",IF(R15<=S15,3,IF(R15<=T15,2,1)))
B16: 2 | L16: s10 | N16: o10 | R16: =IF(OR(P16="Ja",P16="JA",P16="ja",P16="Oui",P16="OUI",P16="oui"),100%, IF(OR(P16="Nein",P16="NEIN",P16="nein",P16="Oon",P16="NON",P16="non"),0%, IF(P16<>0, IF(Q16>=P16,P16/Q16, IF(Q16<P16,Q16/P16)), 0%))) -> 0 | S16: 0.7 | T16: 0.9 | U16: =IF(O16="","",IF(R16<=S16,3,IF(R16<=T16,2,1)))
B17: 2 | D17: i6 | H17: =IF(OR(F17="Ja",F17="JA",F17="ja",F17="Oui",F17="OUI",F17="oui"),100%, IF(OR(F17="Nein",F17="NEIN",F17="nein",F17="Oon",F17="NON",F17="non"),0%, IF(F17<>0, IF(G17>=F17,F17/G17, IF(G17<F17,G17/F17)), 0%))) -> 0 | I17: 0.7 | J17: 0.9 | K17: =IF(E17="","",IF(H17<=I17,3,IF(H17<=J17,2,1))) | L17: s11 | N17: o11 | R17: =IF(OR(P17="Ja",P17="JA",P17="ja",P17="Oui",P17="OUI",P17="oui"),100%, IF(OR(P17="Nein",P17="NEIN",P17="nein",P17="Oon",P17="NON",P17="non"),0%, IF(P17<>0, IF(Q17>=P17,P17/Q17, IF(Q17<P17,Q17/P17)), 0%))) -> 0 | S17: 0.7 | T17: 0.9 | U17: =IF(O17="","",IF(R17<=S17,3,IF(R17<=T17,2,1)))
B18: 2 | L18: s12 | N18: o12 | R18: =IF(OR(P18="Ja",P18="JA",P18="ja",P18="Oui",P18="OUI",P18="oui"),100%, IF(OR(P18="Nein",P18="NEIN",P18="nein",P18="Oon",P18="NON",P18="non"),0%, IF(P18<>0, IF(Q18>=P18,P18/Q18, IF(Q18<P18,Q18/P18)), 0%))) -> 0 | S18: 0.7 | T18: 0.9 | U18: =IF(O18="","",IF(R18<=S18,3,IF(R18<=T18,2,1)))
B19: 2 | D19: i7 | H19: =IF(OR(F19="Ja",F19="JA",F19="ja",F19="Oui",F19="OUI",F19="oui"),100%, IF(OR(F19="Nein",F19="NEIN",F19="nein",F19="Oon",F19="NON",F19="non"),0%, IF(F19<>0, IF(G19>=F19,F19/G19, IF(G19<F19,G19/F19)), 0%))) -> 0 | I19: 0.7 | J19: 0.9 | K19: =IF(E19="","",IF(H19<=I19,3,IF(H19<=J19,2,1))) | L19: s13 | N19: o13 | R19: =IF(OR(P19="Ja",P19="JA",P19="ja",P19="Oui",P19="OUI",P19="oui"),100%, IF(OR(P19="Nein",P19="NEIN",P19="nein",P19="Oon",P19="NON",P19="non"),0%, IF(P19<>0, IF(Q19>=P19,P19/Q19, IF(Q19<P19,Q19/P19)), 0%))) -> 0 | S19: 0.7 | T19: 0.9 | U19: =IF(O19="","",IF(R19<=S19,3,IF(R19<=T19,2,1)))
B20: 2 | L20: s14 | N20: o14 | R20: =IF(OR(P20="Ja",P20="JA",P20="ja",P20="Oui",P20="OUI",P20="oui"),100%, IF(OR(P20="Nein",P20="NEIN",P20="nein",P20="Oon",P20="NON",P20="non"),0%, IF(P20<>0, IF(Q20>=P20,P20/Q20, IF(Q20<P20,Q20/P20)), 0%))) -> 0 | S20: 0.7 | T20: 0.9 | U20: =IF(O20="","",IF(R20<=S20,3,IF(R20<=T20,2,1)))
B21: 2 | D21: i8 | H21: =IF(OR(F21="Ja",F21="JA",F21="ja",F21="Oui",F21="OUI",F21="oui"),100%, IF(OR(F21="Nein",F21="NEIN",F21="nein",F21="Oon",F21="NON",F21="non"),0%, IF(F21<>0, IF(G21>=F21,F21/G21, IF(G21<F21,G21/F21)), 0%))) -> 0 | I21: 0.7 | J21: 0.9 | K21: =IF(E21="","",IF(H21<=I21,3,IF(H21<=J21,2,1))) | L21: s15 | N21: o15 | R21: =IF(OR(P21="Ja",P21="JA",P21="ja",P21="Oui",P21="OUI",P21="oui"),100%, IF(OR(P21="Nein",P21="NEIN",P21="nein",P21="Oon",P21="NON",P21="non"),0%, IF(P21<>0, IF(Q21>=P21,P21/Q21, IF(Q21<P21,Q21/P21)), 0%))) -> 0 | S21: 0.7 | T21: 0.9 | U21: =IF(O21="","",IF(R21<=S21,3,IF(R21<=T21,2,1)))
B22: 2 | L22: s16 | N22: o16 | R22: =IF(OR(P22="Ja",P22="JA",P22="ja",P22="Oui",P22="OUI",P22="oui"),100%, IF(OR(P22="Nein",P22="NEIN",P22="nein",P22="Oon",P22="NON",P22="non"),0%, IF(P22<>0, IF(Q22>=P22,P22/Q22, IF(Q22<P22,Q22/P22)), 0%))) -> 0 | S22: 0.7 | T22: 0.9 | U22: =IF(O22="","",IF(R22<=S22,3,IF(R22<=T22,2,1)))
B23: 3 | C23: Ziel 3 | D23: i9 | H23: =IF(OR(F23="Ja",F23="JA",F23="ja",F23="Oui",F23="OUI",F23="oui"),100%, IF(OR(F23="Nein",F23="NEIN",F23="nein",F23="Oon",F23="NON",F23="non"),0%, IF(F23<>0, IF(G23>=F23,F23/G23, IF(G23<F23,G23/F23)), 0%))) -> 0 | I23: 0.7 | J23: 0.9 | K23: =IF(E23="","",IF(H23<=I23,3,IF(H23<=J23,2,1))) | L23: s17 | N23: o17 | R23: =IF(OR(P23="Ja",P23="JA",P23="ja",P23="Oui",P23="OUI",P23="oui"),100%, IF(OR(P23="Nein",P23="NEIN",P23="nein",P23="Oon",P23="NON",P23="non"),0%, IF(P23<>0, IF(Q23>=P23,P23/Q23, IF(Q23<P23,Q23/P23)), 0%))) -> 0 | S23: 0.7 | T23: 0.9 | U23: =IF(O23="","",IF(R23<=S23,3,IF(R23<=T23,2,1)))
B24: 3 | L24: s18 | N24: o18 | R24: =IF(OR(P24="Ja",P24="JA",P24="ja",P24="Oui",P24="OUI",P24="oui"),100%, IF(OR(P24="Nein",P24="NEIN",P24="nein",P24="Oon",P24="NON",P24="non"),0%, IF(P24<>0, IF(Q24>=P24,P24/Q24, IF(Q24<P24,Q24/P24)), 0%))) -> 0 | S24: 0.7 | T24: 0.9 | U24: =IF(O24="","",IF(R24<=S24,3,IF(R24<=T24,2,1)))
B25: 3 | D25: i10 | H25: =IF(OR(F25="Ja",F25="JA",F25="ja",F25="Oui",F25="OUI",F25="oui"),100%, IF(OR(F25="Nein",F25="NEIN",F25="nein",F25="Oon",F25="NON",F25="non"),0%, IF(F25<>0, IF(G25>=F25,F25/G25, IF(G25<F25,G25/F25)), 0%))) -> 0 | I25: 0.7 | J25: 0.9 | K25: =IF(E25="","",IF(H25<=I25,3,IF(H25<=J25,2,1))) | L25: s19 | N25: o19 | R25: =IF(OR(P25="Ja",P25="JA",P25="ja",P25="Oui",P25="OUI",P25="oui"),100%, IF(OR(P25="Nein",P25="NEIN",P25="nein",P25="Oon",P25="NON",P25="non"),0%, IF(P25<>0, IF(Q25>=P25,P25/Q25, IF(Q25<P25,Q25/P25)), 0%))) -> 0 | S25: 0.7 | T25: 0.9 | U25: =IF(O25="","",IF(R25<=S25,3,IF(R25<=T25,2,1)))
B26: 3 | L26: s20 | N26: o20 | R26: =IF(OR(P26="Ja",P26="JA",P26="ja",P26="Oui",P26="OUI",P26="oui"),100%, IF(OR(P26="Nein",P26="NEIN",P26="nein",P26="Oon",P26="NON",P26="non"),0%, IF(P26<>0, IF(Q26>=P26,P26/Q26, IF(Q26<P26,Q26/P26)), 0%))) -> 0 | S26: 0.7 | T26: 0.9 | U26: =IF(O26="","",IF(R26<=S26,3,IF(R26<=T26,2,1)))
B27: 3 | D27: i11 | H27: =IF(OR(F27="Ja",F27="JA",F27="ja",F27="Oui",F27="OUI",F27="oui"),100%, IF(OR(F27="Nein",F27="NEIN",F27="nein",F27="Oon",F27="NON",F27="non"),0%, IF(F27<>0, IF(G27>=F27,F27/G27, IF(G27<F27,G27/F27)), 0%))) -> 0 | I27: 0.7 | J27: 0.9 | K27: =IF(E27="","",IF(H27<=I27,3,IF(H27<=J27,2,1))) | L27: s21 | N27: o21 | R27: =IF(OR(P27="Ja",P27="JA",P27="ja",P27="Oui",P27="OUI",P27="oui"),100%, IF(OR(P27="Nein",P27="NEIN",P27="nein",P27="Oon",P27="NON",P27="non"),0%, IF(P27<>0, IF(Q27>=P27,P27/Q27, IF(Q27<P27,Q27/P27)), 0%))) -> 0 | S27: 0.7 | T27: 0.9 | U27: =IF(O27="","",IF(R27<=S27,3,IF(R27<=T27,2,1)))
B28: 3 | L28: s22 | N28: o22 | R28: =IF(OR(P28="Ja",P28="JA",P28="ja",P28="Oui",P28="OUI",P28="oui"),100%, IF(OR(P28="Nein",P28="NEIN",P28="nein",P28="Oon",P28="NON",P28="non"),0%, IF(P28<>0, IF(Q28>=P28,P28/Q28, IF(Q28<P28,Q28/P28)), 0%))) -> 0 | S28: 0.7 | T28: 0.9 | U28: =IF(O28="","",IF(R28<=S28,3,IF(R28<=T28,2,1)))
B29: 3 | D29: i12 | H29: =IF(OR(F29="Ja",F29="JA",F29="ja",F29="Oui",F29="OUI",F29="oui"),100%, IF(OR(F29="Nein",F29="NEIN",F29="nein",F29="Oon",F29="NON",F29="non"),0%, IF(F29<>0, IF(G29>=F29,F29/G29, IF(G29<F29,G29/F29)), 0%))) -> 0 | I29: 0.7 | J29: 0.9 | K29: =IF(E29="","",IF(H29<=I29,3,IF(H29<=J29,2,1))) | L29: s23 | N29: o23 | R29: =IF(OR(P29="Ja",P29="JA",P29="ja",P29="Oui",P29="OUI",P29="oui"),100%, IF(OR(P29="Nein",P29="NEIN",P29="nein",P29="Oon",P29="NON",P29="non"),0%, IF(P29<>0, IF(Q29>=P29,P29/Q29, IF(Q29<P29,Q29/P29)), 0%))) -> 0 | S29: 0.7 | T29: 0.9 | U29: =IF(O29="","",IF(R29<=S29,3,IF(R29<=T29,2,1)))
B30: 3 | L30: s24 | N30: o24 | R30: =IF(OR(P30="Ja",P30="JA",P30="ja",P30="Oui",P30="OUI",P30="oui"),100%, IF(OR(P30="Nein",P30="NEIN",P30="nein",P30="Oon",P30="NON",P30="non"),0%, IF(P30<>0, IF(Q30>=P30,P30/Q30, IF(Q30<P30,Q30/P30)), 0%))) -> 0 | S30: 0.7 | T30: 0.9 | U30: =IF(O30="","",IF(R30<=S30,3,IF(R30<=T30,2,1)))
B31: 4 | D31: i13 | H31: =IF(OR(F31="Ja",F31="JA",F31="ja",F31="Oui",F31="OUI",F31="oui"),100%, IF(OR(F31="Nein",F31="NEIN",F31="nein",F31="Oon",F31="NON",F31="non"),0%, IF(F31<>0, IF(G31>=F31,F31/G31, IF(G31<F31,G31/F31)), 0%))) -> 0 | I31: 0.7 | J31: 0.9 | K31: =IF(E31="","",IF(H31<=I31,3,IF(H31<=J31,2,1))) | L31: s25 | N31: o25 | R31: =IF(OR(P31="Ja",P31="JA",P31="ja",P31="Oui",P31="OUI",P31="oui"),100%, IF(OR(P31="Nein",P31="NEIN",P31="nein",P31="Oon",P31="NON",P31="non"),0%, IF(P31<>0, IF(Q31>=P31,P31/Q31, IF(Q31<P31,Q31/P31)), 0%))) -> 0 | S31: 0.7 | T31: 0.9 | U31: =IF(O31="","",IF(R31<=S31,3,IF(R31<=T31,2,1)))
B32: 4 | L32: s26 | N32: o26 | R32: =IF(OR(P32="Ja",P32="JA",P32="ja",P32="Oui",P32="OUI",P32="oui"),100%, IF(OR(P32="Nein",P32="NEIN",P32="nein",P32="Oon",P32="NON",P32="non"),0%, IF(P32<>0, IF(Q32>=P32,P32/Q32, IF(Q32<P32,Q32/P32)), 0%))) -> 0 | S32: 0.7 | T32: 0.9 | U32: =IF(O32="","",IF(R32<=S32,3,IF(R32<=T32,2,1)))
B33: 4 | D33: i14 | H33: =IF(OR(F33="Ja",F33="JA",F33="ja",F33="Oui",F33="OUI",F33="oui"),100%, IF(OR(F33="Nein",F33="NEIN",F33="nein",F33="Oon",F33="NON",F33="non"),0%, IF(F33<>0, IF(G33>=F33,F33/G33, IF(G33<F33,G33/F33)), 0%))) -> 0 | I33: 0.7 | J33: 0.9 | K33: =IF(E33="","",IF(H33<=I33,3,IF(H33<=J33,2,1))) | L33: s27 | N33: o27 | R33: =IF(OR(P33="Ja",P33="JA",P33="ja",P33="Oui",P33="OUI",P33="oui"),100%, IF(OR(P33="Nein",P33="NEIN",P33="nein",P33="Oon",P33="NON",P33="non"),0%, IF(P33<>0, IF(Q33>=P33,P33/Q33, IF(Q33<P33,Q33/P33)), 0%))) -> 0 | S33: 0.7 | T33: 0.9 | U33: =IF(O33="","",IF(R33<=S33,3,IF(R33<=T33,2,1)))
B34: 4 | L34: s28 | N34: o28 | R34: =IF(OR(P34="Ja",P34="JA",P34="ja",P34="Oui",P34="OUI",P34="oui"),100%, IF(OR(P34="Nein",P34="NEIN",P34="nein",P34="Oon",P34="NON",P34="non"),0%, IF(P34<>0, IF(Q34>=P34,P34/Q34, IF(Q34<P34,Q34/P34)), 0%))) -> 0 | S34: 0.7 | T34: 0.9 | U34: =IF(O34="","",IF(R34<=S34,3,IF(R34<=T34,2,1)))
B35: 4 | D35: i15 | H35: =IF(OR(F35="Ja",F35="JA",F35="ja",F35="Oui",F35="OUI",F35="oui"),100%, IF(OR(F35="Nein",F35="NEIN",F35="nein",F35="Oon",F35="NON",F35="non"),0%, IF(F35<>0, IF(G35>=F35,F35/G35, IF(G35<F35,G35/F35)), 0%))) -> 0 | I35: 0.7 | J35: 0.9 | K35: =IF(E35="","",IF(H35<=I35,3,IF(H35<=J35,2,1))) | L35: s29 | N35: o29 | R35: =IF(OR(P35="Ja",P35="JA",P35="ja",P35="Oui",P35="OUI",P35="oui"),100%, IF(OR(P35="Nein",P35="NEIN",P35="nein",P35="Oon",P35="NON",P35="non"),0%, IF(P35<>0, IF(Q35>=P35,P35/Q35, IF(Q35<P35,Q35/P35)), 0%))) -> 0 | S35: 0.7 | T35: 0.9 | U35: =IF(O35="","",IF(R35<=S35,3,IF(R35<=T35,2,1)))
B36: 4 | L36: s30 | N36: o30 | R36: =IF(OR(P36="Ja",P36="JA",P36="ja",P36="Oui",P36="OUI",P36="oui"),100%, IF(OR(P36="Nein",P36="NEIN",P36="nein",P36="Oon",P36="NON",P36="non"),0%, IF(P36<>0, IF(Q36>=P36,P36/Q36, IF(Q36<P36,Q36/P36)), 0%))) -> 0 | S36: 0.7 | T36: 0.9 | U36: =IF(O36="","",IF(R36<=S36,3,IF(R36<=T36,2,1)))
B37: 4 | D37: i16 | H37: =IF(OR(F37="Ja",F37="JA",F37="ja",F37="Oui",F37="OUI",F37="oui"),100%, IF(OR(F37="Nein",F37="NEIN",F37="nein",F37="Oon",F37="NON",F37="non"),0%, IF(F37<>0, IF(G37>=F37,F37/G37, IF(G37<F37,G37/F37)), 0%))) -> 0 | I37: 0.7 | J37: 0.9 | K37: =IF(E37="","",IF(H37<=I37,3,IF(H37<=J37,2,1))) | L37: s31 | N37: o31 | R37: =IF(OR(P37="Ja",P37="JA",P37="ja",P37="Oui",P37="OUI",P37="oui"),100%, IF(OR(P37="Nein",P37="NEIN",P37="nein",P37="Oon",P37="NON",P37="non"),0%, IF(P37<>0, IF(Q37>=P37,P37/Q37, IF(Q37<P37,Q37/P37)), 0%))) -> 0 | S37: 0.7 | T37: 0.9 | U37: =IF(O37="","",IF(R37<=S37,3,IF(R37<=T37,2,1)))
B38: 4 | L38: s32 | N38: o32 | R38: =IF(OR(P38="Ja",P38="JA",P38="ja",P38="Oui",P38="OUI",P38="oui"),100%, IF(OR(P38="Nein",P38="NEIN",P38="nein",P38="Oon",P38="NON",P38="non"),0%, IF(P38<>0, IF(Q38>=P38,P38/Q38, IF(Q38<P38,Q38/P38)), 0%))) -> 0 | S38: 0.7 | T38: 0.9 | U38: =IF(O38="","",IF(R38<=S38,3,IF(R38<=T38,2,1)))
B39: 5 | D39: i17 | H39: =IF(OR(F39="Ja",F39="JA",F39="ja",F39="Oui",F39="OUI",F39="oui"),100%, IF(OR(F39="Nein",F39="NEIN",F39="nein",F39="Oon",F39="NON",F39="non"),0%, IF(F39<>0, IF(G39>=F39,F39/G39, IF(G39<F39,G39/F39)), 0%))) -> 0 | I39: 0.7 | J39: 0.9 | K39: =IF(E39="","",IF(H39<=I39,3,IF(H39<=J39,2,1))) | L39: s33 | N39: o33 | R39: =IF(OR(P39="Ja",P39="JA",P39="ja",P39="Oui",P39="OUI",P39="oui"),100%, IF(OR(P39="Nein",P39="NEIN",P39="nein",P39="Oon",P39="NON",P39="non"),0%, IF(P39<>0, IF(Q39>=P39,P39/Q39, IF(Q39<P39,Q39/P39)), 0%))) -> 0 | S39: 0.7 | T39: 0.9 | U39: =IF(O39="","",IF(R39<=S39,3,IF(R39<=T39,2,1)))
B40: 5 | L40: s34 | N40: o34 | R40: =IF(OR(P40="Ja",P40="JA",P40="ja",P40="Oui",P40="OUI",P40="oui"),100%, IF(OR(P40="Nein",P40="NEIN",P40="nein",P40="Oon",P40="NON",P40="non"),0%, IF(P40<>0, IF(Q40>=P40,P40/Q40, IF(Q40<P40,Q40/P40)), 0%))) -> 0 | S40: 0.7 | T40: 0.9 | U40: =IF(O40="","",IF(R40<=S40,3,IF(R40<=T40,2,1)))
B41: 5 | D41: i18 | H41: =IF(OR(F41="Ja",F41="JA",F41="ja",F41="Oui",F41="OUI",F41="oui"),100%, IF(OR(F41="Nein",F41="NEIN",F41="nein",F41="Oon",F41="NON",F41="non"),0%, IF(F41<>0, IF(G41>=F41,F41/G41, IF(G41<F41,G41/F41)), 0%))) -> 0 | I41: 0.7 | J41: 0.9 | K41: =IF(E41="","",IF(H41<=I41,3,IF(H41<=J41,2,1))) | L41: s35 | N41: o35 | R41: =IF(OR(P41="Ja",P41="JA",P41="ja",P41="Oui",P41="OUI",P41="oui"),100%, IF(OR(P41="Nein",P41="NEIN",P41="nein",P41="Oon",P41="NON",P41="non"),0%, IF(P41<>0, IF(Q41>=P41,P41/Q41, IF(Q41<P41,Q41/P41)), 0%))) -> 0 | S41: 0.7 | T41: 0.9 | U41: =IF(O41="","",IF(R41<=S41,3,IF(R41<=T41,2,1)))
B42: 5 | L42: s36 | N42: o36 | R42: =IF(OR(P42="Ja",P42="JA",P42="ja",P42="Oui",P42="OUI",P42="oui"),100%, IF(OR(P42="Nein",P42="NEIN",P42="nein",P42="Oon",P42="NON",P42="non"),0%, IF(P42<>0, IF(Q42>=P42,P42/Q42, IF(Q42<P42,Q42/P42)), 0%))) -> 0 | S42: 0.7 | T42: 0.9 | U42: =IF(O42="","",IF(R42<=S42,3,IF(R42<=T42,2,1)))
B43: 5 | D43: i19 | H43: =IF(OR(F43="Ja",F43="JA",F43="ja",F43="Oui",F43="OUI",F43="oui"),100%, IF(OR(F43="Nein",F43="NEIN",F43="nein",F43="Oon",F43="NON",F43="non"),0%, IF(F43<>0, IF(G43>=F43,F43/G43, IF(G43<F43,G43/F43)), 0%))) -> 0 | I43: 0.7 | J43: 0.9 | K43: =IF(E43="","",IF(H43<=I43,3,IF(H43<=J43,2,1))) | L43: s37 | N43: o37 | R43: =IF(OR(P43="Ja",P43="JA",P43="ja",P43="Oui",P43="OUI",P43="oui"),100%, IF(OR(P43="Nein",P43="NEIN",P43="nein",P43="Oon",P43="NON",P43="non"),0%, IF(P43<>0, IF(Q43>=P43,P43/Q43, IF(Q43<P43,Q43/P43)), 0%))) -> 0 | S43: 0.7 | T43: 0.9 | U43: =IF(O43="","",IF(R43<=S43,3,IF(R43<=T43,2,1)))
B44: 5 | L44: s38 | N44: o38 | R44: =IF(OR(P44="Ja",P44="JA",P44="ja",P44="Oui",P44="OUI",P44="oui"),100%, IF(OR(P44="Nein",P44="NEIN",P44="nein",P44="Oon",P44="NON",P44="non"),0%, IF(P44<>0, IF(Q44>=P44,P44/Q44, IF(Q44<P44,Q44/P44)), 0%))) -> 0 | S44: 0.7 | T44: 0.9 | U44: =IF(O44="","",IF(R44<=S44,3,IF(R44<=T44,2,1)))
B45: 5 | D45: i20 | H45: =IF(OR(F45="Ja",F45="JA",F45="ja",F45="Oui",F45="OUI",F45="oui"),100%, IF(OR(F45="Nein",F45="NEIN",F45="nein",F45="Oon",F45="NON",F45="non"),0%, IF(F45<>0, IF(G45>=F45,F45/G45, IF(G45<F45,G45/F45)), 0%))) -> 0 | I45: 0.7 | J45: 0.9 | K45: =IF(E45="","",IF(H45<=I45,3,IF(H45<=J45,2,1))) | L45: s39 | N45: o39 | R45: =IF(OR(P45="Ja",P45="JA",P45="ja",P45="Oui",P45="OUI",P45="oui"),100%, IF(OR(P45="Nein",P45="NEIN",P45="nein",P45="Oon",P45="NON",P45="non"),0%, IF(P45<>0, IF(Q45>=P45,P45/Q45, IF(Q45<P45,Q45/P45)), 0%))) -> 0 | S45: 0.7 | T45: 0.9 | U45: =IF(O45="","",IF(R45<=S45,3,IF(R45<=T45,2,1)))
B46: 5 | L46: s40 | N46: o40 | R46: =IF(OR(P46="Ja",P46="JA",P46="ja",P46="Oui",P46="OUI",P46="oui"),100%, IF(OR(P46="Nein",P46="NEIN",P46="nein",P46="Oon",P46="NON",P46="non"),0%, IF(P46<>0, IF(Q46>=P46,P46/Q46, IF(Q46<P46,Q46/P46)), 0%))) -> 0 | S46: 0.7 | T46: 0.9 | U46: =IF(O46="","",IF(R46<=S46,3,IF(R46<=T46,2,1)))
B47: 6 | D47: i21 | H47: =IF(OR(F47="Ja",F47="JA",F47="ja",F47="Oui",F47="OUI",F47="oui"),100%, IF(OR(F47="Nein",F47="NEIN",F47="nein",F47="Oon",F47="NON",F47="non"),0%, IF(F47<>0, IF(G47>=F47,F47/G47, IF(G47<F47,G47/F47)), 0%))) -> 0 | I47: 0.7 | J47: 0.9 | K47: =IF(E47="","",IF(H47<=I47,3,IF(H47<=J47,2,1))) | L47: s41 | N47: o41 | R47: =IF(OR(P47="Ja",P47="JA",P47="ja",P47="Oui",P47="OUI",P47="oui"),100%, IF(OR(P47="Nein",P47="NEIN",P47="nein",P47="Oon",P47="NON",P47="non"),0%, IF(P47<>0, IF(Q47>=P47,P47/Q47, IF(Q47<P47,Q47/P47)), 0%))) -> 0 | S47: 0.7 | T47: 0.9 | U47: =IF(O47="","",IF(R47<=S47,3,IF(R47<=T47,2,1)))
B48: 6 | L48: s42 | N48: o42 | R48: =IF(OR(P48="Ja",P48="JA",P48="ja",P48="Oui",P48="OUI",P48="oui"),100%, IF(OR(P48="Nein",P48="NEIN",P48="nein",P48="Oon",P48="NON",P48="non"),0%, IF(P48<>0, IF(Q48>=P48,P48/Q48, IF(Q48<P48,Q48/P48)), 0%))) -> 0 | S48: 0.7 | T48: 0.9 | U48: =IF(O48="","",IF(R48<=S48,3,IF(R48<=T48,2,1)))
B49: 6 | D49: i22 | H49: =IF(OR(F49="Ja",F49="JA",F49="ja",F49="Oui",F49="OUI",F49="oui"),100%, IF(OR(F49="Nein",F49="NEIN",F49="nein",F49="Oon",F49="NON",F49="non"),0%, IF(F49<>0, IF(G49>=F49,F49/G49, IF(G49<F49,G49/F49)), 0%))) -> 0 | I49: 0.7 | J49: 0.9 | K49: =IF(E49="","",IF(H49<=I49,3,IF(H49<=J49,2,1))) | L49: s43 | N49: o43 | R49: =IF(OR(P49="Ja",P49="JA",P49="ja",P49="Oui",P49="OUI",P49="oui"),100%, IF(OR(P49="Nein",P49="NEIN",P49="nein",P49="Oon",P49="NON",P49="non"),0%, IF(P49<>0, IF(Q49>=P49,P49/Q49, IF(Q49<P49,Q49/P49)), 0%))) -> 0 | S49: 0.7 | T49: 0.9 | U49: =IF(O49="","",IF(R49<=S49,3,IF(R49<=T49,2,1)))
B50: 6 | L50: s44 | N50: o44 | R50: =IF(OR(P50="Ja",P50="JA",P50="ja",P50="Oui",P50="OUI",P50="oui"),100%, IF(OR(P50="Nein",P50="NEIN",P50="nein",P50="Oon",P50="NON",P50="non"),0%, IF(P50<>0, IF(Q50>=P50,P50/Q50, IF(Q50<P50,Q50/P50)), 0%))) -> 0 | S50: 0.7 | T50: 0.9 | U50: =IF(O50="","",IF(R50<=S50,3,IF(R50<=T50,2,1)))
B51: 6 | D51: i23 | H51: =IF(OR(F51="Ja",F51="JA",F51="ja",F51="Oui",F51="OUI",F51="oui"),100%, IF(OR(F51="Nein",F51="NEIN",F51="nein",F51="Oon",F51="NON",F51="non"),0%, IF(F51<>0, IF(G51>=F51,F51/G51, IF(G51<F51,G51/F51)), 0%))) -> 0 | I51: 0.7 | J51: 0.9 | K51: =IF(E51="","",IF(H51<=I51,3,IF(H51<=J51,2,1))) | L51: s45 | N51: o45 | R51: =IF(OR(P51="Ja",P51="JA",P51="ja",P51="Oui",P51="OUI",P51="oui"),100%, IF(OR(P51="Nein",P51="NEIN",P51="nein",P51="Oon",P51="NON",P51="non"),0%, IF(P51<>0, IF(Q51>=P51,P51/Q51, IF(Q51<P51,Q51/P51)), 0%))) -> 0 | S51: 0.7 | T51: 0.9 | U51: =IF(O51="","",IF(R51<=S51,3,IF(R51<=T51,2,1)))
B52: 6 | L52: s46 | N52: o46 | R52: =IF(OR(P52="Ja",P52="JA",P52="ja",P52="Oui",P52="OUI",P52="oui"),100%, IF(OR(P52="Nein",P52="NEIN",P52="nein",P52="Oon",P52="NON",P52="non"),0%, IF(P52<>0, IF(Q52>=P52,P52/Q52, IF(Q52<P52,Q52/P52)), 0%))) -> 0 | S52: 0.7 | T52: 0.9 | U52: =IF(O52="","",IF(R52<=S52,3,IF(R52<=T52,2,1)))
B53: 6 | D53: i24 | H53: =IF(OR(F53="Ja",F53="JA",F53="ja",F53="Oui",F53="OUI",F53="oui"),100%, IF(OR(F53="Nein",F53="NEIN",F53="nein",F53="Oon",F53="NON",F53="non"),0%, IF(F53<>0, IF(G53>=F53,F53/G53, IF(G53<F53,G53/F53)), 0%))) -> 0 | I53: 0.7 | J53: 0.9 | K53: =IF(E53="","",IF(H53<=I53,3,IF(H53<=J53,2,1))) | L53: s47 | N53: o47 | R53: =IF(OR(P53="Ja",P53="JA",P53="ja",P53="Oui",P53="OUI",P53="oui"),100%, IF(OR(P53="Nein",P53="NEIN",P53="nein",P53="Oon",P53="NON",P53="non"),0%, IF(P53<>0, IF(Q53>=P53,P53/Q53, IF(Q53<P53,Q53/P53)), 0%))) -> 0 | S53: 0.7 | T53: 0.9 | U53: =IF(O53="","",IF(R53<=S53,3,IF(R53<=T53,2,1)))
B54: 6 | L54: s48 | N54: o48 | R54: =IF(OR(P54="Ja",P54="JA",P54="ja",P54="Oui",P54="OUI",P54="oui"),100%, IF(OR(P54="Nein",P54="NEIN",P54="nein",P54="Oon",P54="NON",P54="non"),0%, IF(P54<>0, IF(Q54>=P54,P54/Q54, IF(Q54<P54,Q54/P54)), 0%))) -> 0 | S54: 0.7 | T54: 0.9 | U54: =IF(O54="","",IF(R54<=S54,3,IF(R54<=T54,2,1)))
B55: 7 | D55: i25 | H55: =IF(OR(F55="Ja",F55="JA",F55="ja",F55="Oui",F55="OUI",F55="oui"),100%, IF(OR(F55="Nein",F55="NEIN",F55="nein",F55="Oon",F55="NON",F55="non"),0%, IF(F55<>0, IF(G55>=F55,F55/G55, IF(G55<F55,G55/F55)), 0%))) -> 0 | I55: 0.7 | J55: 0.9 | K55: =IF(E55="","",IF(H55<=I55,3,IF(H55<=J55,2,1))) | L55: s49 | N55: o49 | R55: =IF(OR(P55="Ja",P55="JA",P55="ja",P55="Oui",P55="OUI",P55="oui"),100%, IF(OR(P55="Nein",P55="NEIN",P55="nein",P55="Oon",P55="NON",P55="non"),0%, IF(P55<>0, IF(Q55>=P55,P55/Q55, IF(Q55<P55,Q55/P55)), 0%))) -> 0 | S55: 0.7 | T55: 0.9 | U55: =IF(O55="","",IF(R55<=S55,3,IF(R55<=T55,2,1)))
